Workbook

Sheet Monitoring_eng
A1: questionID | B1: question | C1: Vinnytsia region | D1: Vinnytsia region_comment | E1: Volyn region | F1: Volyn region_comment | G1: Dnipropetrovsk region | H1: Dnipropetrovsk region_comment | I1: Zhytomyr region | J1: Zhytomyr region_comment | K1: Zakarpattia region | L1: Zakarpattia region_comment | M1: Zaporizhzhia region | N1: Zaporizhzhia region_comment | O1: Ivano-Frankivsk region | P1: Ivano-Frankivsk region_comment | Q1: Kyiv region | R1: Kyiv region_comment | S1: Kirovohrad region | T1: Kirovohrad region_comment | U1: Lviv region | V1: Lviv region_comment | W1: Mykolaiv region | X1: Mykolaiv region_comment | Y1: Odesa region | Z1: Odesa region_comment | AA1: Poltava region | AB1: Poltava region_comment | AC1: Rivne region | AD1: Rivne region_comment | AE1: Sumy region | AF1: Sumy region_comment | AG1: Ternopil region | AH1: Ternopil region_comment | AI1: Kharkiv region | AJ1: Kharkiv region_comment | AK1: Kherson region | AL1: Kherson region_comment | AM1: Khmelnytskyi region | AN1: Khmelnytskyi region_comment | AO1: Cherkasy region | AP1: Cherkasy region_comment | AQ1: Chernivtsi region | AR1: Chernivtsi region_comment | AS1: Chernihiv region | AT1: Chernihiv region_comment
A2: Q1 | B2: Is there an online platform for communication between citizens and the Regional Council available on the Regional Council website for filing complaints, suggestions and appeals, as well as requests for information? | C2: yes | D2: https://vinrada.gov.ua/gromadska_priymalnya.htm https://vinrada.gov.ua/povidomlennya-pro-korupcijne-pravoporushennya.htm | E2: yes | F2: http://volynrada.gov.ua/zapit-na-otrimannya-publichnoyi-informaciyi http://volynrada.gov.ua/node/59183 | G2: yes | H2: https://oblrada.dp.gov.ua/zvernennia-hromadian/ | I2: yes | J2: https://zt.gov.ua/index.php/%D0%B7%D0%B0%D0%BF%D0%B8%D1%82%D0%B0%D0%BD%D0%BD%D1%8F-%D0%B4%D0%BE-%D0%BA%D0%B5%D1%80%D1%96%D0%B2%D0%BD%D0%B8%D1%86%D1%82%D0%B2%D0%B0.html | K2: yes | L2: https://zakarpat-rada.gov.ua/kontakts/ | M2: yes | N2: http://zor.gov.ua/content/zvernennya-gromadyan | O2: yes | P2: https://orada.if.ua/ | Q2: yes | R2: https://kor.gov.ua/robota_rady/zvernennia.html | S2: yes | T2: https://oblrada.kr.ua/elektronna-prijmalnya- | U2: yes | V2: https://lvivoblrada.gov.ua/contacts | W2: yes | X2: https://www.mk-oblrada.gov.ua/kontakty | Y2: yes | Z2: http://oblrada.odessa.gov.ua/zvernennya-do-golovy-oblrady/ | AA2: yes | AB2: http://oblrada-pl.gov.ua/index.php?option=com_content&view=article&id=3613&Itemid=173 | AC2: yes | AD2: https://ror.gov.ua/priiom-gromadyan https://ror.gov.ua/zapyt | AE2: yes | AF2: http://online.sorada.gov.ua/Account/LogOn?returnUrl=http%3A%2F%2Fonline.sorada.gov.ua%3A9006%2FRada%2FAccountUser%2FIndex | AG2: yes | AH2: http://te-rada.org/profile/?ref=appeal | AI2: no | AK2: yes | AL2: http://khor.gov.ua/zvernennya-gromadyan/ | AM2: no | AN2: http://km-oblrada.gov.ua/contacts/ | AO2: yes | AP2: https://www.oblradack.gov.ua/zapitannya-do-kerivnyctva | AQ2: yes | AR2: http://oblrada.cv.ua/online_reception/ | AS2: yes | AT2: https://chor.gov.ua/zv-yazki-z-gromadskistyu/elektronna-priymalnya
A3: Q2 | B3: Do the responds to citizens' appeals, suggestions, and complaints are available on the respective online platform for public observation? | C3: no | E3: no | G3: no | I3: no | K3: no | M3: no | O3: no | Q3: no | S3: no | U3: no | W3: no | Y3: no | AA3: no | AC3: no | AD3: https://ror.gov.ua/petycia/14 https://ror.gov.ua/petycia/21 | AE3: no | AG3: no | AI3: no | AK3: no | AM3: no | AO3: no | AQ3: no | AS3: no
A4: Q3 | B4: Is there a possibility to track the progress of appeals, complaints, and suggestions on the respective online platform? | C4: no | E4: no | G4: no | I4: no | K4: no | M4: no | O4: yes | Q4: no | S4: no | U4: no | W4: no | Y4: no | AA4: no | AC4: no | AE4: no | AG4: no | AI4: no | AK4: no | AM4: no | AO4: no | AQ4: no | AS4: no
A5: Q4 | B5: Does the Regional Council provide the response to requests for information within the statutory deadlines (official request of ICPS)? | C5: yes | D5: response received in time | E5: yes | F5: response received in time | G5: yes | H5: response received in time | I5: yes | J5: response received in time | K5: yes | L5: response received in time | M5: no | O5: yes | P5: response received in time | Q5: yes | R5: response received in full | S5: yes | T5: response received in time | U5: yes | V5: response received in time | W5: yes | X5: response received in time | Y5: yes | Z5: response received in time | AA5: yes | AB5: response received in time | AC5: yes | AD5: response received in time | AE5: yes | AF5: response received in time | AG5: yes | AH5: response received in time | AI5: yes | AJ5: response received in time | AK5: yes | AL5: response received in time | AM5: no | AO5: yes | AP5: response received in time | AQ5: yes | AR5: response received in time | AS5: yes | AT5: response received in time
A6: Q5 | B6: Does the Regional Council provide the response to requests for information in full (official request of ICPS)? | C6: yes | D6: response received in full | E6: yes | F6: response received in full | G6: yes | H6: response received in full | I6: yes | J6: response received in full | K6: yes | L6: response received in full | M6: no | O6: yes | P6: response received in full | Q6: yes | R6: response received in full | S6: yes | T6: response received in full | U6: yes | V6: response received in full | W6: yes | X6: response received in full | Y6: yes | Z6: response received in full | AA6: no | AC6: yes | AD6: response received in full | AE6: yes | AF6: response received in full | AG6: yes | AH6: response received in full | AI6: yes | AJ6: response received in full | AK6: yes | AL6: response received in full | AM6: no | AO6: yes | AP6: response received in full | AQ6: yes | AR6: response received in full | AS6: yes | AT6: response received in full
A7: Q6 | B7: Does the Regional Council provide the response to requests for information within the statutory deadlines (Secret shopper’s request)? | C7: yes | D7: response received in time | E7: no | G7: no | I7: no | K7: yes | L7: response received in time | M7: no | O7: yes | P7: response received in time | Q7: no | R7: Error for koblrada@ukr.ua | S7: yes | T7: response received in time | U7: no | W7: yes | X7: response received in time | Y7: yes | Z7: response received in time | AA7: no | AB7: Error for nfo@oblrada-pl.gov.ua | AC7: yes | AD7: response received in time | AE7: yes | AG7: yes | AH7: response received in time | AI7: yes | AJ7: response received in time | AK7: yes | AL7: response received in time | AM7: yes | AN7: response received in time | AO7: yes | AP7: response received in time | AQ7: yes | AR7: response received in time | AS7: yes | AT7: response received in time
A8: Q7 | B8: Does the Regional Council provide the response to requests for information in full (Secret shopper’s request)? | C8: yes | D8: response received in full | E8: no | G8: no | I8: no | K8: yes | L8: response received in full | M8: no | O8: yes | P8: response received in full | Q8: no | S8: yes | T8: response received in full | U8: no | W8: yes | X8: response received in full | Y8: yes | Z8: response received in full | AA8: no | AC8: yes | AD8: response received in full | AE8: no | AG8: yes | AH8: response received in full | AI8: yes | AJ8: response received in full | AK8: yes | AL8: response received in full | AM8: yes | AN8: response received in full | AO8: yes | AP8: response received in full | AQ8: yes | AR8: response received in full | AS8: yes | AT8: response received in full
A9: Q8 | B9: Is the information about the head of the Regional Council, Regional Council deputies (including CVs or biographical information, contact information, time and place of reception of citizens) published on the Regional Council website? | C9: yes | D9: https://vinrada.gov.ua/golova_ta_zastupniki_golovi_oblasnoi_radi.htm ; https://vinrada.gov.ua/rada_spisok_deputativ.htm | E9: yes | F9: http://volynrada.gov.ua/leadership http://volynrada.gov.ua/deputies_council http://volynrada.gov.ua/deputy | G9: yes | H9: https://oblrada.dp.gov.ua/oblasna-rada/kerivnitstvo/--/ https://oblrada.dp.gov.ua/category/oblasna-rada/deputats/ | I9: yes | J9: https://zt.gov.ua/index.php/oblasna-rada/struktura-ta-personi/kerivnitstvo/133-gor.html https://zt.gov.ua/index.php/oblasna-rada/struktura-ta-personi/deputatskij-korpus.html | K9: yes | L9: https://zakarpat-rada.gov.ua/oblasna-rada/kerivnytstvo-rady/holova-rady/ https://zakarpat-rada.gov.ua/oblasna-rada/deputaty/oblasna-rada-viii-sklykannia-2020-2025/ | M9: yes | N9: http://zor.gov.ua/management https://zor.gov.ua/deputat/all https://zor.gov.ua/deput_frakc_ta_gruppi | O9: yes | P9: http://www.orada.if.ua/deputies http://www.orada.if.ua/ | Q9: yes | R9: https://kor.gov.ua/sklad_rady/kerivnytstvo.html https://kor.gov.ua/sklad_rady/fraktsii_ta_deputatskyi_korpus/deputatskyi_korpus.html | S9: yes | T9: https://oblrada.kr.ua/golova-oblasnoi-radi https://oblrada.kr.ua/deputatskij-korpus | U9: yes | V9: https://mail.lvivoblrada.gov.ua/the-structure/deputati https://mail.lvivoblrada.gov.ua/the-structure/kerivnictvo-lvivskoji-oblasnoji-radi | W9: yes | X9: https://www.mk-oblrada.gov.ua/deputatskyy-korpus | Y9: partially | Z9: http://oblrada.odessa.gov.ua/pro-oblasnu-radu/kerivnytstvo/ http://oblrada.odessa.gov.ua/pro-oblasnu-radu/deputatskyj-korpus/zagalnyj-sklad/ | AA9: yes | AB9: https://oblrada-pl.gov.ua/index.php?option=com_content&view=article&id=46&Itemid=34 https://oblrada-pl.gov.ua/index.php?option=com_content&view=article&id=12533&Itemid=200 | AC9: yes | AD9: https://ror.gov.ua/kerivnictvo-oblasnoyi-radi https://ror.gov.ua/deputaty; https://ror.gov.ua/frakciyi | AE9: yes | AF9: https://sorada.gov.ua/pro-oblasnu-radu/kerivnytstvo-oblasnoji-rady.html https://sorada.gov.ua/deputaty.html | AG9: yes | AH9: http://te-rada.org/user/#&type=1 http://te-rada.org/user/#&type=3 | AI9: yes | AJ9: http://www.oblrada.kharkov.ua/ua/deputies http://www.oblrada.kharkov.ua/ua/board-structure/direction/head-of-kharkiv-regional-council | AK9: yes | AL9: http://khor.gov.ua/storinka-golovy-hersonskoyi-oblasnoyi-rady/ http://khor.gov.ua/deputatskyj-korpus-viii-sklykannia-2/# | AM9: yes | AN9: http://km-oblrada.gov.ua/management-regional-council/ https://km-oblrada.gov.ua/deputati-vosmogo-sklikannya-2/ | AO9: yes | AP9: https://www.oblradack.gov.ua/deputati-oblasnoi-radi-vii-sklikannya https://www.oblradack.gov.ua/pidgorniy-anatoliy-viktorovich | AQ9: yes | AR9: http://oblrada.cv.ua/structure/ http://oblrada.cv.ua/structure/deputies/ | AS9: yes | AT9: https://chor.gov.ua/2012-07https://chor.gov.ua/oblasna-rada/golova https://chor.gov.ua/oblasna-rada/deputati/itemlist/category/373-deputatskyi-korpus-oblasnoi-rady-8-ho-sklykannia
A10: Q9 | B10: Is the information on the list and contact details of the Regional Council standing committees, as well as names of Council standing committees’ members published on the Regional Council website? | C10: yes | D10: https://vinrada.gov.ua/spisok_deputativ_po_komisiyah.htm | E10: yes | F10: http://volynrada.gov.ua/standing_committees | G10: yes | H10: https://oblrada.dp.gov.ua/%d0%ba%d0%be%d0%bc%d1%96%d1%81%d1%96%d1%97-viii-%d1%81%d0%ba%d0%bb%d0%b8%d0%ba%d0%b0%d0%bd%d0%bd%d1%8f/ | I10: yes | J10: https://zt.gov.ua/index.php/oblasna-rada/struktura-ta-personi/postijni-komisiji.html | K10: yes | L10: https://zakarpat-rada.gov.ua/oblasna-rada/postijni-komisiji/ | M10: yes | N10: http://zor.gov.ua/postiyni_komisii | O10: yes | P10: http://www.orada.if.ua/---/ | Q10: yes | R10: https://kor.gov.ua/sklad_rady/komisii.html | S10: yes | T10: https://oblrada.kr.ua/postijni-komisii-kirovogradskoi-oblasnoi-radi | U10: yes | V10: https://mail.lvivoblrada.gov.ua/the-structure/postiini-deputatski-komisiji-1 | W10: yes | X10: https://www.mk-oblrada.gov.ua/sklad-postiynyh-komisiy | Y10: yes | Z10: http://oblrada.odessa.gov.ua/pro-oblasnu-radu/deputatskyj-korpus/postijni-komisiyi/ | AA10: yes | AB10: https://oblrada-pl.gov.ua/index.php?option=com_content&view=category&id=47&Itemid=100 | AC10: yes | AD10: https://ror.gov.ua/postiini-komisiyi | AE10: yes | AF10: https://sorada.gov.ua/pro-oblasnu-radu/deputaty-oblasnoji-rady/postijni-komisiji.html | AG10: yes | AH10: http://te-rada.org/user/#&type=4 | AI10: yes | AJ10: http://www.oblrada.kharkov.ua/ua/deputies/commission | AK10: yes | AL10: http://khor.gov.ua/postijni-komisiyi-oblasnoyi-rady/ | AM10: yes | AN10: https://km-oblrada.gov.ua/postiyni-komisii-oblasnoi-radi-vii-vosm/ | AO10: yes | AP10: https://www.oblradack.gov.ua/sklad-postynyh-komisij | AQ10: yes | AR10: http://oblrada.cv.ua/structure/commissions/ | AS10: yes | AT10: https://chor.gov.ua/oblasna-rada/postijni-komisiji
A11: Q10 | B11: Is the information on the contact details of the Regional Council executive body and names of its members published on the Regional Council website? | C11: no | D11: http://www.vinrada.gov.ua/zagalniy_spisok_pracivnikiv.htm | E11: yes | F11: http://volynrada.gov.ua/aparat | G11: yes | H11: https://oblrada.dp.gov.ua/category/oblasna-rada/vikon-aparat/ | I11: yes | J11: https://zt.gov.ua/index.php/oblasna-rada/struktura-ta-personi/vikonavchij-aparat.html | K11: yes | L11: https://zakarpat-rada.gov.ua/oblasna-rada/vykonavchyj-aparat/ | M11: yes | N11: http://zor.gov.ua/viddili | O11: yes | P11: https://orada.if.ua/%d0%be%d0%b1%d0%bb%d0%b0%d1%81%d0%bd%d0%b0-%d1%80%d0%b0%d0%b4%d0%b0/%d0%b2%d0%b8%d0%ba%d0%be%d0%bd%d0%b0%d0%b2%d1%87%d0%b8%d0%b9-%d0%b0%d0%bf%d0%b0%d1%80%d0%b0%d1%82/%d0%ba%d0%b5%d1%80%d1%96%d0%b2%d0%bd%d0%b8%d1%86%d1%82%d0%b2%d0%be-%d0%be%d0%b1%d0%bb%d0%b0%d1%81%d0%bd%d0%be%d1%97-%d1%80%d0%b0%d0%b4%d0%b8/ | Q11: yes | R11: https://kor.gov.ua/sklad_rady/vykonavchyi_aparat.html | S11: yes | T11: https://oblrada.kr.ua/vikonavchij-aparat | U11: yes | V11: https://mail.lvivoblrada.gov.ua/the-structure/struktura-aparatu | W11: yes | X11: https://www.mk-oblrada.gov.ua/struktura-mykolaivskoi-oblasnoi-rady | Y11: no | Z11: http://oblrada.odessa.gov.ua/pro-oblasnu-radu/aparat-oblasnoyi-rady/struktura-aparatu/ | AA11: yes | AB11: https://oblrada-pl.gov.ua/index.php?option=com_content&view=article&id=8212&Itemid=142 | AC11: yes | AD11: https://ror.gov.ua/struktura | AE11: yes | AF11: https://sorada.gov.ua/pro-oblasnu-radu/vykonavchyj-aparat/vykonavchyj-aparat.html | AG11: yes | AH11: http://te-rada.org/?id=64 | AI11: yes | AJ11: http://www.oblrada.kharkov.ua/ua/board-structure/executive-body | AK11: yes | AL11: http://khor.gov.ua/radnyky-golovy-hersonskoyi-oblasnoyi-rady-na-gromadskyh-zasadah/ | AM11: yes | AN11: https://km-oblrada.gov.ua/management-regional-council/administrator-of-the-office/ https://km-oblrada.gov.ua/vikonavchij-aparat-radi/ | AO11: yes | AP11: https://www.oblradack.gov.ua/aparat-radi-telefonniy-dovdnik-0 | AQ11: yes | AR11: http://oblrada.cv.ua/structure/machineries/ | AS11: yes | AT11: https://chor.gov.ua/oblasna-rada/vikonavchiy-aparat/spisok-pratsivnikiv
A12: Q11 | B12: Is the information on convening the session published on the Regional Council website no later than 10 days prior to the session in user-friendly access (e.g. in a separate section)? | C12: yes | D12: http://www.vinrada.gov.ua/grafik-provedennya-zasidan-postijnih-komisij.htm https://vinrada.gov.ua/na-chergovij-sesii-deputati-rozglyanut-37-pitan.htm | E12: yes | F12: http://volynrada.gov.ua/actualna-informacia/proyekt-poryadku-dennogo-4-sesiyi, | G12: yes | H12: https://oblrada.dp.gov.ua/news/xxii-%d1%81%d0%b5%d1%81%d1%96%d1%8f-%d0%be%d0%b1%d0%bb%d1%80%d0%b0%d0%b4%d0%b8-%d0%b2%d1%96%d0%b4%d0%b1%d1%83%d0%b4%d0%b5%d1%82%d1%8c%d1%81%d1%8f-%d0%be%d0%bd%d0%bb%d0%b0%d0%b9%d0%bd/ | I12: yes | J12: https://zt.gov.ua/index.php/%D0%BF%D1%80%D0%BE%D1%94%D0%BA%D1%82%D0%B8-%D1%80%D1%96%D1%88%D0%B5%D0%BD%D1%8C.html | K12: yes | L12: https://zakarpat-rada.gov.ua/category/rozporyadzhennya/ | M12: yes | N12: http://zor.gov.ua | O12: yes | P12: http://orada.if.ua/news/ https://orada.if.ua/%d0%bf%d1%80%d0%be-%d1%81%d0%ba%d0%bb%d0%b8%d0%ba%d0%b0%d0%bd%d0%bd%d1%8f-%d0%bf%d0%be%d0%b7%d0%b0%d1%87%d0%b5%d1%80%d0%b3%d0%be%d0%b2%d0%be%d1%97-%d1%82%d1%80%d0%b5%d1%82%d1%8c%d0%be%d1%97-%d1%81/ | Q12: yes | R12: https://kor.gov.ua/pres-tsentr/podii.html | S12: yes | T12: https://oblrada.kr.ua/ | U12: yes | V12: https://www.lvivoblrada.gov.ua/plenary-sessions/proekti-rishen/proekti-rishen-pidgotovlenni-dlya-rozglyadu | W12: yes | X12: http://mk-oblrada.gov.ua/ | Y12: yes | Z12: http://oblrada.odessa.gov.ua/dokumenty/rozporyadzhennya/ | AA12: yes | AB12: http://oblrada-pl.gov.ua/index.php?option=com_content&view=article&id=10469&Itemid=37 | AC12: yes | AD12: https://ror.gov.ua/# | AE12: yes | AF12: https://sorada.gov.ua/actual/75-do-chergovoji-sesiji.html | AG12: yes | AH12: http://te-rada.org/list/?t=4&s=rada | AI12: yes | AJ12: http://oblrada.kharkov.ua/ua/press-center/news/25545-plenarne-zasidannya-pozachergovoji-sesiji-kharkivskoji-oblasnoji-radi-vidbudetsya-24-grudnya | AK12: yes | AL12: https://drive.google.com/ http://khor.gov.ua/ | AM12: yes | AN12: https://km-oblrada.gov.ua/osnovni-zaxodi/ | AO12: yes | AP12: https://www.oblradack.gov.ua/ https://www.oblradack.gov.ua/rozporyadzhennya-pro-sklikannya-sesy-oblasnoyi-radi | AQ12: yes | AR12: http://oblrada.cv.ua/news/70035/ | AS12: yes | AT12: https://chor.gov.ua/nasha-diyalnist/anonsi https://chor.gov.ua/nasha-diyalnist/anonsi/item/10695-sklykaietsia-tretia-sesiia-oblasnoi-rady-vosmoho-sklykannia
A13: Q12 | B13: Are the preparatory materials to all sessions (including agenda, draft documents for approval) published on the Regional Council website at least two days before the meeting? | C13: yes | D13: http://www.vinrada.gov.ua/proekti_rishen.htm | E13: yes | F13: http://volynrada.gov.ua/projects http://volynrada.gov.ua/actualna-informacia/proyekt-poryadku-dennogo-4-sesiyi | G13: yes | H13: https://oblrada.dp.gov.ua/category/documents/%d0%bf%d1%80%d0%be%d0%b5%d0%ba%d1%82%d0%b8-%d1%80%d1%96%d1%88%d0%b5%d0%bd%d1%8c/proeki-rishen/ | I13: no | K13: yes | L13: https://zakarpat-rada.gov.ua/category/proekty-rishennya/ | M13: yes | N13: http://zor.gov.ua/content/proekty-rishen-do-rozglyadu-na-sesiyi http://zor.gov.ua/content/arhiv-proektiv-rishen | O13: yes | P13: http://www.orada.if.ua/-/ | Q13: yes | R13: https://kor.gov.ua/robota_rady/proiekty_rishen.html | S13: no | U13: yes | V13: https://www.lvivoblrada.gov.ua/plenary-sessions/poryadok-dennii-1 https://www.lvivoblrada.gov.ua/plenary-sessions/proekti-rishen/proekti-rishen-pidgotovlenni-dlya-rozglyadu https://www.lvivoblrada.gov.ua/plenary-sessions/proekti-rishen-iniciativa/iniciativa-deputata-grupi-deputativ https://www.lvivoblrada.gov.ua/plenary-sessions/proekti-rishen-iniciativa/iniciativa-vikonavchih-organiv-vladi https://www.lvivoblrada.gov.ua/plenary-sessions/proekti-rishen-iniciativa/iniciativa-pidrozdiliv-oblasnoji-radi | W13: no | Y13: yes | Z13: http://oblrada.odessa.gov.ua/dokumenty/proekty-rishen-2/ | AA13: yes | AB13: http://oblrada-pl.gov.ua/index.php?option=com_content&view=article&id=10469&Itemid=37 https://oblrada-pl.gov.ua/index.php?option=com_content&view=category&id=102&Itemid=229 | AC13: yes | AD13: https://ror.gov.ua/# https://ror.gov.ua/proyekti-rishen-oblasnoyi-radi | AE13: yes | AF13: https://sorada.gov.ua/dokumenty-oblrady/proekty-rishen/category/68-proekty-rishen.html | AG13: yes | AH13: http://te-rada.org/document/ | AI13: yes | AJ13: https://www.ts.lica.com.ua/?type=0&base=77&menu=368065&id=317 http://oblrada.kharkov.ua/ua/public-information/protocols-of-standing-committees | AK13: yes | AL13: http://khor.gov.ua/proekty-rishen/ | AM13: yes | AN13: http://km-oblrada.gov.ua/proekti-rishen/ https://km-oblrada.gov.ua/proekti-rishen/proekti-rishen-chergovoi-pozachergovoi-sesij/ https://km-oblrada.gov.ua/proekti-rishen/proekti-rishen-radi-yaki-proponuyutsya-dlya-rozglyadu/ | AO13: yes | AP13: https://www.oblradack.gov.ua/poryadki-denn-protokol-zasdan-postynih-komsy-deputatv-viii-sklikannya https://www.oblradack.gov.ua/plenarn-zasdannya https://www.oblradack.gov.ua/materiali-chergovoyi-sesyi-oblasnoyi-radi | AQ13: yes | AR13: http://oblrada.cv.ua/document/list/section/46/ | AS13: yes | AT13: https://chor.gov.ua/normativni-dokumenti/proekti-regulyatornih-aktiv-ta-rishen
A14: Q13 | B14: Are the materials as well as minutes of the meetings and the results of roll-call votes of the Regional Council sessions published on the Regional Council website? | C14: yes | D14: http://www.vinrada.gov.ua/protokoli-ta-visnovki-21.htm | E14: yes | F14: http://volynrada.gov.ua/session http://volynrada.gov.ua/protocoltext http://volynrada.gov.ua/golos http://volynrada.gov.ua/all-solutions?calling=6&committees=All , . | G14: yes | H14: https://oblrada.dp.gov.ua/plenarn%d1%96-zas%d1%96dannja/protokoli-ses%d1%96j/ | I14: yes | J14: https://zt.gov.ua/index.php/2015-12-25-09-37-43/%D0%BF%D1%80%D0%BE%D1%82%D0%BE%D0%BA%D0%BE%D0%BB-%D1%81%D0%B5%D1%81%D1%96%D1%97.html https://zt.gov.ua/index.php/2015-12-25-09-37-43/%D0%B5%D0%BB%D0%B5%D0%BA%D1%82%D1%80%D0%BE%D0%BD%D0%BD%D0%B8%D0%B9-%D0%BF%D1%80%D0%BE%D1%82%D0%BE%D0%BA%D0%BE%D0%BB-%D0%BF%D0%BE%D1%96%D0%BC%D0%B5%D0%BD%D0%BD%D0%BE%D0%B3%D0%BE-%D0%B3%D0%BE%D0%BB%D0%BE%D1%81%D1%83%D0%B2%D0%B0%D0%BD%D0%BD%D1%8F.html | K14: yes | L14: https://zakarpat-rada.gov.ua/normatyvni-dokumenty/rishennya-rady/ | M14: yes | N14: https://zor.gov.ua/content/persha-sesiya-vosmogo-sklykannya-plenarne-zasidannya-23122020 | O14: yes | P14: http://www.orada.if.ua/ | Q14: yes | R14: https://kor.gov.ua/robota_rady/rezultaty_holosuvannia.html | S14: yes | T14: https://oblrada.kr.ua/protokoli-plenarnih-zasidan | U14: yes | V14: https://mail.lvivoblrada.gov.ua/plenary-sessions/rezultati-golosuvannya https://81.171.25.48/plenary-sessions/protokoli-sesii | W14: yes | X14: https://www.mk-oblrada.gov.ua/pishennya-oblasnoi-rady?group_id=194 | Y14: yes | Z14: http://oblrada.odessa.gov.ua/dokumenty/protokoly/ http://oblrada.odessa.gov.ua/dokumenty/rezultaty-golosuvannya/ | AA14: yes | AB14: http://oblrada-pl.gov.ua/index.php?option=com_content&view=category&id=86&Itemid=201 | AC14: yes | AD14: https://ror.gov.ua/rezultati-poimennogo-golosuvannya/rezultati-poimennogo-golosuvannya-8-sklykanna https://ror.gov.ua/protokoli-sesii-vosmogo-sklikannya-32 | AE14: yes | AF14: https://sorada.gov.ua/dokumenty-oblrady/vote-results.html https://sorada.gov.ua/dokumenty-oblrady/protokoly/protocols-commissions.html https://sorada.gov.ua/dokumenty-oblrady/section/10-protocols-presidium-sessions.html | AG14: yes | AH14: http://te-rada.org/document/ | AI14: yes | AJ14: https://www.ts.lica.com.ua/?type=0&base=77&menu=7&id=3 | AK14: yes | AL14: http://khor.gov.ua/rezultaty-rozglyadu-pytan-poryadku-dennogo-hersonskoyi-oblasnoyi-rady-vii-sklykannya/ | AM14: yes | AN14: http://km-oblrada.gov.ua/vii-sklikannya/ | AO14: yes | AP14: https://www.oblradack.gov.ua/protokoli-zasdan-postynih-komsy https://www.oblradack.gov.ua/plenarn-zasdannya | AQ14: yes | AR14: http://oblrada.cv.ua/document/list/section/99/ | AS14: yes | AT14: https://chor.gov.ua/normativni-dokumenti/protokoli-sesij), https://chor.gov.ua/normativni-dokumenti/protokoli-ta-rekomendatsiji-postijnikh-komisij) https://chor.gov.ua/normativni-dokumenti/rishennya/item/10668-rezultaty-poimennoho-holosuvannia )
A15: Q14 | B15: Are materials as well as audio/video recording of the meetings published on the Regional Council? | C15: yes | D15: http://www.vinrada.gov.ua/audio-ta-videozapis-10.htm | E15: yes | F15: http://volynrada.gov.ua/protocol http://volynrada.gov.ua/all_video https://www.youtube.com/channel/UCzXdX9qa3ZqSSILGMlwezQA | G15: yes | H15: https://oblrada.dp.gov.ua/plenarn%d1%96-zas%d1%96dannja/%d0%be%d0%bd%d0%bb%d0%b0%d0%b9%d0%bd-%d1%82%d1%80%d0%b0%d0%bd%d1%81%d0%bb%d1%8f%d1%86%d1%96%d1%8f-%d1%81%d0%b5%d1%81%d1%96%d0%b9/ https://oblrada.dp.gov.ua/plenarn%d1%96-zas%d1%96dannja/protokoli-ses%d1%96j/ https://oblrada.dp.gov.ua/plenarn-zasdannja/rezultati-pomennogo-golosuvannja/ | I15: yes | J15: https://zt.gov.ua/index.php/translyatsiya.html https://zt.gov.ua/index.php/27-%D1%81%D0%B5%D1%81%D1%96%D1%8F-08-10-2019/%D0%BF%D1%80%D0%BE%D1%82%D0%BE%D0%BA%D0%BE%D0%BB-%D1%81%D0%B5%D1%81%D1%96%D1%97.html | K15: yes | L15: https://zakarpat-rada.gov.ua/category/video/ | M15: yes | N15: https://zor.gov.ua/content/video-translyaciya-pershoyi-sesiyi-zaporizkoyi-oblasnoyi-rady-vosmogo-sklykannya-chastyna | O15: yes | P15: https://galtv.if.ua/online | Q15: no | R15: Facebook | S15: yes | T15: https://oblrada.kr.ua/videozapisi-zasidan | U15: yes | V15: https://lvivoblrada.gov.ua/news/oleksandr-ganushchin-vzyav-uchast-u-zasidanni-konsultativnoji-radi-z-pitan-miscevogo-samovryaduvannya | W15: no | X15: https://www.mk-oblrada.gov.ua/pishennya-oblasnoi-rady?group_id=187 | Y15: yes | Z15: http://oblrada.odessa.gov.ua/dokumenty/stenogramy/ | AA15: no | AC15: yes | AD15: https://ror.gov.ua/# YouTube- https://www.youtube.com/channel/UC_V-FpPFmIpqRUMFvAALFhw/featured. YouTube- . https://ror.gov.ua/protokoli-sesii-vosmogo-sklikannya-32 | AE15: yes | AF15: https://www.youtube.com/user/oblradasumy/playlists | AG15: yes | AH15: http://te-rada.org/meeting/ | AI15: yes | AJ15: http://oblrada.kharkov.ua/ua/press-center/video/332-plenarni-zasidannia-kharkivskoi-oblasnoi-rady | AK15: yes | AL15: http://khor.gov.ua/rezultaty-rozglyadu-pytan-poryadku-dennogo-hersonskoyi-oblasnoyi-rady-vii-sklykannya/ | AM15: yes | AN15: http://km-oblrada.gov.ua/videotranslyaciya-zasidan-sesij-oblasnoi-radi/ | AO15: yes | AP15: https://www.oblradack.gov.ua/vdeotranslyacya-0 | AQ15: yes | AR15: http://oblrada.cv.ua/video/ http://oblrada.cv.ua/photoreports/ | AS15: yes | AT15: https://chor.gov.ua/mediateka/videogalereya
A16: Q15 | B16: Are materials of the Regional Council standing committees published on the Regional Council website (including transcripts, audio/video recording of the meetings, minutes of the meetings and the results of roll-call votes)? | C16: partially | D16: http://www.vinrada.gov.ua/protokoli-ta-visnovki-21.htm | E16: yes | F16: http://volynrada.gov.ua/all_video https://www.youtube.com/channel/UCzXdX9qa3ZqSSILGMlwezQA http://volynrada.gov.ua/standing_committees/postiina-komisiya-z-pitan-osviti-nauki-informatsiinogo-prostoru-kulturi-ta-movi-0 | G16: yes | H16: https://oblrada.dp.gov.ua/category/komissions/komis-soc-econom/ | I16: yes | J16: https://zt.gov.ua/index.php/oblasna-rada/struktura-ta-personi/postijni-komisiji/185-postijna-komisiya-z-pitan-byudzhetu-i-komunalnoji-vlasnosti.html https://zt.gov.ua/index.php/oblasna-rada/struktura-ta-personi/postijni-komisiji.html https://zt.gov.ua/index.php/translyatsiya.html | K16: yes | L16: https://zakarpat-rada.gov.ua/oblasna-rada/postijni-komisiji/ | M16: yes | N16: https://zor.gov.ua/content/protokoly-postiynyh-komisiy-8-sklykannya https://zor.gov.ua/content/vysnovky-postiynyh-komisiy-8-sklykannya | O16: yes | P16: http://www.orada.if.ua/---/ | Q16: yes | R16: https://kor.gov.ua/robota_rady/zasidannia_komisii.html | S16: yes | T16: https://oblrada.kr.ua/protokoli-zasidan-pk | U16: yes | V16: https://lvivoblrada.gov.ua/news/konkursna-komisiya-obrala-kandidativ-na-posadi-direktoriv-troh-zakladiv-osviti https://lvivoblrada.gov.ua/public/activity/postiini-komisiji-oblasnoji-radi/protokoli-postiinih-komisii | W16: yes | X16: https://www.mk-oblrada.gov.ua/dokumenty-postiynyh-komisiy | Y16: yes | Z16: http://oblrada.odessa.gov.ua/pro-oblasnu-radu/deputatskyj-korpus/postijni-komisiyi/ | AA16: yes | AB16: https://oblrada-pl.gov.ua/index.php?option=com_content&view=category&id=104:viii-sklikannja&Itemid=130&layout=default/index.php?option=com_content&view=category&id=88:vii-sklikannja&Itemid=130&layout=default | AC16: yes | AD16: https://ror.gov.ua/# YouTube- https://www.youtube.com/channel/UC_V-FpPFmIpqRUMFvAALFhw/featured . https://ror.gov.ua/dokumenti-postijnih-komisij-8-sklikannya/postiina-komisiya-z-pitan-byudzhetu-finansiv-ta-podatkiv-1 https://ror.gov.ua/dokumenti-postijnih-komisij-8-sklikannya https://ror.gov.ua/dokumenti-postijnih-komisij-8-sklikannya/postiina-komisiya-z-pitan-byudzhetu-finansiv-ta-podatkiv-1. | AE16: yes | AF16: https://sorada.gov.ua/dokumenty-oblrady/protokoly/protocols-commissions.html | AG16: yes | AH16: http://te-rada.org/document/ | AI16: yes | AJ16: http://oblrada.kharkov.ua/ua/public-information/protocols-of-standing-committees | AK16: yes | AL16: http://khor.gov.ua/protokoly-zasidan-postijnyh-komisij-hersonskoyi-oblasnoyi-rady-vii-sklykannya-ta-vysnovky-i-rekomendatsiyi/ | AM16: yes | AN16: https://km-oblrada.gov.ua/protokoli-postiynikh-komisiy-khmelni/ | AO16: yes | AP16: https://www.oblradack.gov.ua/poryadki-denn-protokol-zasdan-postynih-komsy-deputatv-viii-sklikannya | AQ16: yes | AR16: http://oblrada.cv.ua/activity/permanent_committee/ | AS16: yes | AT16: https://chor.gov.ua/protokoli-ta-rekomendatsiji-postijnikh-komisij
A17: Q16 | B17: Are the Regional Council decisions published on the Regional Council website? | C17: yes | D17: http://www.vinrada.gov.ua/rishennya-5.htm | E17: yes | F17: http://volynrada.gov.ua/session | G17: yes | H17: https://oblrada.dp.gov.ua/category/news/ https://oblrada.dp.gov.ua/category/documents/-/proeki-rishen/ | I17: no | K17: yes | L17: https://zakarpat-rada.gov.ua/normatyvni-dokumenty/rishennya-rady/ | M17: yes | N17: https://zor.gov.ua/sessii_ta_rishenya_radi | O17: yes | P17: http://www.orada.if.ua/--/ | Q17: yes | R17: https://kor.gov.ua/robota_rady/rishennia.html | S17: yes | T17: https://oblrada.kr.ua/rishennya-oblasnoi-radi- | U17: yes | V17: https://lvivoblrada.gov.ua/plenary-sessions/rishennya-viii-sklikannya | W17: yes | X17: https://www.mk-oblrada.gov.ua/pishennya-oblasnoi-rady?group_id=194 | Y17: yes | Z17: http://oblrada.odessa.gov.ua/dokumenty/rishennya/ | AA17: yes | AB17: https://oblrada-pl.gov.ua/index.php?option=com_content&view=category&id=103&Itemid=233 | AC17: yes | AD17: https://ror.gov.ua/rishennya-oblasnoyi-radi-8-sklikannya | AE17: yes | AF17: https://sorada.gov.ua/dokumenty-oblrady/rishennja-oblasnoji-rady/8-sklykannja.html | AG17: yes | AH17: http://te-rada.org/document/ | AI17: no | AK17: yes | AL17: http://khor.gov.ua/rishennia-sesij-khersonskoi-oblasnoi-rady/ | AM17: yes | AN17: http://km-oblrada.gov.ua/rishennya-sesiy/ | AO17: yes | AP17: https://www.oblradack.gov.ua/ostanni-rishennya-sesyi | AQ17: yes | AR17: http://oblrada.cv.ua/document/list/section/84/ | AS17: yes | AT17: https://chor.gov.ua/normativni-dokumenti/rishennya/itemlist/category/231-7-sklikannya
A18: Q17 | B18: Are the regular reports on the work of the head of the Regional Council published on the Regional Council website (at least annually)? | C18: yes | D18: http://www.vinrada.gov.ua/dodatok-do-proektu-rishennya-pro-zvit-golovi-oblasnoi-radi-olijnika-ad-video.htm | E18: yes | F18: http://volynrada.gov.ua/session/31/2-1 http://volynrada.gov.ua/session/19/2-0 http://volynrada.gov.ua/session/10/3-0 | G18: no | H18: 2017 - https://oblrada.dp.gov.ua/oblasna-rada/kerivnitstvo/ | I18: no | J18: https://zt.gov.ua/index.php/news/13553-%D0%B2%D0%BE%D0%BB%D0%BE%D0%B4%D0%B8%D0%BC%D0%B8%D1%80-%D1%88%D0%B8%D1%80%D0%BC%D0%B0-%D0%B2%D1%96%D0%B4%D0%B7%D0%B2%D1%96%D1%82%D1%83%D0%B2%D0%B0%D0%B2-%D0%B7%D0%B0-%D0%B2%D0%B8%D0%BA%D0%BE%D0%BD%D0%B0%D0%BD%D1%83-%D1%80%D0%BE%D0%B1%D0%BE%D1%82%D1%83-%D1%83-2018-%D1%80%D0%BE%D1%86%D1%96.html | K18: yes | L18: https://zakarpat-rada.gov.ua/normatyvni-dokumenty/rishennya-rady/vii-sklykannya/xvii-sesiya-20-12-2019/ | M18: partially | N18: http://zor.gov.ua/sites/default/files/rishennya/07_22_28.zip | O18: yes | P18: http://www.orada.if.ua/-/-/ https://orada.if.ua/%d0%b7%d0%b2%d1%96%d1%82-%d0%b3%d0%be%d0%bb%d0%be%d0%b2%d0%b8-%d0%be%d0%b1%d0%bb%d0%b0%d1%81%d0%bd%d0%be%d1%97-%d1%80%d0%b0%d0%b4%d0%b8-%d1%81%d1%8c%d0%be%d0%bc%d0%be%d0%b3%d0%be-%d0%b4/ | Q18: no | S18: yes | T18: https://oblrada.kr.ua/rishennya-oblasnoi-radi- | U18: yes | V18: https://lvivoblrada.gov.ua/news/oleksandr-ganushchin-prozvituvav-pered-zhurnalistami-pro-chetvertii-rik-roboti-na-posadi-golovi-oblasnoji-radi | W18: yes | X18: https://www.mk-oblrada.gov.ua/news.php?news=2559&group=20 | Y18: yes | Z18: http://oblrada.odessa.gov.ua/pro-oblasnu-radu/deputatskyj-korpus/zvity/ | AA18: yes | AB18: https://oblrada-pl.gov.ua/index.php?option=com_content&view=article&id=12659&Itemid=234 | AC18: yes | AD18: https://ror.gov.ua/?s=%D0%B7%D0%B2%D1%96%D1%82+%D0%B3%D0%BE%D0%BB%D0%BE%D0%B2%D0%B8 | AE18: no | AG18: yes | AH18: http://te-rada.org/list/?type=view&id=12508 | AI18: partially | AJ18: http://www.oblrada.kharkov.ua/ua/component/content/article/199-press-center/speech-all/18999-kharkivska-oblasna-rada-na-plenarnomu-zasidanni-skhvalila-zvit-golovi-oblasnoji-radi-sergiya-chernova-pro-svoyu-diyalnist?Itemid=1319 | AK18: no | AM18: yes | AN18: https://km-oblrada.gov.ua/golova-oblderzhadministracii-vadim-l/ | AO18: yes | AP18: https://www.oblradack.gov.ua/ostanni-rishennya-sesyi | AQ18: yes | AR18: http://oblrada.cv.ua/document/list/section/29/ | AS18: yes | AT18: https://chor.gov.ua/nasha-diyalnist/publikatsiji/item/7940-cherez-strukturne-reformuvannia-ta-detsentralizatsiiu-vlady-do-ek
A19: Q18 | B19: Are the reports on the processing of requests for public information published periodically (at least annually) on the Regional Council website? | C19: yes | D19: https://vinrada.gov.ua/2020-rik-9486.htm | E19: yes | F19: http://volynrada.gov.ua/node/26153 | G19: yes | H19: https://oblrada.dp.gov.ua/publichna-informatsia/ | I19: yes | J19: https://zt.gov.ua/index.php/ofitsijni-dokumenti/dostup-do-publichnoji-informatsiji/2012-09-24-21-09-36.html | K19: yes | L19: https://zakarpat-rada.gov.ua/normatyvni-dokumenty/publichna-informatsija/ | M19: yes | N19: http://zor.gov.ua/content/dostup-do-publichnoyi-informaciyi | O19: yes | P19: https://orada.if.ua/%d0%bf%d1%83%d0%b1%d0%bb%d1%96%d1%87%d0%bd%d0%b0-%d1%96%d0%bd%d1%84%d0%be%d1%80%d0%bc%d0%b0%d1%86%d1%96%d1%8f/%d0%b7%d0%b2%d1%96%d1%82%d0%b8-%d0%bf%d1%80%d0%be-%d0%b2%d0%b8%d0%ba%d0%be%d0%bd%d0%b0%d0%bd%d0%bd%d1%8f-%d0%b7%d0%b0%d0%bf%d0%b8%d1%82%d1%96%d0%b2-%d0%bd%d0%b0-%d0%bf%d1%83%d0%b1%d0%bb%d1%96%d1%87/ | Q19: yes | R19: https://kor.gov.ua/robota_rady/publichna_informatsiia.html | S19: yes | T19: https://oblrada.kr.ua/zvit-pro-rozglyad-zapitiv-pro-dostup-do-publichnoi-informatsii | U19: yes | V19: https://mail.lvivoblrada.gov.ua/the-public-information/zviti-1 | W19: partially | X19: https://www.mk-oblrada.gov.ua/zvity-pro-robotu-iz-zapytamy-na-informatsiyu | Y19: yes | Z19: http://oblrada.odessa.gov.ua/zvernennya-gromadyan/statyctychni-dani/ | AA19: yes | AB19: http://oblrada-pl.gov.ua/index.php?option=com_content&view=category&layout=blog&id=96&Itemid=217 | AC19: yes | AD19: https://ror.gov.ua/zvit-pro-robotu-iz-zapitami-na-publichnu-informaciyu | AE19: yes | AF19: https://sorada.gov.ua/pub-info-dostup/4005-pub-info-zvit.html | AG19: yes | AH19: http://te-rada.org/list/?t=25&s=rada | AI19: yes | AJ19: http://oblrada.kharkov.ua/ua/public-information/vidkryti-dani/zvity-u-tomu-chysli-shchodo-zadovolennia-zapytiv-na-informatsiiu | AK19: yes | AL19: http://khor.gov.ua/dostup-do-publichnoyi-informatsiyi/ | AM19: yes | AN19: http://km-oblrada.gov.ua/zviti-shhodo-zadovolennya-zapitiv-na-inf/ | AO19: yes | AP19: https://www.oblradack.gov.ua/rozdl-zvti | AQ19: yes | AR19: http://oblrada.cv.ua/document/pub_info/ | AS19: yes | AT19: https://chor.gov.ua/zv-yazki-z-gromadskistyu/item/113-zviti
A20: Q19 | B20: Is the information on the approved socio-economic and cultural development programs, target programs, as well as reports on their implementation published on the Regional Council website? | C20: yes | D20: http://www.vinrada.gov.ua/perelik_dovgostrokovih_program.htm http://www.vinrada.gov.ua/zvit_pro_vikonannya_zahodiv_oblasnih_program.htm | E20: yes | F20: http://volynrada.gov.ua/node/29409 http://volynrada.gov.ua/programs | G20: yes | H20: https://oblrada.dp.gov.ua/category/region/sots-ekonom/ | I20: yes | J20: https://zt.gov.ua/index.php/ofitsijni-dokumenti/%D0%BE%D0%B1%D0%BB%D0%B0%D1%81%D0%BD%D1%96-%D0%BF%D1%80%D0%BE%D0%B3%D1%80%D0%B0%D0%BC%D0%B8/%D0%BF%D0%B5%D1%80%D0%B5%D0%BB%D1%96%D0%BA-%D0%BE%D0%B1%D0%BB%D0%B0%D1%81%D0%BD%D0%B8%D1%85-%D0%BF%D1%80%D0%BE%D0%B3%D1%80%D0%B0%D0%BC.html https://zt.gov.ua/index.php/ofitsijni-dokumenti/normativni-dokumenti/rishennya-oblasnoji-radi/16482-%E2%84%96-15-%D0%BF%D1%80%D0%BE-%D0%BF%D1%80%D0%BE%D0%B3%D1%80%D0%B0%D0%BC%D1%83-%D0%B5%D0%BA%D0%BE%D0%BD%D0%BE%D0%BC%D1%96%D1%87%D0%BD%D0%BE%D0%B3%D0%BE-%D1%96-%D1%81%D0%BE%D1%86%D1%96%D0%B0%D0%BB%D1%8C%D0%BD%D0%BE%D0%B3%D0%BE-%D1%80%D0%BE%D0%B7%D0%B2%D0%B8%D1%82%D0%BA%D1%83-%D0%B6%D0%B8%D1%82%D0%BE%D0%BC%D0%B8%D1%80%D1%81%D1%8C%D0%BA%D0%BE%D1%97-%D0%BE%D0%B1%D0%BB%D0%B0%D1%81%D1%82%D1%96-%D0%BD%D0%B0-2021-%D1%80%D1%96%D0%BA.html https://zt.gov.ua/index.php/ofitsijni-dokumenti/%D0%BE%D0%B1%D0%BB%D0%B0%D1%81%D0%BD%D1%96-%D0%BF%D1%80%D0%BE%D0%B3%D1%80%D0%B0%D0%BC%D0%B8/%D1%85%D1%96%D0%B4-%D0%B2%D0%B8%D0%BA%D0%BE%D0%BD%D0%B0%D0%BD%D0%BD%D1%8F-%D0%BE%D0%B1%D0%BB%D0%B0%D1%81%D0%BD%D0%B8%D1%85-%D0%BF%D1%80%D0%BE%D0%B3%D1%80%D0%B0%D0%BC.html | K20: yes | L20: https://zakarpat-rada.gov.ua/normatyvni-dokumenty/rishennya-rady/ | M20: yes | N20: http://zor.gov.ua/content/perelik-naboriv-danyh-shcho-pidlyagayut-oprylyudnennyu-u-formi-vidkrytyh-danyh | O20: yes | P20: https://orada.if.ua/question/%d0%bf%d1%80%d0%be-%d0%b2%d0%b8%d0%ba%d0%be%d0%bd%d0%b0%d0%bd%d0%bd%d1%8f-%d0%bf%d1%80%d0%be%d0%b3%d1%80%d0%b0%d0%bc%d0%b8-%d1%81%d0%be%d1%86%d1%96%d0%b0%d0%bb%d1%8c%d0%bd%d0%be-%d0%b5%d0%ba%d0%be-4/ | Q20: yes | R20: https://kor.gov.ua/robota_rady/rishennia/pro_zatverdzhennia_prohramy_sotsialno-ekonomichnoho_ta_kulturnoho_rozvytku_kyivskoi_oblasti_na_2020_rik.html | S20: yes | T20: https://oblrada.kr.ua/diyuchi-oblasni-programi | U20: yes | V20: https://mail.lvivoblrada.gov.ua/pidsumkovi-zviti-2016-2020-rokiv | W20: yes | X20: https://www.mk-oblrada.gov.ua/oblasni-programy | Y20: yes | Z20: http://oblrada.odessa.gov.ua/odeska-oblast/strategichni-ta-programni-dokumenty-oblasti/perelik-diyuchyh-regionalnyh-tsilovyh-ta-kompleksnyh-program-odeskoyi-oblasti/ | AA20: no | AC20: yes | AD20: https://ror.gov.ua/priiom-gromadyan | AE20: yes | AF20: https://sorada.gov.ua/dokumenty-oblrady/rishennja-oblasnoji-rady/7-sklykannja/category/194-rishennja-26-sesiji-22022019.html | AG20: yes | AH20: http://te-rada.org/?id=300 | AI20: no | AK20: yes | AL20: http://khor.gov.ua/regionalni-tsilovi-programy/ | AM20: yes | AN20: https://km-oblrada.gov.ua/program-of-socio-economic/ | AO20: yes | AP20: https://www.oblradack.gov.ua/oblasn-programi (https://www.oblradack.gov.ua/materiali-chergovoyi-sesyi-oblasnoyi-radi); https://www.oblradack.gov.ua/ostanni-rishennya-sesyi | AQ20: yes | AR20: http://oblrada.cv.ua/ 2020 http://oblrada.cv.ua/document/list/section/51/ | AS20: yes | AT20: https://chor.gov.ua/oblasni-programi/item/6525-chynni-oblasni-prohramy-zizminamy https://chor.gov.ua/component/k2/item/10711-pro-zatverdzhennia-tsilovoi-sotsialnoi-prohramy-rozvytku-tsyvilno
A21: Q20 | B21: Is the basic information about the region published on the Regional Council website (administrative-territorial structure, culture, nature, etc.)? | C21: yes | D21: https://vinrada.gov.ua/pasport_oblasti.htm https://vinrada.gov.ua/%D0%86storiya_vinnichinni.htm | E21: yes | F21: http://volynrada.gov.ua/general-information | G21: yes | H21: https://oblrada.dp.gov.ua/region/passport-oblasti/ | I21: yes | J21: https://zt.gov.ua/index.php/oblasna-rada/istoriya-diyalnosti/z-istoriji-oblasnoji-radi.html | K21: yes | L21: https://zakarpat-rada.gov.ua/zakarpattya/ | M21: yes | N21: http://zor.gov.ua/zap-krai | O21: yes | P21: https://orada.if.ua/%d0%bf%d1%80%d0%b8%d0%ba%d0%b0%d1%80%d0%bf%d0%b0%d1%82%d1%82%d1%8f/%d1%96%d1%81%d1%82%d0%be%d1%80%d0%b8%d1%87%d0%bd%d0%b0-%d0%b4%d0%be%d0%b2%d1%96%d0%b4%d0%ba%d0%b0/ https://orada.if.ua/%d0%bf%d1%80%d0%b8%d0%ba%d0%b0%d1%80%d0%bf%d0%b0%d1%82%d1%82%d1%8f/%d0%ba%d0%b0%d1%80%d1%82%d0%b0-%d0%be%d0%b1%d0%bb%d0%b0%d1%81%d1%82%d1%96/ | Q21: yes | R21: https://kor.gov.ua/kyivska_oblast/pro_oblast.html | S21: yes | T21: https://oblrada.kr.ua/administrativno-teritorialnij-ustrij | U21: yes | V21: https://lvivoblrada.gov.ua/about-the-council/asociaciya-radi-lvivshchini/%D0%BF%D0%B0%D1%81%D0%BF%D0%BE%D1%80%D1%82_%D0%BB%D1%8C%D0%B2%D1%96%D0%B2%D1%81%D1%8C%D0%BA%D0%BE%D1%97_%D0%BE%D0%B1%D0%BB%D0%B0%D1%81%D1%82%D1%96_394cms.htm | W21: yes | X21: https://www.mk-oblrada.gov.ua/pro-oblast | Y21: yes | Z21: http://oblrada.odessa.gov.ua/odeska-oblast/pasport-oblasti/ http://oblrada.odessa.gov.ua/odeska-oblast/administratyvno-terytorialnij-ustrij/ | AA21: yes | AB21: http://oblrada-pl.gov.ua/index.php?option=com_content&view=category&id=43&Itemid=79 | AC21: yes | AD21: https://ror.gov.ua/rivnemap https://ror.gov.ua/istoriya-miscevogo-samovryaduvannya-rivnenshini | AE21: yes | AF21: https://sorada.gov.ua/pro-sumsku-oblast.html | AG21: yes | AH21: http://te-rada.org/?id=45 | AI21: yes | AJ21: http://www.oblrada.kharkov.ua/ua/kharkiv-region | AK21: no | AL21: uk.wikipedia.org/wiki/ | AM21: yes | AN21: http://km-oblrada.gov.ua/xmelnicka-oblast/ https://km-oblrada.gov.ua/istorichna-dovidka-pro-diyalnist-obl/ | AO21: yes | AP21: https://www.oblradack.gov.ua/geografichne-pologennja https://www.oblradack.gov.ua/istoria https://www.oblradack.gov.ua/symvolika https://www.oblradack.gov.ua/naselennja https://www.oblradack.gov.ua/administratyvno-teretorialnij-ustrij https://www.oblradack.gov.ua/istorychni-ta-kulturni-obekty | AQ21: yes | AR21: http://oblrada.cv.ua/passport/ | AS21: yes | AT21: https://chor.gov.ua/nash-kray/administrativno-teritorialniy-ustriy ; https://chor.gov.ua/nash-kray/istoriya ; https://chor.gov.ua/nash-kray/vidatni-osobistosti
A22: Q21 | B22: Is the procedure for the public access to the Regional Council sessions published in the user-friendly access on the Regional Council website? | C22: yes | D22: https://vinrada.gov.ua/poryadok-dostupu-do-sesijnoi-zali.htm | E22: yes | F22: http://volynrada.gov.ua/node/44694 | G22: yes | H22: https://oblrada.dp.gov.ua/plenarn%d1%96-zas%d1%96dannja/ | I22: no | K22: yes | L22: https://zakarpat-rada.gov.ua/category/rozporyadzhennya/page/3/ | M22: no | O22: yes | P22: https://orada.if.ua/%d0%bf%d1%80%d0%be-%d1%81%d0%ba%d0%bb%d0%b8%d0%ba%d0%b0%d0%bd%d0%bd%d1%8f-%d0%b4%d1%80%d1%83%d0%b3%d0%be%d1%97-%d1%81%d0%b5%d1%81%d1%96%d1%97-%d0%be%d0%b1%d0%bb%d0%b0%d1%81%d0%bd%d0%be%d1%97-%d1%80/ | Q22: yes | R22: https://kor.gov.ua/pres-tsentr/akredytatsiia%20_predstavnykiv_zmi.html https://kor.gov.ua/pres-tsentr/akredytatsiia_predstavnykiv_zmi.html | S22: no | U22: no | W22: no | Y22: yes | Z22: http://oblrada.odessa.gov.ua/wp-content/uploads/Pravyla-propusknogo-rezhymu-2017-.pdf | AA22: no | AC22: yes | AD22: https://ror.gov.ua/plan-kalendar | AE22: yes | AF22: https://sorada.gov.ua/pro-oblasnu-radu/reglament-roboty-oblasnoji-rady.html | AG22: yes | AH22: http://te-rada.org/list/?t=4&s=rada | AI22: yes | AJ22: http://www.oblrada.kharkov.ua/ua/about-rada/regulations http://www.oblrada.kharkov.ua/ua/press-center/anonsy/anonsy-all/25806-plan-osnovnikh-zakhodiv-kharkivskoji-oblasnoji-radi-ta-jiji-vikonavchogo-aparatu-z-08-po-14-lyutogo-2021-roku | AK22: yes | AL22: https://drive.google.com/file/d/1keBkE66EwpiW7cSHfJSU67xTKRPF6ckn/view | AM22: yes | AN22: http://km-oblrada.gov.ua/dostup-do-publichnoi-informacii/ | AO22: yes | AP22: https://www.oblradack.gov.ua/reglament-oblasnoyi-radi | AQ22: yes | AR22: http://oblrada.cv.ua/document/list/section/46/ | AS22: yes | AT22: https://chor.gov.ua/normativni-dokumenti/reglament; https://chor.gov.ua/nasha-diyalnist/anonsi/item/7582-nahaduiemo-pro-poriadok-dostupu-osib-do-plenarnykh-zasidan-cherni
A23: Q22 | B23: Is there an instrument allowing the public to submit, track and sign electronic petitions to the Regional Council on the Regional Council website? | C23: yes | D23: https://vinrada.gov.ua/elektronni-peticii.htm | E23: yes | F23: https://petition.e-dem.ua/volyn-or/petition/All | G23: yes | H23: https://oblrada.dp.gov.ua/electronni-petisii/ | I23: yes | J23: https://petition.e-dem.ua/zhytomyr | K23: no | M23: yes | N23: http://petition.zor.gov.ua | O23: no | P23: https://e-dem.in.ua/ivano-frankivsk-or | Q23: yes | R23: https://petition.kor.gov.ua/ | S23: yes | T23: https://oblrada.kr.ua/elektronna-petitsiya | U23: yes | V23: https://petition.e-dem.ua/lviv-or | W23: yes | X23: https://petition.e-dem.ua/mykolayiv-or | Y23: no | AA23: yes | AB23: https://petition.e-dem.ua/poltava-or | AC23: yes | AD23: https://ror.gov.ua/petycia | AE23: yes | AF23: https://sorada.gov.ua/pro-oblasnu-radu/34-about-sumy-oblast-council/17392-petitions.html | AG23: yes | AH23: http://petition.te-rada.org/petition | AI23: yes | AJ23: http://www.oblrada.kharkov.ua/petitions/ | AK23: yes | AL23: http://petition.khor.gov.ua/ | AM23: yes | AN23: https://km-oblrada.gov.ua/peticii/ | AO23: yes | AP23: https://pt.oblradack.gov.ua/ | AQ23: yes | AR23: http://oblrada.cv.ua/petitions/ | AS23: no | AT23: https://e-dem.in.ua/chernihiv-or/
A24: Q23 | B24: Are the conditions for providing grants and funding of business projects from the regional budget to the regional residents published on the Regional Council website? | C24: yes | D24: https://vinrada.gov.ua/ogoloshennya-86.htm | E24: yes | F24: http://volynrada.gov.ua/actualna-informacia/konkurs-mistsevikh-initsiativ | G24: yes | H24: https://oblrada.dp.gov.ua/category/diyalnist/konkursy/ | I24: no | K24: no | M24: no | O24: yes | P24: http://www.orada.if.ua/----/ | Q24: yes | R24: https://kor.gov.ua/pres-tsentr/novyny.html | S24: no | U24: no | W24: no | Y24: yes | Z24: http://oblrada.odessa.gov.ua/pro-oblasnu-radu/do-vidoma-gromady/ | AA24: yes | AB24: https://oblrada-pl.gov.ua/index.php?option=com_content&view=article&id=9759&Itemid=213 https://oblrada-pl.gov.ua/index.php?option=com_content&view=article&id=9758&Itemid=212 | AC24: yes | AD24: https://ror.gov.ua/konkursi-i-proekti | AE24: yes | AF24: https://sorada.gov.ua/grants.html | AG24: no | AI24: yes | AJ24: http://oblrada.kharkov.ua/ua/contests-grants | AK24: yes | AL24: http://khor.gov.ua/oblasnyj-konkurs-proektiv-rozvytku/ | AM24: yes | AN24: https://km-oblrada.gov.ua/premii-oblasnoi-radi/ | AO24: partially | AP24: https://www.oblradack.gov.ua/konkursi-ta-zmagannya | AQ24: yes | AR24: http://oblrada.cv.ua/news/69208/ | AS24: yes | AT24: https://chor.gov.ua/oblasnij-konkurs-zhurnalistskikh-robit
A25: Q24 | B25: Is the information on the given grants and business projects financed from the regional budget published on the Regional Council website? | C25: yes | D25: https://vinrada.gov.ua/peremozhci-6.htm https://vinrada.gov.ua/konkurs-vinnickoi-oblasnoi-radi-komfortni-gromadi.htm | E25: yes | F25: http://www.volynrada.gov.ua/news/reiting-proektiv-mistsevikh-initsiativ-konkursu-volinskoyi-oblasnoyi-radi | G25: no | H25: https://oblrada.dp.gov.ua/news/%d0%be%d0%b1%d0%bb%d0%b0%d1%81%d0%bd%d0%b0-%d1%80%d0%b0%d0%b4%d0%b0-%d0%be%d0%b3%d0%be%d0%bb%d0%be%d1%88%d1%83%d1%94-%d0%ba%d0%be%d0%bd%d0%ba%d1%83%d1%80%d1%81-%d0%b4%d0%bb%d1%8f-%d0%b3%d1%80%d0%be/ | I25: no | K25: no | M25: no | O25: no | Q25: yes | R25: https://kor.gov.ua/pres-tsentr/novyny.html | S25: no | U25: no | W25: no | Y25: no | AA25: yes | AB25: http://oblrada-pl.gov.ua/grant/grant010618.pdf | AC25: yes | AD25: https://ror.gov.ua/konkursi-i-proekti | AE25: yes | AF25: https://sorada.gov.ua/grants.html | AG25: no | AI25: yes | AJ25: http://www.oblrada.kharkov.ua/ua/contests-grants | AK25: no | AL25: http://khor.gov.ua/oblasnyj-konkurs-proektiv-gromadskyh-organizatsij/ | AM25: yes | AN25: https://km-oblrada.gov.ua/v-agencziyi-regionalnogo-rozvytku-hmelnyczkoyi-oblasti-obraly-peremozhcziv-konkursu-idej/ | AO25: no | AQ25: no | AS25: yes | AT25: https://chor.gov.ua/oblasnij-konkurs-zhurnalistskikh-robit https://chor.gov.ua/nasha-diyalnist/anonsi/item/10158-v-oblasnii-radi-vidbudetsia-vruchennia-premii-imeni-sofii-rusovoi
A26: Q25 | B26: Is the information on the completed and ongoing projects with foreign funding, implemented in the region (grant projects, international technical assistance projects), including reports on their implementation published on the Regional Council website? | C26: no | E26: yes | F26: http://volynrada.gov.ua/design | G26: no | I26: no | K26: no | M26: no | O26: no | Q26: yes | R26: https://kor.gov.ua/pres-tsentr/novyny.html | S26: no | U26: yes | V26: https://lvivoblrada.gov.ua/news | W26: no | Y26: yes | Z26: http://oblrada.odessa.gov.ua/pro-oblasnu-radu/napryamky-diyalnosti/mizhnarodna-diyalnist-ta-prykordonne-spivrobitnytstvo/ | AA26: no | AC26: yes | AD26: https://ror.gov.ua/upload/content/2020/September/ykR2Ythl.pdf https://ror.gov.ua/zviti-pro-vikonannya-oblasnih-program | AE26: yes | AF26: https://sorada.gov.ua/grants.html | AG26: no | AI26: yes | AJ26: https://hromadahealthcare.org/pro-proekt-efektivna-pervinna-medecina-v-gromady/ http://oblrada.kharkov.ua/ua/contests-grants/konkurs-efektyvna-pervynna-medytsyna-v-hromadi | AK26: no | AM26: yes | AO26: no | AQ26: yes | AS26: no
A27: Q26 | B27: Is the information on the open educational and cultural competitions for participation of youth and citizens published on the Regional Council website? | C27: yes | D27: https://vinrada.gov.ua/konkurs-vinnickoi-oblasnoi-radi-komfortni-gromadi.htm | E27: yes | F27: http://volynrada.gov.ua/awards/polozhennya-pro-oblasni-premiyi-za-zaslugi-u-sferi-nauki-i-osviti http://volynrada.gov.ua/awards/polozhennya-pro-poryadok-provedennya-konkursu-oblasnoyi-radi-sered-oblasnikh-raionnikh-miskik | G27: no | I27: yes | J27: https://zt.gov.ua/index.php/news.html | K27: yes | L27: https://zakarpat-rada.gov.ua/category/news/ | M27: yes | N27: http://www.zor.gov.ua/content/zaporizka-oblasna-rada-dlya-studentiv https://www.zor.gov.ua/content/spravzhnih-kozakiv-ne-spynyty-zaporizhci-provely-dystanciynyy-festyval-konkurs-vertepiv | O27: yes | P27: https://orada.if.ua/%d0%ba%d0%be%d0%bd%d0%ba%d1%83%d1%80%d1%81-%d1%96%d0%bd%d1%81%d1%82%d0%b8%d1%82%d1%83%d1%82%d1%96%d0%b2-%d0%b3%d1%80%d0%be%d0%bc%d0%b0%d0%b4%d1%8f%d0%bd%d1%81%d1%8c%d0%ba%d0%be%d0%b3%d0%be-%d1%81/ | Q27: yes | R27: https://kor.gov.ua/pres-tsentr/novyny.html | S27: yes | T27: https://www.oblrada.kr.ua/importance/ogoloshuetsya-konkurs-na-zdobuttya-oblasnoi-literaturnoi-premii-imeni-evgena-malanyuka | U27: no | W27: yes | X27: https://www.mk-oblrada.gov.ua/konkursy-ta-proekty | Y27: yes | Z27: http://oblrada.odessa.gov.ua/pro-oblasnu-radu/konkursy-ta-nagorody/ | AA27: yes | AB27: http://oblrada-pl.gov.ua/index.php?option=com_content&view=article&id=10234&Itemid=218 | AC27: yes | AD27: https://rivnerayrada.rv.ua/samovryaduvannya/konkursu-proektu | AE27: yes | AF27: https://sorada.gov.ua/grants.html | AG27: no | AI27: yes | AJ27: http://www.oblrada.kharkov.ua/ua/contests-grants | AK27: yes | AL27: http://khor.gov.ua/oblasnyj-konkurs-proektiv-gromadskyh-organizatsij/ | AM27: yes | AN27: http://km-oblrada.gov.ua/premii-oblasnoi-radi/ | AO27: no | AQ27: no | AS27: yes | AT27: https://chor.gov.ua/nasha-diyalnist/anonsi https://chor.gov.ua/nasha-diyalnist/anonsi/item/8707-uvaha-rozpochalasia-robota-po-pidhotovtsi-konkursu-festyvaliu-dyt ; https://chor.gov.ua/nasha-diyalnist/anonsi/item/8439-studentiv-vyshiv-chernihivshchyny-zaproshuiut-vsiaty-uchast-u-vse
A28: Q27 | B28: Is there a separate section in English on the Regional Council website, where the foreigners may find postal contact details, phone numbers of the Regional Council management in specific fields and the head of the Regional Council? | C28: yes | E28: no | G28: yes | H28: https://oblrada.dp.gov.ua/en/ | I28: no | K28: no | M28: yes | N28: Google translator | O28: yes | P28: http://www.orada.if.ua/en/regional-council/contacts/ | Q28: no | S28: no | U28: no | W28: no | Y28: no | AA28: no | AC28: yes | AD28: https://ror.gov.ua/struktura http://www.oblrada.rv.ua/sklad_struktura/vikonavchiy_aparat/ http://www.oblrada.rv.ua/mistseve_samovryaduvannya/pasport_oblasti/index.php?SECTION_ID=92&ELEMENT_ID=10016 | AE28: yes | AF28: Google translate | AG28: yes | AI28: yes | AJ28: http://www.oblrada.kharkov.ua/en/ | AK28: no | AM28: no | AO28: no | AQ28: no | AS28: partially | AT28: https://chor.gov.ua/oblasna-rada/kontakti
A29: Q28 | B29: Is the Regional Council procurement plan for the current period published on the Regional Council website? | C29: yes | D29: https://vinrada.gov.ua/richnij-plan-zakupivel-na-2020-rik.htm | E29: no | F29: http://volynrada.gov.ua/procurement | G29: yes | H29: https://oblrada.dp.gov.ua/category/diyalnist/richni-plani-zakupivel/ | I29: no | K29: no | M29: yes | N29: http://zor.gov.ua/content/derzhavni-zakupivli | O29: no | Q29: no | S29: yes | T29: https://www.oblrada.kr.ua/konkursni-torgi | U29: no | W29: no | Y29: yes | Z29: http://oblrada.odessa.gov.ua/pro-oblasnu-radu/derzhavni-zakupivli/odeska-oblasna-rada/ | AA29: yes | AB29: https://oblrada-pl.gov.ua/index.php?option=com_content&view=category&layout=blog&id=37&Itemid=65 | AC29: yes | AD29: https://ror.gov.ua/zakupivli-ta-vikoristannya-byudzhetnih-koshtiv | AE29: yes | AF29: https://sorada.gov.ua/derzhavni-zakupivli.html | AG29: partially | AH29: http://te-rada.org/list/?t=35&s=rada | AI29: yes | AJ29: http://www.oblrada.kharkov.ua/ua/component/content/article/316-richnyi-plan-zakupivel/23472-richnij-plan-zakupivel-na-2020-rik?Itemid=1319 | AK29: no | AM29: no | AO29: no | AQ29: no | AS29: no
A30: Q29 | B30: Are the procurement plans for 2014, 2015, 2016 published on the Regional Council website? | C30: partially | D30: https://vinrada.gov.ua/richnij-plan-zakupivel-na-2019-rik.htm | E30: yes | F30: http://volynrada.gov.ua/procurement | G30: yes | H30: https://oblrada.dp.gov.ua/category/diyalnist/richni-plani-zakupivel/ | I30: no | K30: no | M30: yes | N30: https://www.dzo.com.ua/companies/18061 | O30: no | Q30: no | S30: yes | T30: https://www.oblrada.kr.ua/konkursni-torgi | U30: no | W30: yes | X30: https://prozorro.gov.ua/tender/search?query=25696652 | Y30: yes | Z30: http://oblrada.odessa.gov.ua/pro-oblasnu-radu/derzhavni-zakupivli/odeska-oblasna-rada/ | AA30: yes | AB30: https://oblrada-pl.gov.ua/index.php?option=com_content&view=category&layout=blog&id=37&Itemid=65 | AC30: yes | AD30: https://ror.gov.ua/zakupivli-ta-vikoristannya-byudzhetnih-koshtiv | AE30: yes | AF30: https://sorada.gov.ua/derzhavni-zakupivli.html | AG30: yes | AI30: yes | AJ30: http://www.oblrada.kharkov.ua/ua/component/content/article/166-ukraine/documents/derzhavni-zakupivli/14990-richnij-plan-zakupivel-na-2016-rik-iz-zminami?Itemid=1319 | AK30: no | AM30: no | AN30: ProZorro | AO30: no | AQ30: yes | AR30: http://oblrada.cv.ua/activity/purchases/ | AS30: yes | AT30: https://chor.gov.ua/oblasna-rada/derzhavni-zakupivli
A31: Q30 | B31: Is there a separate section on the Regional Council website containing publication of information on the Regional Council procurements, including notifications on the planned Regional Council procurements? | C31: yes | D31: https://vinrada.gov.ua/richnij-plan-zakupivel-na-2020-rik.htm | E31: yes | F31: http://volynrada.gov.ua/procurement | G31: yes | H31: https://oblrada.dp.gov.ua/category/diyalnist/richni-plani-zakupivel/ | I31: no | K31: no | M31: yes | N31: https://www.dzo.com.ua/companies/18061 | O31: no | Q31: no | S31: yes | T31: https://www.oblrada.kr.ua/konkursni-torgi | U31: yes | V31: https://prozorro.gov.ua/tender/search?edrpou=25255072&edrpou=22340506 | W31: yes | X31: https://www.mk-oblrada.gov.ua/publichni-zakupivli-475cms.htm https://prozorro.gov.ua/tender/search?query=25696652 | Y31: yes | Z31: http://oblrada.odessa.gov.ua/pro-oblasnu-radu/derzhavni-zakupivli/odeska-oblasna-rada/ | AA31: yes | AB31: http://oblrada-pl.gov.ua/index.php?option=com_content&view=category&layout=blog&id=37&Itemid=65 | AC31: yes | AD31: https://ror.gov.ua/zakupivli-ta-vikoristannya-byudzhetnih-koshtiv | AE31: yes | AF31: https://sorada.gov.ua/derzhavni-zakupivli.html | AG31: yes | AH31: http://te-rada.org/list/?t=35&s=rada | AI31: yes | AJ31: http://www.oblrada.kharkov.ua/ua/public-information/vidkryti-dani/richnyi-plan-zakupivel | AK31: yes | AL31: http://khor.gov.ua/zakupivli-tovariv-robit-ta-poslug-za-derzhavni-koshty/ | AM31: yes | AN31: http://km-oblrada.gov.ua/derzhavni-zakupivli-orenda/plan-provedennya-zakupivel-tovariv-robit-poslug-za-byudzhetni-koshti/ | AO31: no | AQ31: no | AS31: no
A32: Q31 | B32: Is the information on the completed Regional Council procurements published in the respective section (type of procurement, date, price, candidates, their proposals, minutes of meetings of the Commission)? | C32: yes | D32: https://vinrada.gov.ua/2020-rik-2.htm | E32: partially | F32: https://data.gov.ua/dataset/5b6e5877-fc2d-4644-9da8-f880b80e009f/resource/fc209f82-819e-4f72-b940-76e1890b7488 | G32: yes | H32: https://oblrada.dp.gov.ua/category/diyalnist/richni-plani-zakupivel/ | I32: no | K32: no | M32: yes | N32: http://zor.gov.ua https://www.dzo.com.ua/companies/18061 | O32: no | Q32: no | S32: yes | T32: https://www.oblrada.kr.ua/konkursni-torgi | U32: yes | V32: https://prozorro.gov.ua/tender/search?edrpou=25255072&edrpou=22340506 | W32: yes | X32: https://prozorro.gov.ua/tender/search?query=25696652 | Y32: yes | Z32: http://oblrada.odessa.gov.ua/pro-oblasnu-radu/derzhavni-zakupivli/odeska-oblasna-rada/ | AA32: yes | AB32: http://oblrada-pl.gov.ua/index.php?option=com_content&view=category&layout=blog&id=37&Itemid=66 | AC32: yes | AD32: https://ror.gov.ua/zakupivli-ta-vikoristannya-byudzhetnih-koshtiv | AE32: yes | AF32: https://sorada.gov.ua/derzhavni-zakupivli.html https://sorada.gov.ua/opendata.html | AG32: yes | AH32: http://te-rada.org/?id=70 http://te-rada.org/list/?type=view&id=13293 | AI32: partially | AJ32: http://www.oblrada.kharkov.ua/ua/public-information/vidkryti-dani/richnyi-plan-zakupivel | AK32: no | AM32: yes | AN32: https://km-oblrada.gov.ua/nashi-zakupivli/ | AO32: no | AQ32: no | AS32: no
A33: Q32 | B33: Are all the contracts and the amendments thereto published on the Regional Council website on a regular basis (providing hyperlinks between contracts, invoices and amendments to contracts for easy access to all the documents relating to the respective contract)? | C33: yes | D33: https://vinrada.gov.ua/zakupivli-na-prozorro.htm | E33: no | F33: 1) https://zakupki.prom.ua/ 2) https://data.gov.ua/dataset/5b6e5877-fc2d-4644-9da8-f880b80e009f | G33: yes | H33: https://oblrada.dp.gov.ua/category/diyalnist/richni-plani-zakupivel/ | I33: no | K33: no | M33: yes | N33: http://zor.gov.ua/content/perelik-naboriv-danyh-shcho-pidlyagayut-oprylyudnennyu-u-formi-vidkrytyh-danyh | O33: no | Q33: no | S33: yes | T33: https://www.oblrada.kr.ua/konkursni-torgi | U33: yes | V33: https://prozorro.gov.ua/tender/search?edrpou=25255072&edrpou=22340506 | W33: yes | X33: https://prozorro.gov.ua/tender/search?query=25696652 | Y33: yes | Z33: http://oblrada.odessa.gov.ua/pro-oblasnu-radu/derzhavni-zakupivli/odeska-oblasna-rada/ | AA33: yes | AB33: http://oblrada-pl.gov.ua/index.php?option=com_content&view=category&layout=blog&id=37&Itemid=65 | AC33: yes | AD33: https://prozorro.gov.ua https://zakupki.prom.ua/ https://ror.gov.ua/zakupivli-ta-vikoristannya-byudzhetnih-koshtiv | AE33: no | AF33: https://sorada.gov.ua/opendata.html https://data.gov.ua/dataset/fb35f971-c914-45bd-8ffa-5bae876dfaa9 | AG33: no | AI33: no | AK33: no | AM33: yes | AN33: https://km-oblrada.gov.ua/nashi-zakupivli/ | AO33: no | AQ33: no | AS33: no
A34: Q33 | B34: Is there a possibility to track on the Regional Council website in a real-time mode the information on procurements carried out through the e-procurement system with the respective hyperlinks to the current offers? | C34: yes | D34: https://vinrada.gov.ua/zakupivli-na-prozorro.htm | E34: no | G34: no | I34: no | K34: no | M34: yes | N34: http://zor.gov.ua https://www.dzo.com.ua/companies/18061 | O34: no | Q34: no | S34: yes | T34: https://www.oblrada.kr.ua/konkursni-torgi | U34: yes | V34: https://prozorro.gov.ua/tender/search?edrpou=25255072&edrpou=22340506 | W34: yes | X34: https://prozorro.gov.ua/tender/search?query=25696652 | Y34: yes | Z34: http://oblrada.odessa.gov.ua/pro-oblasnu-radu/derzhavni-zakupivli/odeska-oblasna-rada/ | AA34: yes | AB34: http://oblrada-pl.gov.ua/index.php?option=com_content&view=category&layout=blog&id=37&Itemid=65 | AC34: yes | AD34: https://ror.gov.ua/zakupivli-ta-vikoristannya-byudzhetnih-koshtiv | AE34: no | AG34: no | AI34: no | AK34: no | AM34: yes | AN34: http://km-oblrada.gov.ua/vidkriti-dani/ | AO34: no | AQ34: no | AS34: no
A35: Q34 | B35: Does the Regional Council publish on its website the list of agencies, institutions, enterprises joint property of territorial communities of villages, towns and cities in the region? | C35: yes | D35: https://vinrada.gov.ua/reestr-dovidnik-pidpriemstv-ustanov-%C2%A0organizacij-obektiv-spilnoi-vlasnosti-teritorialnih-gromad-sil-selisch-mist-oblasti.htm | E35: yes | F35: http://volynrada.gov.ua/communal/list | G35: yes | H35: https://oblrada.dp.gov.ua/diyalnist/zakladi-utanovi/perelik-okp/%d0%be%d0%b1%d0%bb%d0%b0%d1%81%d0%bd%d1%96-%d0%ba%d0%be%d0%bc%d0%bc%d1%83%d0%bd%d0%b0%d0%bb%d1%8c%d0%bd%d1%96-%d0%bf%d1%96%d0%b4%d0%bf%d1%80%d0%b8%d1%94%d0%bc%d1%81%d1%82%d0%b2%d0%b0-%d0%b7/ | I35: no | K35: no | L35: http://usvth.uz.ua/ | M35: yes | N35: http://zor.gov.ua/komunalna-vlasnist https://zor.gov.ua/content/perelik-naboriv-danyh-shcho-pidlyagayut-oprylyudnennyu-u-formi-vidkrytyh-danyh | O35: yes | P35: http://www.orada.if.ua//--/-/ | Q35: yes | R35: https://kor.gov.ua/kyivska_oblast/pidporiadkovani_pidpryiemstva/komunalni_pidpryiemstva.html | S35: yes | T35: https://oblrada.kr.ua/informatsijna-baza | U35: yes | V35: https://lvivoblrada.gov.ua/activity/maino-spilnoji-vlasnosti/maino-spilnoji-vlasnosti-1 | W35: yes | X35: https://www.mk-oblrada.gov.ua/zaklady-ustanovy-ta-organizatsii | Y35: yes | Z35: http://property.odessa.gov.ua/perelik-obyektiv/ | AA35: yes | AB35: http://oblrada-pl.gov.ua/index.php?option=com_content&view=article&id=875&Itemid=139 https://data.gov.ua/organization/upravlinnia-mainom-poltavskoyi-oblasnoyi-rady | AC35: yes | AD35: https://ror.gov.ua/perelik-oblasnih-komunalnih-zakladiv-pidpriyemstv-ustanov | AE35: yes | AF35: http://mayno.sm.gov.ua/node/13 | AG35: yes | AH35: http://te-rada.org/?id=86 | AI35: yes | AJ35: http://www.oblrada.kharkov.ua/ua/public-information/zaklady-osvity-shcho-perebuvaiut-u-spilnii-vlasnosti-hromad-oblasti | AK35: yes | AL35: http://khor.gov.ua/komunalni-ustanovy-ta-pidpryyemstva/ | AM35: yes | AO35: yes | AP35: https://www.oblradack.gov.ua/upravlnnya-maynom-oblasnoyi-komunalnoyi-vlasnost-vikonavchogo-aparatu-oblasnoyi-radi. https://www.oblradack.gov.ua/5374-xh-sesia-oblasnoii-radi-vi-sklikannia | AQ35: yes | AR35: http://oblrada.cv.ua/activity/communal/ | AS35: yes | AT35: https://chor.gov.ua/normativni-dokumenti/rishennya/item/6297-pro-zatverdzhennia-perelikiv-ob-iektiv-spilnoi-vlasnosti-terytori
A36: Q35 | B36: Does the Regional Council publish on its website the list of real property of joint property of territorial communities of villages, towns and cities in the region? | C36: no | E36: yes | F36: http://volynrada.gov.ua/communal/perelik-maina-spilnoyi-vlasnosti-teritorialnikh-gromad-sil-selishch-mist-oblasti-shcho-pere http://volynrada.gov.ua/communal/perelik-gosprozrakhunkovikh-pidpriyemstv-pidporyadkovanikh-vikonavchomu-aparatu-oblasnoyi-r; http://volynrada.gov.ua/communal/perelik-byudzhetnikh-ustanov-yaki-pidporyadkovani-vikonavchomu-aparatu-oblasnoyi-radi-ta-na; http://volynrada.gov.ua/communal/perelik-aktsii-payiv-chastok-shcho-ye-spilnoyu-vlasnistyu-teritorialnikh-gromad-sil-selishc; http://volynrada.gov.ua/communal/perelik-maina-spilnoyi-vlasnosti-teritorialnikh-gromad-sil-selishch-mist-oblasti-shcho-pere; http://volynrada.gov.ua/communal/list | G36: no | I36: yes | J36: https://zt.gov.ua/index.php/upravlinnya-majnom/robocha-grupa-z-pitan-vikoristannya-majna/%D0%BD%D0%B5%D1%80%D1%83%D1%85%D0%BE%D0%BC%D0%B5-%D0%BC%D0%B0%D0%B9%D0%BD%D0%BE,-%D0%B2%D0%BA%D0%BB%D1%8E%D1%87%D0%B5%D0%BD%D0%B5-%D0%B4%D0%BE-%D0%BF%D0%B5%D1%80%D0%B5%D0%BB%D1%96%D0%BA%D1%83-%D0%BF%D0%B5%D1%80%D1%88%D0%BE%D0%B3%D0%BE-%D1%82%D0%B8%D0%BF%D1%83.html | K36: no | L36: http://usvth.uz.ua/obiekty-svth/obiekty-nerukhomoho-maina.html | M36: yes | N36: http://zor.gov.ua/node/19 https://zor.gov.ua/content/perelik-naboriv-danyh-shcho-pidlyagayut-oprylyudnennyu-u-formi-vidkrytyh-danyh (.3) | O36: yes | P36: http://www.orada.if.ua//--/-/ | Q36: yes | R36: https://kor.gov.ua/kyivska_oblast/pidporiadkovani_pidpryiemstva/komunalni_pidpryiemstva.html | S36: yes | T36: https://oblrada.kr.ua/informatsijna-baza | U36: yes | V36: https://lvivoblrada.gov.ua/activity/maino-spilnoji-vlasnosti/maino-spilnoji-vlasnosti-1 | W36: yes | X36: http://mayno.mk.gov.ua/uk | Y36: yes | Z36: http://property.odessa.gov.ua/perelik-obyektiv/ | AA36: yes | AB36: http://oblrada-pl.gov.ua/index.php?option=com_content&view=article&id=875&Itemid=139 https://data.gov.ua/organization/upravlinnia-mainom-poltavskoyi-oblasnoyi-rady | AC36: yes | AD36: https://ror.gov.ua/perelik-obyektiv-spilnoyi-vlasnosti-teritorialnih-gromad-obl | AE36: yes | AF36: https://sorada.gov.ua/upr-mayno/3681-perelik-objektiv-neruhomosti-spilnoji-vlasnosti-terytorialnyh-gromad-sil-selyshch-mist-sumskoji-oblasti.html | AG36: yes | AH36: https://drive.google.com/drive/folders/1vjBO9n-Fa9w_XQ3rezoJ0sN-aUttzDPr | AI36: yes | AK36: yes | AL36: http://khor.gov.ua/orenda-auktsion/ | AM36: yes | AN36: http://km-oblrada.gov.ua/vidkriti-dani/ | AO36: yes | AP36: https://www.oblradack.gov.ua/5374-xh-sesia-oblasnoii-radi-vi-sklikannia | AQ36: yes | AR36: http://oblrada.cv.ua/activity/communal/ | AS36: yes | AT36: https://ukm.chor.gov.ua/pro-upravlinnya-komunalnogo-majna/ob-ekti-komunalnoji-vlasnosti/item/71-perelik-ob-iektiv-nerukhomoho-maina-spilnoi-vlasnosti-terytorialn
A37: Q36 | B37: Are the procedure and conditions of communal property objects’ privatization published on the Regional Council website? | C37: yes | D37: https://vinrada.gov.ua/perelik-orendariv-v-budinkah-scho-znahodyatsya-na-balansi-upravlinnya-spilnoi-komunalnoi-vlasnosti.htm https://vinrada.gov.ua/rishennya-8.htm | E37: no | F37: http://volynrada.gov.ua/communal/polozhennya-pro-diyalnist-auktsionnoyi-komisiyi-z-prodazhu-ob-yektiv-maloyi-privatizatsiyi- (https://zakon.rada.gov.ua/laws/show/2269-19#Text) | G37: no | I37: no | K37: no | L37: http://usvth.uz.ua/ | M37: yes | N37: https://zor.gov.ua/content/regulyatorni-akty | O37: yes | P37: http://www.orada.if.ua//--// | Q37: yes | R37: https://kor.gov.ua/kyivska_oblast/pidporiadkovani_pidpryiemstva/poriadky.html | S37: yes | T37: https://www.oblrada.kr.ua/normativna-baza | U37: yes | V37: https://lvivoblrada.gov.ua/activity/privatizaciyu | W37: no | X37: https://www.mk-oblrada.gov.ua/news?group=29 https://www.mk-oblrada.gov.ua/normatyvna-baza | Y37: yes | Z37: http://property.odessa.gov.ua/orenda-i-pryvatyzatsiya/ | AA37: yes | AB37: http://oblrada-pl.gov.ua/uploads/1234.pdf | AC37: yes | AD37: https://ror.gov.ua/informaciya-pro-vidchuzhennya-maina | AE37: yes | AF37: https://sorada.gov.ua/dokumenty-oblrady/rishennja-oblasnoji-rady/7-sklykannja/category/178-23-session-7-skl.html http://mayno.sm.gov.ua/sites/default/files/ | AG37: yes | AH37: http://te-rada.org/document/ | AI37: no | AK37: yes | AL37: http://khor.gov.ua/pryvatyzatsiya/ | AM37: yes | AN37: https://km-oblrada.gov.ua/komunalna-vlasnist/ | AO37: yes | AP37: https://www.oblradack.gov.ua/xkhvi-sesiya-oblasnoi-radi-vii-sklikannya | AQ37: yes | AR37: http://oblrada.cv.ua/documents/ ris 20_6_158.rar | AS37: yes | AT37: https://ukm.chor.gov.ua/normativni-dokumenti/normativno-pravova-informatsiya/item/641-polozhennia-pro-poriadok-peredachi-ob-iektiv-prava-spilnoi-vlasno
A38: Q37 | B38: Are the procedure and conditions for the deprivation of the right to use communal property objects published on the Regional Council website? | C38: yes | D38: https://vinrada.gov.ua/upload/files/7sklikannya/38ses/833.pdf | E38: yes | F38: http://volynrada.gov.ua/communal/polozhennya-pro-poryadok-vidchuzhennya-maina-shcho-perebuvaye-u-spilnii-vlasnosti-teritoria | G38: no | I38: yes | J38: http://6.zt.gov.ua/index.php/ofitsijni-dokumenti/normativni-dokumenti/rishennya-oblasnoji-radi/3837-%E2%84%96-817-%D0%BF%D1%80%D0%BE-%D0%B7%D0%B0%D1%82%D0%B2%D0%B5%D1%80%D0%B4%D0%B6%D0%B5%D0%BD%D0%BD%D1%8F-%D0%BF%D0%BE%D0%BB%D0%BE%D0%B6%D0%B5%D0%BD%D0%BD%D1%8F-%D0%BF%D1%80%D0%BE-%D0%BF%D0%BE%D1%80%D1%8F%D0%B4%D0%BE%D0%BA-%D0%B2%D1%96%D0%B4%D1%87%D1%83%D0%B6%D0%B5%D0%BD%D0%BD%D1%8F-%D0%BC%D0%B0%D0%B9%D0%BD%D0%B0,-%D1%89%D0%BE-%D0%BF%D0%B5%D1%80%D0%B5%D0%B1%D1%83%D0%B2%D0%B0%D1%94-%D1%83-%D1%81%D0%BF%D1%96%D0%BB%D1%8C%D0%BD%D1%96%D0%B9-%D0%B2%D0%BB%D0%B0%D1%81%D0%BD%D0%BE%D1%81%D1%82%D1%96-%D1%82%D0%B5%D1%80%D0%B8%D1%82%D0%BE%D1%80%D1%96%D0%B0%D0%BB%D1%8C%D0%BD%D0%B8%D1%85-%D0%B3%D1%80%D0%BE%D0%BC%D0%B0%D0%B4-%D1%81%D1%96%D0%BB,-%D1%81%D0%B5%D0%BB%D0%B8%D1%89,-%D0%BC%D1%96%D1%81%D1%82-%D0%BE%D0%B1%D0%BB%D0%B0%D1%81%D1%82%D1%96,-%D1%83-%D0%BD%D0%BE%D0%B2%D1%96%D0%B9-%D1%80%D0%B5%D0%B4%D0%B0%D0%BA%D1%86%D1%96%D1%97.html | K38: no | L38: http://usvth.uz.ua/ | M38: yes | N38: https://zor.gov.ua/content/dvadcyat-druga-sesiya-pyatogo-sklykannya https://zor.gov.ua/content/odynadcyata-sesiya-shostogo-sklykannya | O38: yes | P38: http://www.orada.if.ua//--// | Q38: yes | R38: https://kor.gov.ua/kyivska_oblast/pidporiadkovani_pidpryiemstva/poriadky/vidchuzhennia_ob_yektiv_spilnoi_vlasnosti_terytorialnykh_hromad.html | S38: yes | T38: https://www.oblrada.kr.ua/garyacha-informatsiya | U38: no | V38: https://lvivoblrada.gov.ua/activity/privatizaciyu | W38: yes | X38: https://www.mk-oblrada.gov.ua/normatyvna-baza | Y38: yes | Z38: http://property.odessa.gov.ua/orenda-i-pryvatyzatsiya/ | AA38: no | AC38: yes | AD38: https://ror.gov.ua/informaciya-pro-vidchuzhennya-maina. https://ror.gov.ua/polozhennya-oblasnoyi-radi/polozhennya-pro-poryadok-upravlinnya-obyektami-spilnoyi-vlas | AE38: yes | AF38: https://sorada.gov.ua/dokumenty-oblrady/rishennja-oblasnoji-rady/7-sklykannja/category/178-23-session-7-skl.html http://mayno.sm.gov.ua/sites/default/files/ | AG38: yes | AH38: http://te-rada.org/document/ | AI38: no | AK38: no | AM38: yes | AN38: http://km-oblrada.gov.ua/derzhavni-zakupivli-orenda/ | AO38: yes | AP38: https://www.oblradack.gov.ua/normativno-regulyatorn-akti | AQ38: yes | AR38: http://oblrada.cv.ua/documents/ ris 20_6_158.rar | AS38: yes | AT38: https://ukm.chor.gov.ua/normativni-dokumenti/normativno-pravova-informatsiya/item/6-polozhennia-pro-poriadok-vidchuzhennia-ta-spysannia-maina-shcho-i
A39: Q38 | B39: Are the procedure and conditions of the territorial community’s property rental published on the Regional Council website? | C39: yes | D39: https://vinrada.gov.ua/rishennya-8.htm | E39: yes | F39: http://volynrada.gov.ua/communal/polozhennya-pro-orendu-nerukhomogo-maina-spilnoyi-vlasnosti-teritorialnikh-gromad-sil-selis http://volynrada.gov.ua/communal/polozhennya-pro-orendu-nerukhomogo-maina-spilnoyi-vlasnosti- teritorialnikh-gromad-sil-selis; " "(https://zakon.rada.gov.ua/laws/show/157-20#Text) | G39: no | I39: no | K39: no | L39: http://usvth.uz.ua/diialnist/orenda-maina/normatyvna-baza.html | M39: yes | N39: http://zor.gov.ua/content/regulyatorni-akty http://zor.gov.ua/content/perelik-naboriv-danyh-shcho-pidlyagayut-oprylyudnennyu-u-formi-vidkrytyh-danyh | O39: yes | P39: http://www.orada.if.ua//--// | Q39: yes | R39: https://kor.gov.ua/kyivska_oblast/pidporiadkovani_pidpryiemstva/poriadky/orenda_maina_spilnoi_vlasnosti.html | S39: yes | T39: https://www.oblrada.kr.ua/garyacha-informatsiya | U39: yes | V39: https://lvivoblrada.gov.ua/activity/orenda | W39: yes | X39: https://www.mk-oblrada.gov.ua/normatyvna-baza | Y39: yes | Z39: http://property.odessa.gov.ua/orenda-i-pryvatyzatsiya/ | AA39: yes | AB39: http://oblrada-pl.gov.ua/uploads/123456789.pdf | AC39: yes | AD39: https://ror.gov.ua/rishennya-oblasnoyi-radi-7-sklikannya/1762-pro-orendu-maina-spilnoyi-vlasnosti-teritorialnih-groma-1598612088 https://ror.gov.ua/orenda-maina https://ror.gov.ua/polozhennya-oblasnoyi-radi/polozhennya-pro-poryadok-upravlinnya-obyektami-spilnoyi-vlas https://ror.gov.ua/rishennya-oblasnoyi-radi-8-sklikannya | AE39: yes | AF39: https://sorada.gov.ua/upr-mayno/14996-porjadok-peredachi-v-orendu-majna-shcho-perebuvaje-u-spilnij-vlasnosti-terytorialnyh-gromad-sil-selyshch-mist-sumskoji-oblasti.html http://mayno.sm.gov.ua/sites/default/files/ | AG39: yes | AH39: http://te-rada.org/list/?t=31&s=rada | AI39: yes | AJ39: https://www.ts.lica.com.ua/?type=1&base=77&menu=378957&id=18850 | AK39: yes | AL39: http://khor.gov.ua/orenda-auktsion/ | AM39: yes | AN39: https://km-oblrada.gov.ua/normativna-baza/ | AO39: no | AQ39: yes | AR39: http://oblrada.cv.ua/activity/regulator_acts/ | AS39: yes | AT39: https://chor.gov.ua/normativni-dokumenti/rishennya/item/532-pro-zatverdzhennya-polozhennya-pro-poryadok-provedennya-konkursu; https://chor.gov.ua/component/k2/item/6749-pro-vnesennia-zmin-do-polozhennia-pro-poriadok-peredachi-maina-sp
A40: Q39 | B40: Is the procedure of competition for the right to purchase/rent the territorial community’s property published on the Regional Council website? | C40: yes | D40: https://vinrada.gov.ua/konkursi-9898.htm | E40: no | F40: https://zakon.rada.gov.ua/laws/show/483-2020-%D0%BF#n36 | G40: no | I40: no | K40: no | L40: http://usvth.uz.ua/diialnist/orenda-maina/normatyvna-baza.html | M40: yes | N40: http://www.zor.gov.ua/content/regulyatorni-akty http://zor.gov.ua/content/perelik-naboriv-danyh-shcho-pidlyagayut-oprylyudnennyu-u-formi-vidkrytyh-danyh | O40: yes | P40: http://www.orada.if.ua//--// | Q40: yes | R40: https://kor.gov.ua/kyivska_oblast/upravlinnia_spilnoiu_vlasnistiu/komunalna_ustanova_kyivskoi_oblasnoi_rady_fond_komunalnoho_maina/oholoshennia.html | S40: yes | T40: https://www.oblrada.kr.ua/korisna-informatsiya | U40: no | W40: yes | X40: https://www.mk-oblrada.gov.ua/normatyvna-baza | Y40: yes | Z40: http://property.odessa.gov.ua/orenda-i-pryvatyzatsiya/ | AA40: yes | AB40: http://oblrada-pl.gov.ua/ses/next/732.pdf | AC40: yes | AD40: https://ror.gov.ua/orenda-maina https://ror.gov.ua/polozhennya-oblasnoyi-radi/polozhennya-pro-poryadok-upravlinnya-obyektami-spilnoyi-vlas | AE40: yes | AF40: https://sorada.gov.ua/upr-mayno/19945-polozhennja-pro-auktsionnu-komisiju-z-prodazhu-objektiv-spilnoji-vlasnosti-terytorialnyh-gromad-sil-selyshch-mist-sumskoji-oblasti.html https://sorada.gov.ua/upr-mayno/14996-porjadok-peredachi-v-orendu-majna-shcho-perebuvaje-u-spilnij-vlasnosti-terytorialnyh-gromad-sil-selyshch-mist-sumskoji-oblasti.html http://mayno.sm.gov.ua/sites/default/files/ | AG40: yes | AH40: http://te-rada.org/search/#&val=1312&type=deputy;list;document;archive;page; | AI40: no | AK40: yes | AL40: http://khor.gov.ua/orenda-auktsion/ | AM40: yes | AN40: http://km-oblrada.gov.ua/derzhavni-zakupivli-orenda/perelik-dogovoriv/?hilite=%27e-data%27 https://km-oblrada.gov.ua/normativna-baza/ | AO40: no | AQ40: yes | AR40: http://oblrada.cv.ua/documents/ | AS40: yes | AT40: https://chor.gov.ua/normativni-dokumenti/rishennya/item/532-pro-zatverdzhennya-polozhennya-pro-poryadok-provedennya-konkursu; https://chor.gov.ua/component/k2/item/6749-pro-vnesennia-zmin-do-polozhennia-pro-poriadok-peredachi-maina-sp
A41: Q40 | B41: Is the information on the planned competitive procedures for the sale/rental of the territorial community’s property published on the Regional Council website? | C41: yes | D41: https://vinrada.gov.ua/2020-rik.htm | E41: no | F41: http://volynrada.gov.ua/announcement/pro-orendu-u-volinskomu-koledzhi-kulturi-ta-mistetstv | G41: no | I41: no | K41: no | L41: http://usvth.uz.ua/ | M41: yes | N41: http://zor.gov.ua/content/informaciyne-povidomlennya | O41: yes | P41: http://www.orada.if.ua//--// | Q41: yes | R41: https://kor.gov.ua/kyivska_oblast/upravlinnia_spilnoiu_vlasnistiu/komunalna_ustanova_kyivskoi_oblasnoi_rady_fond_komunalnoho_maina/oholoshennia.html | S41: yes | T41: https://www.oblrada.kr.ua/garyacha-informatsiya | U41: no | W41: yes | X41: https://www.mk-oblrada.gov.ua/news?group=28 | Y41: yes | Z41: https://property.odessa.gov.ua/ogoloshennya/ | AA41: no | AC41: yes | AD41: https://ror.gov.ua/proyekti-rishen-oblasnoyi-radi https://ror.gov.ua/rishennya-oblasnoyi-radi-8-sklikannya https://ror.gov.ua/informaciya-pro-vidchuzhennya-maina ProZorro. | AE41: yes | AF41: https://sorada.gov.ua/upr-mayno/20713-informatsija-pro-perelik-objektiv-spilnoji-vlasnosti-terytorialnyh-gromad-sil-selyshch-mist-sumskoji-oblasti-jaki-proponujutsja-do-pryvatyzatsiji.html https://sorada.gov.ua/upr-mayno/14996-porjadok-peredachi-v-orendu-majna-shcho-perebuvaje-u-spilnij-vlasnosti-terytorialnyh-gromad-sil-selyshch-mist-sumskoji-oblasti.html http://mayno.sm.gov.ua/sites/default/files/ | AG41: yes | AH41: http://te-rada.org/ | AI41: yes | AJ41: http://oblrada.kharkov.ua/ua/public-information/vidkryti-dani/perelik-nezadiianykh-zemelnykh-dilianok-i-mainovykh-ob-iektiv-prymishchen-komunalnoi-formy-vlasnosti-iaki-mozhut-buty-peredani-v-korystuvannia http://www.oblrada.kharkov.ua/ua/public-information/management-of-municipal-property/events-and-announcements | AK41: yes | AL41: http://khor.gov.ua/orenda-auktsion/ | AM41: yes | AN41: https://km-oblrada.gov.ua/derzhavni-zakupivli-orenda/ogoloshennya-pidpriyemstv-ustanov-organizacij-shho-perebuvayut-v-upravlinni-oblasnoi-radi/ | AO41: yes | AP41: https://www.oblradack.gov.ua/ogoloshennya-pro-peredachu-v-orendu-vilnikh-primischen | AQ41: no | AS41: yes | AT41: https://ukm.chor.gov.ua/potochna-diyalnist/informatsiya-pro-provedennya-konkursiv-na-pravo-orendi-komunalnogo-majna-oblasti
A42: Q41 | B42: Is the information on results of the competitive procedures of the sale/rental of the communal property objects published on the Regional Council website? | C42: yes | D42: https://vinrada.gov.ua/2020-rik.htm | E42: no | G42: no | I42: no | K42: no | L42: http://usvth.uz.ua/ | M42: yes | N42: http://zor.gov.ua/content/informaciyne-povidomlennya | O42: yes | P42: http://www.orada.if.ua//--/-/ | Q42: yes | R42: https://kor.gov.ua/kyivska_oblast/upravlinnia_spilnoiu_vlasnistiu/komunalna_ustanova_kyivskoi_oblasnoi_rady_fond_komunalnoho_maina/oholoshennia.html | S42: yes | T42: https://www.oblrada.kr.ua/garyacha-informatsiya | U42: no | W42: no | Y42: yes | Z42: https://property.odessa.gov.ua/ogoloshennya/ | AA42: no | AC42: yes | AD42: ProZorroSale. https://ror.gov.ua/informaciya-pro-vidchuzhennya-maina ProZorro. | AE42: yes | AF42: https://sorada.gov.ua/upr-mayno/21164-pro-zavershennja-pryvatyzatsiji-nezhytlovogo-prymishchennja-apteka-ploshcheju-1222-kvm-za-adresoju-sumska-oblast-lebedynskyj-rajon-selo-budylka-vulytsja-myru-budynok-34.html https://sorada.gov.ua/upr-mayno/21165-pro-zavershennja-pryvatyzatsiji-nezhytlovogo-prymishchennja-apteka-ploshcheju-1044-kvm-za-adresoju-sumska-oblast-lebedynskyj-rajon-selo-mezhyrich-vulytsja-tsentralna-budynok-71.html http://mayno.sm.gov.ua/sites/default/files/ | AG42: yes | AH42: http://te-rada.org/list/?t=29&s=rada | AI42: yes | AJ42: http://oblrada.kharkov.ua/ua/public-information/management-of-municipal-property/results-of-competitions | AK42: yes | AL42: http://khor.gov.ua/orenda-auktsion/ | AM42: partially | AN42: https://km-oblrada.gov.ua/rishennya-orendodavcya/ https://km-oblrada.gov.ua/povidomlennya-pro-prodazh-na-aukcioni/ | AO42: no | AQ42: no | AS42: yes | AT42: https://ukm.chor.gov.ua/2016-02-05-07-02-58 https://ukm.chor.gov.ua/2016-02-05-07-05-44
A43: Q42 | B43: Is the analysis of expediency of the sale/rental of property, including available financial maintenance expenses and the projected amount of revenues to the regional budget published before every sale/rental on the Regional Council website? | C43: no | E43: no | G43: no | I43: no | K43: no | M43: yes | N43: http://zor.gov.ua/content/regulyatorni-akty http://zor.gov.ua/content/perelik-naboriv-danyh-shcho-pidlyagayut-oprylyudnennyu-u-formi-vidkrytyh-danyh | O43: no | Q43: no | S43: no | U43: no | W43: no | Y43: no | AA43: no | AC43: yes | AD43: https://ror.gov.ua/proyekti-rishen-oblasnoyi-radi | AE43: no | AG43: no | AI43: no | AK43: no | AM43: no | AO43: no | AP43: https://www.oblradack.gov.ua/materiali-chergovoyi-sesyi-oblasnoyi-radi | AQ43: no | AS43: no
A44: Q43 | B44: Are the results of competitions for the sale/rental of property published on the Regional Council website on a regular basis? | C44: yes | D44: https://vinrada.gov.ua/2020-rik.htm | E44: no | G44: no | I44: no | K44: no | L44: http://usvth.uz.ua/ | M44: yes | N44: http://zor.gov.ua/content/informaciyne-povidomlennya | O44: yes | P44: http://www.orada.if.ua//--/-/ | Q44: yes | R44: https://kor.gov.ua/kyivska_oblast/upravlinnia_spilnoiu_vlasnistiu/komunalna_ustanova_kyivskoi_oblasnoi_rady_fond_komunalnoho_maina/oholoshennia.html | S44: yes | T44: https://www.oblrada.kr.ua/garyacha-informatsiya | U44: no | W44: no | Y44: yes | Z44: http://property.odessa.gov.ua/orenda-i-pryvatyzatsiya/ | AA44: no | AC44: yes | AD44: ProZorroSale. https://ror.gov.ua/informaciya-pro-vidchuzhennya-maina | AE44: yes | AF44: https://sorada.gov.ua/upr-mayno.html http://mayno.sm.gov.ua/sites/default/files/ | AG44: yes | AH44: http://te-rada.org/list/?t=29&s=rada | AI44: yes | AJ44: http://oblrada.kharkov.ua/ua/public-information/management-of-municipal-property/results-of-competitions | AK44: yes | AL44: http://khor.gov.ua/orenda-auktsion/ | AM44: yes | AN44: https://km-oblrada.gov.ua/rishennya-orendodavcya/ https://km-oblrada.gov.ua/povidomlennya-pro-prodazh-na-aukcioni/ | AO44: no | AQ44: no | AS44: yes | AT44: https://ukm.chor.gov.ua/2016-02-05-07-05-44
A45: Q44 | B45: Is the information regarding every sold/rented object with indication of the amount of revenues to the regional budget and a person who has won the competition published on the Regional Council website? | C45: yes | D45: https://vinrada.gov.ua/perelik-obektiv-neruhomosti-teritorialnih-gromad-vinnickoi-oblasti-yaki-perebuvajut-v-orendi-2.htm | E45: yes | G45: no | I45: no | J45: https://zt.gov.ua/index.php/upravlinnya-majnom/robocha-grupa-z-pitan-vikoristannya-majna/%D0%BE%D0%B1%E2%80%99%D1%94%D0%BA%D1%82%D0%B8-%D0%BA%D0%BE%D0%BC%D1%83%D0%BD%D0%B0%D0%BB%D1%8C%D0%BD%D0%BE%D1%97-%D0%B2%D0%BB%D0%B0%D1%81%D0%BD%D0%BE%D1%81%D1%82%D1%96,-%D1%89%D0%BE-%D0%BF%D0%B5%D1%80%D0%B5%D0%B4%D0%B0%D0%BD%D1%96-%D0%B2-%D0%BE%D1%80%D0%B5%D0%BD%D0%B4%D1%83-%D1%87%D0%B8-%D1%96%D0%BD%D1%88%D0%B5-%D0%BF%D1%80%D0%B0%D0%B2%D0%BE-%D0%BA%D0%BE%D1%80%D0%B8%D1%81%D1%82%D1%83%D0%B2%D0%B0%D0%BD%D0%BD%D1%8F.html | K45: no | L45: http://usvth.uz.ua/ | M45: yes | N45: http://zor.gov.ua/content/informaciyne-povidomlennya ; http://zor.gov.ua/content/perelik-naboriv-danyh-shcho-pidlyagayut-oprylyudnennyu-u-formi-vidkrytyh-dany | O45: yes | P45: http://www.orada.if.ua//--/-/ | Q45: yes | R45: https://kor.gov.ua/kyivska_oblast/upravlinnia_spilnoiu_vlasnistiu.html | S45: no | U45: no | W45: no | Y45: yes | Z45: http://property.odessa.gov.ua/orenda-i-pryvatyzatsiya/ | AA45: no | AC45: yes | AD45: ProZorroSale. https://ror.gov.ua/informaciya-pro-vidchuzhennya-maina | AE45: yes | AF45: https://sorada.gov.ua/upr-mayno.html http://mayno.sm.gov.ua/sites/default/files/ | AG45: yes | AI45: partially | AJ45: http://www.oblrada.kharkov.ua/ua/public-information/management-of-municipal-property/results-of-competitions | AK45: yes | AL45: http://khor.gov.ua/orenda-auktsion/#1531830639592-702482f5-160b | AM45: partially | AN45: https://km-oblrada.gov.ua/derzhavni-zakupivli-orenda/orenda/ | AO45: yes | AP45: https://www.oblradack.gov.ua/upravlnnya-maynom-oblasnoyi-komunalnoyi-vlasnost-vikonavchogo-aparatu-oblasnoyi-radi | AQ45: no | AS45: yes | AT45: https://ukm.chor.gov.ua/2016-02-05-07-02-58 https://ukm.chor.gov.ua/informatsiya-pro-orendu-majna
A46: Q45 | B46: Is the current budget with all the amendments published on the Regional Council website? | C46: yes | D46: https://vinrada.gov.ua/rishennya-pro-oblasnij-bjudzhet-na-2021-rik.htm | E46: yes | F46: http://volynrada.gov.ua/projects/pro-oblasnii-byudzhet-na-2021-rik | G46: yes | H46: https://oblrada.dp.gov.ua/category/documents/oblasniy-budjet/ | I46: yes | J46: https://zt.gov.ua/index.php/%D0%BE%D0%B1%D0%BB%D0%B0%D1%81%D0%BD%D0%B8%D0%B9-%D0%B1%D1%8E%D0%B4%D0%B6%D0%B5%D1%82-%D0%BD%D0%B0-%D0%BC%D0%B0%D0%BF%D1%96.html | K46: yes | L46: https://zakarpat-rada.gov.ua/normatyvni-dokumenty/rishennya-rady/ | M46: yes | N46: https://zor.gov.ua/content/2020-rik | O46: yes | P46: https://orada.if.ua/%d0%be%d0%b1%d0%bb%d0%b0%d1%81%d0%bd%d0%b8%d0%b9-%d0%b1%d1%8e%d0%b4%d0%b6%d0%b5%d1%82/%d0%be%d0%b1%d0%bb%d0%b0%d1%81%d0%bd%d0%b8%d0%b9-%d0%b1%d1%8e%d0%b4%d0%b6%d0%b5%d1%82-%d0%bd%d0%b0-2020-%d1%80%d1%96%d0%ba/ | Q46: yes | R46: https://kor.gov.ua/robota_rady/informatsiia.html | S46: yes | T46: https://www.oblrada.kr.ua/informatsiya-pro-oblasnij-byudzhet | U46: yes | V46: https://lvivoblrada.gov.ua/activity/pro-finansovi-resursi | W46: yes | X46: https://www.mk-oblrada.gov.ua/publichni-finansy | Y46: yes | Z46: http://oblrada.odessa.gov.ua/odeska-oblast/byudzhet-odeskoyi-oblasti/; http://oblrada.odessa.gov.ua/dokumenty/rishennya/ | AA46: yes | AB46: http://oblrada-pl.gov.ua/index.php?option=com_content&view=article&id=10236&Itemid=220 | AC46: yes | AD46: https://ror.gov.ua/oblasnii-byudzhet https://ror.gov.ua/oblasnii-byudzhet/rishennya-oblasnoyi-radi-pro-oblasnii-byudzhet-2020-roku-1579606455 | AE46: yes | AF46: https://sorada.gov.ua/vykorystannja-koshtiv-oblasnogo-bjudzhetu/21090-informatsija-pro-stan-vykorystannja-koshtiv-peredbachenyh-v-oblasnomu-bjudzheti-na-vykonannja-deputatskyh-povnovazhen-u-2020-rotsi.html | AG46: yes | AH46: http://te-rada.org/list/?t=39&s=rada | AI46: yes | AJ46: http://www.oblrada.kharkov.ua/ua/public-information/vidkryti-dani/zvit-pro-vykorystannia-biudzhetnykh-koshtiv-dlia-rozporiadnykiv-informatsii-iaki-vykorystovuiut-biudzhetni-koshty-v-tomu-chysli-za-okremymy-biudzhetnymy-prohramamy | AK46: yes | AL46: http://khor.gov.ua/oblasnyj-byudzhet/ | AM46: yes | AN46: http://km-oblrada.gov.ua/regional-budget/ | AO46: yes | AP46: https://www.oblradack.gov.ua/byudzhet-2021 | AQ46: yes | AR46: http://oblrada.cv.ua/document/list/section/13/ | AS46: yes | AT46: https://chor.gov.ua/oblasnij-byudzhet https://chor.gov.ua/component/k2/item/10629-pro-oblasnyi-biudzhet-chernihivskoi-oblasti-na-2021-rik-kod-biudz
A47: Q46 | B47: Are the budgets for 2014, 2015, 2016 published on the Regional Council website? | C47: yes | D47: https://vinrada.gov.ua/zvit-pro-vikonannya-oblasnogo-bjudzhetu-za-2014-rik.htm | E47: yes | F47: http://volynrada.gov.ua/findsession http://volynrada.gov.ua/solution/pro-oblasnii-byudzhet-na-2016-rik-0 | G47: yes | H47: https://oblrada.dp.gov.ua/category/documents/oblasniy-budjet/ | I47: no | K47: yes | L47: https://zakarpat-rada.gov.ua/normatyvni-dokumenty/rishennya-rady/ | M47: yes | N47: http://zor.gov.ua/sessii_ta_rishenya_radi https://zor.gov.ua/content/vykonavchyy-aparat-oblasnoyi-rady | O47: yes | P47: http://www.orada.if.ua/-/--/ | Q47: yes | R47: https://kor.gov.ua/robota_rady/informatsiia.html | S47: yes | T47: https://www.oblrada.kr.ua/informatsiya-pro-oblasnij-byudzhet | U47: partially | V47: https://lvivoblrada.gov.ua/activity/pro-finansovi-resursi | W47: yes | X47: https://www.mk-oblrada.gov.ua/publichni-finansy | Y47: yes | Z47: http://oblrada.odessa.gov.ua/odeska-oblast/byudzhet-odeskoyi-oblasti/ | AA47: yes | AB47: http://oblrada-pl.gov.ua/index.php?option=com_content&view=article&id=10237&Itemid=221 | AC47: yes | AD47: https://ror.gov.ua/oblasnii-byudzhet | AE47: yes | AF47: https://sorada.gov.ua/vykorystannja-koshtiv-oblasnogo-bjudzhetu.html | AG47: yes | AH47: http://te-rada.org/list/?t=39&s=rada | AI47: no | AK47: yes | AL47: http://khor.gov.ua/oblasnyj-byudzhet/ | AM47: yes | AN47: https://km-oblrada.gov.ua/informaciya-pro-vikonannya-oblasnogo-byudzhetu/ | AO47: yes | AP47: https://www.oblradack.gov.ua/oblasniy-byudzhet | AQ47: yes | AR47: http://oblrada.cv.ua/document/list/section/13/ | AS47: yes | AT47: https://chor.gov.ua/oblasnij-byudzhet
A48: Q47 | B48: Does the Regional Council publish on its website the reports on the implementation of the budget for informing the population no less than 2 times a year? | C48: no | D48: https://vinrada.gov.ua/zvit-pro-vikonannya-oblasnogo-bjudzhetu-na-2020-rik.htm | E48: yes | F48: http://volynrada.gov.ua/solution/pro-vnesennya-zmin-do-pokaznikiv-oblasnogo-byudzhetu-na-2020-rik-40 http://volynrada.gov.ua/news/vneseno-zmini-do-oblasnogo-byudzhetu-19 | G48: yes | H48: https://oblrada.dp.gov.ua/category/documents/oblasniy-budjet/ | I48: yes | J48: https://zt.gov.ua/index.php/zhitomirshchina/pro-nash-kraj/oblasnij-byudzhet.html?limitstart=0 | K48: yes | L48: https://zakarpat-rada.gov.ua/normatyvni-dokumenty/rishennya-rady/ | M48: yes | N48: https://zor.gov.ua/content/2020-rik https://zor.gov.ua/sessii_ta_rishenya_radi | O48: yes | P48: http://www.orada.if.ua/--/ https://orada.if.ua/category/calling/call-8/02-%d1%81%d0%b5%d1%81%d1%96%d1%8f/ | Q48: yes | R48: https://kor.gov.ua/robota_rady/informatsiia.html | S48: yes | T48: https://www.oblrada.kr.ua/informatsiya-pro-oblasnij-byudzhet | U48: yes | V48: https://lvivoblrada.gov.ua/activity/pro-finansovi-resursi | W48: yes | X48: https://www.mk-oblrada.gov.ua/document-list.php?group_id=203 | Y48: yes | Z48: http://oblrada.odessa.gov.ua/dokumenty/rishennya/ | AA48: yes | AB48: http://oblrada-pl.gov.ua/index.php?option=com_content&view=article&id=10236&Itemid=220 | AC48: yes | AD48: https://ror.gov.ua/oblasnii-byudzhet/shotizhnevi-zviti-pro-vikonannya-oblasnogo-byudzhetu | AE48: yes | AF48: https://sorada.gov.ua/vykorystannja-koshtiv-oblasnogo-bjudzhetu/21090-informatsija-pro-stan-vykorystannja-koshtiv-peredbachenyh-v-oblasnomu-bjudzheti-na-vykonannja-deputatskyh-povnovazhen-u-2020-rotsi.html | AG48: yes | AH48: http://te-rada.org/list/?t=39&s=rada | AI48: yes | AJ48: http://www.oblrada.kharkov.ua/ua/public-information/vidkryti-dani/zvit-pro-vykorystannia-biudzhetnykh-koshtiv-dlia-rozporiadnykiv-informatsii-iaki-vykorystovuiut-biudzhetni-koshty-v-tomu-chysli-za-okremymy-biudzhetnymy-prohramamy | AK48: yes | AL48: http://khor.gov.ua/oblasnyj-byudzhet/ | AM48: yes | AN48: https://km-oblrada.gov.ua/informaciya-pro-vikonannya-oblasnogo-byudzhetu/ | AO48: yes | AP48: https://www.oblradack.gov.ua/zvity-pro-vykonannja-oblasnogo-bjdgetu | AQ48: yes | AR48: http://oblrada.cv.ua/document/list/section/13/ | AS48: yes | AT48: https://chor.gov.ua/component/k2/item/10698-pro-zvit-pro-vykonannia-oblasnoho-biudzhetu-chernihivskoi-oblasti
A49: Q48 | B49: Does the Regional Council publish on its website draft budgets for the following year no later than 20 working days prior to consideration for the approval? | C49: yes | D49: https://vinrada.gov.ua/proekt-rishennya-pro-oblasnij-bjudzhet-na-2020-rik.htm | E49: yes | F49: http://volynrada.gov.ua/projects | G49: yes | H49: https://oblrada.dp.gov.ua/rishennia/%d0%bf%d1%80%d0%be-%d0%be%d0%b1%d0%bb%d0%b0%d1%81%d0%bd%d0%b8%d0%b9-%d0%b1%d1%8e%d0%b4%d0%b6%d0%b5%d1%82-%d0%bd%d0%b0-2021-%d1%80%d1%96%d0%ba/ | I49: no | K49: yes | L49: https://zakarpat-rada.gov.ua/category/proekty-rishennya/ | M49: yes | N49: https://zor.gov.ua/content/oblasnyy-byudzhet-na-2021-rik | O49: yes | P49: http://www.orada.if.ua/-/ | Q49: yes | R49: https://kor.gov.ua/robota_rady/informatsiia.html | S49: no | U49: yes | V49: https://lvivoblrada.gov.ua/plenary-sessions/proekti-rishen/proekti-rishen-pidgotovlenni-dlya-rozglyadu | W49: yes | X49: https://www.mk-oblrada.gov.ua/publichni-finansy | Y49: yes | Z49: http://oblrada.odessa.gov.ua/dokumenty/proekty-rishen/ | AA49: no | AC49: yes | AD49: https://ror.gov.ua/proyekti-rishen-oblasnoyi-radi | AE49: yes | AF49: https://sorada.gov.ua/vykorystannja-koshtiv-oblasnogo-bjudzhetu/21090-informatsija-pro-stan-vykorystannja-koshtiv-peredbachenyh-v-oblasnomu-bjudzheti-na-vykonannja-deputatskyh-povnovazhen-u-2020-rotsi.html | AG49: yes | AH49: http://te-rada.org/list/?t=39&s=rada | AI49: yes | AJ49: https://www.ts.lica.com.ua/?p=0&type=1&base=77&menu=377444&id=16636 | AK49: yes | AL49: http://khor.gov.ua/oblasnyj-byudzhet/ | AM49: yes | AN49: https://km-oblrada.gov.ua/proekti-rishen/proekti-rishen-radi-yaki-proponuyutsya-dlya-rozglyadu/ | AO49: yes | AP49: https://www.oblradack.gov.ua/materiali-chergovoyi-sesyi-oblasnoyi-radi | AQ49: no | AS49: yes | AT49: https://chor.gov.ua/normativni-dokumenti/proekti-regulyatornih-aktiv-ta-rishen/itemlist/category/230-7-sklikannya
A50: Q49 | B50: Does the Regional Council publish on its website the procedure and the schedule of consultations with citizens and businesses on content of the draft budget for the following year? | C50: yes | D50: https://vinrada.gov.ua/mehanizm-gromadskoi-uchasti-normativna-baza.htm https://vinrada.gov.ua/proekt-rishennya-pro-oblasnij-bjudzhet-na-2020-rik.htm | E50: yes | F50: http://volynrada.gov.ua/node/57753 | G50: no | I50: no | K50: no | M50: no | O50: yes | P50: https://www.orada.if.ua/news/ https://orada.if.ua/%D0%B3%D1%80%D0%B0%D1%84%D1%96%D0%BA-%D0%BF%D1%80%D0%B8%D0%B9%D0%BE%D0%BC%D1%83-%D0%B3%D1%80%D0%BE%D0%BC%D0%B0%D0%B4%D1%8F%D0%BD-%D0%B7-%D0%BE%D1%81%D0%BE%D0%B1%D0%B8%D1%81%D1%82%D0%B8%D1%85-%D0%BF/ | Q50: no | S50: no | U50: yes | W50: no | Y50: no | AA50: yes | AB50: https://oblrada-pl.gov.ua/index.php?option=com_content&view=category&layout=blog&id=81&Itemid=185 | AC50: no | AE50: no | AF50: https://sorada.gov.ua/consultations.html | AG50: yes | AI50: no | AK50: no | AM50: no | AO50: no | AQ50: no | AS50: yes | AT50: https://chor.gov.ua/component/k2/item/4369-pro-biudzhetnyi-rehlament-chernihivskoi-rady
A51: Q50 | B51: Does the Regional Council publish on its website the report on the results of public consultations on the budget for the following year? | C51: no | E51: yes | F51: http://volynrada.gov.ua/node/57753 | G51: no | I51: no | K51: no | M51: no | O51: yes | P51: https://www.orada.if.ua/news/ | Q51: no | S51: no | U51: yes | W51: no | Y51: no | AA51: no | AC51: yes | AD51: https://ror.gov.ua/dokumenti-postijnih-komisij-8-sklikannya https://ror.gov.ua/protokoli-sesii-vosmogo-sklikannya-32 | AE51: no | AG51: no | AI51: no | AK51: no | AM51: no | AO51: no | AQ51: yes | AR51: http://oblrada.cv.ua/document/list/section/13/ | AS51: yes | AT51: https://chor.gov.ua/protokoli-ta-rekomendatsiji-postijnikh-komisij/item/4058-protokoly
A52: Q51 | B52: Does the mechanism for citizen’s involvement in the budget process provided in the Regional Council (budget participation)? | C52: yes | D52: https://vinrada.gov.ua/upload/files/7sklikannya/37Ses/753.pdf | E52: yes | G52: no | I52: no | K52: no | M52: no | O52: no | Q52: no | S52: no | U52: yes | W52: no | Y52: no | AA52: yes | AB52: https://oblrada-pl.gov.ua/ses/7/34_3/1404.pdf | AC52: yes | AE52: no | AG52: no | AI52: no | AK52: no | AM52: yes | AN52: https://km-oblrada.gov.ua/violeta-labazyuk-dlya-vyrishennya-problem-terytorialnyh-gromad-oblasna-rada-vidkryta-do-dialogu-ta-spivpraczi/ | AO52: no | AQ52: no | AS52: no
A53: Q52 | B53: Does the Regional Council publish on its website contacts and operating mode of agencies, organizations and enterprises of social protection, which are jointly owned by territorial communities of villages, towns and cities in the region and their contact information? | C53: yes | D53: http://www.vinrada.gov.ua/reestr_obektiv.htm | E53: yes | F53: http://volynrada.gov.ua/communal/list | G53: no | I53: no | K53: no | M53: yes | N53: http://zor.gov.ua/komunalna-vlasnist/komunalna-ustanova-zaporizkyy-geriatrychnyy-pansionat-zaporizkoyi-oblasnoyi-rady https://zor.gov.ua/komunalna-vlasnist | O53: no | Q53: no | S53: no | U53: no | W53: no | Y53: no | AA53: no | AC53: yes | AD53: https://ror.gov.ua/perelik-oblasnih-komunalnih-zakladiv-pidpriyemstv-ustanov | AE53: no | AG53: yes | AH53: http://te-rada.org/?id=84 | AI53: yes | AJ53: http://www.oblrada.kharkov.ua/ua/about-rada/parlor/nadannia-odnorazovoi-adresnoi-hroshovoi-dopomohy; http://www.oblrada.kharkov.ua/ua/kompleksna-programa-sotsialnogo-zakhistu-naselennya-kharkivskoji-oblasti-na-2016-2020-roki/14483-normativni-dokumenti http://www.oblrada.kharkov.ua/ua/public-information/komunalni-pidpryiemstva-ta-zaklady | AK53: yes | AL53: http://khor.gov.ua/komunalni-ustanovy-ta-pidpryyemstva/ | AM53: yes | AN53: http://km-oblrada.gov.ua/komunalna-vlasnist/zakladi-ustanovi-socialnogo-zaxistu-naselennya/ | AO53: no | AQ53: no | AS53: yes | AT53: https://chor.gov.ua/normativni-dokumenti/rishennya/item/6297-pro-zatverdzhennia-perelikiv-ob-iektiv-spilnoi-vlasnosti-terytori https://chor.gov.ua/sotsialnij-dialog
A54: Q53 | B54: Does the Regional Council publish on its website the information on the existing social protection programs? | C54: yes | D54: https://vinrada.gov.ua/perelik_dovgostrokovih_program.htm | E54: yes | F54: http://volynrada.gov.ua/programs | G54: yes | H54: https://oblrada.dp.gov.ua/region-programmes/ | I54: no | K54: yes | L54: https://zakarpat-rada.gov.ua/normatyvni-dokumenty/rishennya-rady/ | M54: no | O54: yes | P54: https://orada.if.ua/%d0%be%d0%b1%d0%bb%d0%b0%d1%81%d0%bd%d1%96-%d0%bf%d1%80%d0%be%d0%b3%d1%80%d0%b0%d0%bc%d0%b8/%d0%bf%d0%b5%d1%80%d0%b5%d0%bb%d1%96%d0%ba-%d0%bf%d1%80%d0%be%d0%b3%d1%80%d0%b0%d0%bc-8-%d1%81%d0%ba%d0%bb%d0%b8%d0%ba%d0%b0%d0%bd%d0%bd%d1%8f/ | Q54: yes | R54: https://kor.gov.ua/pres-tsentr/novyny.html | S54: no | U54: yes | V54: https://lvivoblrada.gov.ua/pidsumkovi-zviti-2016-2020-rokiv | W54: yes | X54: https://www.mk-oblrada.gov.ua/oblasni-programy | Y54: yes | Z54: http://oblrada.odessa.gov.ua/odeska-oblast/strategichni-ta-programni-dokumenty-oblasti/perelik-diyuchyh-regionalnyh-tsilovyh-ta-kompleksnyh-program-odeskoyi-oblasti/ | AA54: no | AC54: yes | AD54: https://ror.gov.ua/diyuchi-oblasni-programi | AE54: no | AG54: yes | AH54: http://te-rada.org/?id=300 | AI54: yes | AJ54: http://www.oblrada.kharkov.ua/ua/kompleksna-programa-sotsialnogo-zakhistu-naselennya-kharkivskoji-oblasti-na-2016-2020-roki/14483-normativni-dokumenti | AK54: yes | AL54: http://khor.gov.ua/poriadok-vykorystannia-koshtiv-peredbachenykh-v-oblasnomu-biudzheti-dlia-nadannia-terminovoi-odnorazovoi-materialnoi-dopomohy-hromadianam-iaki-opynylysia-v-skladnykh-zhyttievykh-obstavynakh-za-zvernen/ | AM54: yes | AN54: http://km-oblrada.gov.ua/programi-regionalnogo-rozvitku/ | AO54: yes | AP54: https://www.oblradack.gov.ua/oblasn-programi | AQ54: yes | AR54: http://oblrada.cv.ua/document/regional_program/ | AS54: yes | AT54: https://chor.gov.ua/oblasni-programi/item/6525-chynni-oblasni-prohramy-zizminamy
A55: Q54 | B55: Does the Regional Council website contain a separate section for publishing information on the employment with the Regional Council and/or with agencies, institutions, enterprises joint property of territorial communities of villages, towns and cities in the region? | C55: yes | D55: http://www.vinrada.gov.ua/vakantni-posadi.htm; http://www.vinrada.gov.ua/ogoloshennya-28.htm https://vinrada.gov.ua/ogoloshennya-33.htm | E55: no | G55: yes | H55: https://oblrada.dp.gov.ua/category/diyalnist/konkursy/ https://oblrada.dp.gov.ua/category/diyalnist/zakladi-utanovi/konkurs/ | I55: yes | J55: https://zt.gov.ua/index.php/ofitsijni-dokumenti/kadrova-politika/2012-09-24-21-09-36.html | K55: no | M55: no | O55: no | Q55: no | R55: https://kor.gov.ua/sklad_rady/vakansii.html | S55: yes | T55: https://www.oblrada.kr.ua/vakansii | U55: yes | V55: https://lvivoblrada.gov.ua/the-structure/vakansiji | W55: yes | X55: https://www.mk-oblrada.gov.ua/poryadok-provedennya-konkursu-na-zamishchennya-vakantnyh-posad | Y55: yes | Z55: http:/oblrada.odessa.gov.ua/pro-oblasnu-radu/kadrovi-pytannya/ | AA55: yes | AB55: http://oblrada-pl.gov.ua/index.php?option=com_content&view=article&id=6244&Itemid=197 | AC55: yes | AD55: https://ror.gov.ua/polozhennya-oblasnoyi-radi | AE55: yes | AF55: https://sorada.gov.ua/pro-oblasnu-radu/vykonavchyj-aparat/konkurs-na-zamishchennja-vakantnyh-posad.html | AG55: no | AI55: partially | AJ55: http://www.oblrada.kharkov.ua/ua/board-structure/executive-body/vacancies/2015-03-01-11-09-14 | AK55: yes | AL55: http://khor.gov.ua/ogoloshennya-konkursu-na-posady-kerivnykiv-komunalnyh-pidpryyemstv-ustanov-ta-zakladiv/ | AM55: yes | AN55: https://km-oblrada.gov.ua/kadrove-zabezpechennya/ | AO55: yes | AP55: https://www.oblradack.gov.ua/ogoloshennia-pro-provedennia-konkursu | AQ55: no | AS55: yes | AT55: https://chor.gov.ua/oblasna-rada/vakansiji ; https://chor.gov.ua/nasha-diyalnist/anonsi
A56: Q55 | B56: Did the Regional Council publish the procedure for the competition aimed at filling the vacant posts in the Regional Council? | C56: yes | D56: http://www.vinrada.gov.ua/poryadok-provedennya-konkursu.htm | E56: yes | F56: http://volynrada.gov.ua/order/pro-zatverdzhennya-poryadku-provedennya-ispitu-kandidativ-na-zamishchennya-vakantnikh-posad-po | G56: no | H56: https://oblrada.dp.gov.ua/diyalnist/konkursy/-/ | I56: yes | J56: https://zt.gov.ua/index.php/ofitsijni-dokumenti/kadrova-politika/2012-09-24-21-09-37.html | K56: yes | L56: https://zakarpat-rada.gov.ua/category/announcement/ | M56: yes | N56: https://zor.gov.ua/news?page=3 | O56: no | Q56: yes | R56: https://kor.gov.ua/sklad_rady/vakansii.html | S56: yes | T56: https://www.oblrada.kr.ua/vakansii | U56: yes | V56: https://lvivoblrada.gov.ua/the-structure/vakansiji | W56: yes | X56: https://www.mk-oblrada.gov.ua/poryadok-provedennya-konkursu-na-zamishchennya-vakantnyh-posad | Y56: no | AA56: yes | AB56: http://oblrada-pl.gov.ua/index.php?option=com_content&view=article&id=6244&Itemid=197 | AC56: yes | AE56: yes | AF56: https://sorada.gov.ua/pro-oblasnu-radu/vykonavchyj-aparat/vacancy-rules.html | AG56: no | AI56: yes | AJ56: http://www.ts.lica.com.ua/?type=1&base=77&menu=367997&id=2512 | AK56: yes | AL56: http://khor.gov.ua/ogoloshennya-konkursu-na-posady-kerivnykiv-komunalnyh-pidpryyemstv-ustanov-ta-zakladiv/ | AM56: yes | AN56: https://km-oblrada.gov.ua/kadrove-zabezpechennya/ | AO56: yes | AP56: https://www.oblradack.gov.ua/files/docs/Vakansii/Porjadok_konkurs.pdf | AQ56: no | AS56: yes | AT56: https://chor.gov.ua/component/k2/item/8657-pro-zatverdzhennia-poriadku-provedennia-konkursu-na-zaniattia-pos
A57: Q56 | B57: Does the Regional Council publish on its website all announcements of competition aimed at filling the vacant post 1 month prior to the selection? | C57: yes | D57: http://www.vinrada.gov.ua/ogoloshennya-pro-konkurs.htm | E57: yes | F57: http://volynrada.gov.ua/node/60856 | G57: yes | H57: https://oblrada.dp.gov.ua/diyalnist/zakladi-utanovi/konkurs/-№-11-----/ | I57: yes | J57: https://zt.gov.ua/index.php/ofitsijni-dokumenti/kadrova-politika/%D0%BE%D0%B3%D0%BE%D0%BB%D0%BE%D1%88%D0%B5%D0%BD%D0%BD%D1%8F-%D0%BF%D1%80%D0%BE-%D0%BA%D0%BE%D0%BD%D0%BA%D1%83%D1%80%D1%81-%D0%BD%D0%B0-%D0%B7%D0%B0%D0%BC%D1%96%D1%89%D0%B5%D0%BD%D0%BD%D1%8F-%D0%B2%D0%B0%D0%BA%D0%B0%D0%BD%D1%82%D0%BD%D0%BE%D1%97-%D0%BF%D0%BE%D1%81%D0%B0%D0%B4%D0%B8.html | K57: yes | L57: https://zakarpat-rada.gov.ua/category/announcement/ | M57: yes | N57: https://zor.gov.ua/news?page=3 | O57: no | Q57: no | R57: https://kor.gov.ua/sklad_rady/vakansii.html | S57: no | U57: yes | V57: https://lvivoblrada.gov.ua/the-structure/vakansiji | W57: no | Y57: no | AA57: yes | AB57: http://oblrada-pl.gov.ua/index.php?option=com_content&view=article&id=6244&Itemid=197 | AC57: yes | AE57: no | AG57: yes | AH57: http://te-rada.org/list/?type=view&id=13670 | AI57: yes | AJ57: http://www.oblrada.kharkov.ua/ua/public-information/management-of-municipal-property/events-and-announcements | AK57: yes | AL57: http://khor.gov.ua/ogoloshennya-konkursu-na-posady-kerivnykiv-komunalnyh-pidpryyemstv-ustanov-ta-zakladiv/ | AM57: yes | AN57: http://km-oblrada.gov.ua/konkursni-komisii/ | AO57: yes | AQ57: no | AS57: yes | AT57: https://chor.gov.ua/nasha-diyalnist/anonsi/item/8412-informatsiia-pro-konkurs-na-posadu-dyrektora-komunalnoho-pidpryie
A58: Q57 | B58: Does the Regional Council publish on its website the results of the selection process, including the final evaluation and the final ranking of candidates? | C58: no | E58: yes | F58: http://volynrada.gov.ua/announcement/povidomlennya-pro-rishennya-konkursnoyi-komisiyi-dvtp-volinfarmpostach-4 | G58: yes | H58: https://oblrada.dp.gov.ua/diyalnist/zakladi-utanovi/konkurs/%d0%bf%d0%be%d0%b2%d1%96%d0%b4%d0%be%d0%bc%d0%bb%d0%b5%d0%bd%d0%bd%d1%8f-62/ | I58: no | K58: no | M58: no | O58: no | Q58: no | R58: https://kor.gov.ua/sklad_rady/vakansii.html | S58: no | U58: no | W58: no | Y58: no | AA58: no | AC58: yes | AD58: http://oblrada.rv.ua/komunalna_vlasnist/postiyno_diyucha_konkursna_komisiya/rishennya_postiyno_diyuchoyi_konkursnoyi_komisiyi/ . http://oblrada.rv.ua/komunalna_vlasnist/postiyno_diyucha_konkursna_komisiya_osvita/rishennya_postiyno_diyuchoyi_konkursnoyi_komisiyi/ : .' - http://oblrada.rv.ua/komunalna_vlasnist/postiyno_diyucha_konkursna_komisiya/zasidannya_postiyno_diyuchoyi_konkursnoyi_komisiyi/ , - http://oblrada.rv.ua/komunalna_vlasnist/postiyno_diyucha_konkursna_komisiya_osvita/zasidannya_postiyno_diyuchoyi_konkursnoyi_komisiyi/ | AE58: no | AG58: no | AI58: yes | AJ58: http://www.oblrada.kharkov.ua/ua/public-information/management-of-municipal-property/results-of-competitions/25788-rezultati-konkursnogo-vidboru-na-posadi-kerivnikiv-oblasnikh-zakladiv-kulturi | AK58: yes | AL58: http://khor.gov.ua/ogoloshennya-konkursu-na-posady-kerivnykiv-komunalnyh-pidpryyemstv-ustanov-ta-zakladiv/ | AM58: yes | AN58: http://km-oblrada.gov.ua/khmelnytsky-region/regulatory-base-activities/staffing/ | AO58: yes | AP58: https://www.oblradack.gov.ua/ogoloshennia-pro-provedennia-konkursu https://www.oblradack.gov.ua/5856-konkursn-komsii-viznachili-peremozhcv-na-vakantn-posadi-kervnikv-komunalnih-zakladv | AQ58: partially | AR58: http://oblrada.cv.ua/document/list/section/86/ | AS58: no
A59: Q58 | B59: Does the Regional Council publish on its website the results of the selection process, including the final evaluation and the final ranking of candidates at least for the last 2 years? | C59: no | E59: no | F59: http://volynrada.gov.ua/node/60856 | G59: no | I59: no | K59: no | M59: no | O59: no | Q59: no | S59: no | U59: no | W59: no | Y59: no | AA59: no | AC59: yes | AD59: https://ror.gov.ua/novyny/obrano-peremozhnicyu-konkursu-na-posadu-kerivnika-oblasnoyi-1603098189 | AE59: no | AG59: no | AI59: yes | AJ59: http://www.oblrada.kharkov.ua/ua/public-information/management-of-municipal-property/results-of-competitions | AK59: yes | AL59: http://khor.gov.ua/ogoloshennya-konkursu-na-posady-kerivnykiv-komunalnyh-pidpryyemstv-ustanov-ta-zakladiv/ | AM59: no | AO59: no | AQ59: no | AS59: no
A60: Q59 | B60: Did the Regional Council publish on its website rules of conduct for the elected officials and employees of the Regional Council (Code of Ethics)? | C60: yes | D60: https://vinrada.gov.ua/pravila-vnutrishnogo-trudovogo-rozporyadku.htm | E60: yes | F60: http://volynrada.gov.ua/law/reglament-oblasnoyi-radi-vosmogo-sklikannya http://volynrada.gov.ua/order/pro-vnesennya-zmin-do-pravil-vnutrishnogo-trudovogo-rozporyadku-dlya-pratsivnikiv-vikonavchog-0 | G60: no | I60: no | K60: yes | L60: https://zakarpat-rada.gov.ua/normatyvni-dokumenty/rehlament-roboty/ | M60: no | O60: yes | P60: https://www.orada.if.ua/-/--/ | Q60: yes | R60: https://kor.gov.ua/sklad_rady/vykonavchyi_aparat/normatyvni_dokumenty.html | S60: yes | T60: https://www.oblrada.kr.ua/aktualno | U60: yes | V60: https://lvivoblrada.gov.ua/about-the-council/pravova-baza-diyalnosti-oblradi https://lvivoblrada.gov.ua/about-the-council/polozhennya-pro-prezidiyu https://lvivoblrada.gov.ua/about-the-council/polozhennya-pro-postiini-komisiji | W60: yes | X60: https://www.mk-oblrada.gov.ua/UserFiles/Image/ROZPORJD/8%20sklikannj/regl8.pdf | Y60: yes | Z60: http:/oblrada.odessa.gov.ua/pro-oblasnu-radu/reglament/ | AA60: yes | AB60: https://oblrada-pl.gov.ua/index.php?option=com_content&view=article&id=50&Itemid=59 | AC60: yes | AD60: https://ror.gov.ua/pravova-baza-diyalnosti-oblasnoyi-radi | AE60: yes | AF60: https://sorada.gov.ua/pro-oblasnu-radu/vykonavchyj-aparat/pravyla-etychnoji-povedinky-posadovyh-osib-mistsevogo-samovrjaduvannja.html | AG60: yes | AH60: http://te-rada.org/?id=40 | AI60: yes | AJ60: http://www.oblrada.kharkov.ua/ua/about-rada/regulations | AK60: yes | AL60: http://khor.gov.ua/misiya-funktsiyi-povnovazhennya-ta-normatyvno-pravovi-zasady-diyalnosti/ | AM60: yes | AN60: http://km-oblrada.gov.ua/zapobigannya-korupcii/ | AO60: no | AQ60: no | AS60: yes | AT60: https://chor.gov.ua/oblasna-rada/vikonavchiy-aparat
A61: Q60 | B61: Does the Regional Council website contain the declarations of property, income, expenses and financial obligations of the head of the Regional Council and regional council members in 2016? | C61: no | E61: partially | F61: http://volynrada.gov.ua/node/45248 | G61: no | I61: no | K61: no | M61: partially | N61: http://zor.gov.ua/node/4578/ | O61: no | Q61: no | S61: no | U61: no | W61: no | X61: https://www.mk-oblrada.gov.ua/ochyshchennya-vlady | Y61: no | AA61: no | AC61: no | AE61: partially | AF61: https://sorada.gov.ua/pro-oblasnu-radu/kerivnytstvo-oblasnoji-rady.html | AG61: partially | AI61: no | AK61: no | AM61: yes | AN61: https://km-oblrada.gov.ua/management-regional-council/golova-xmelnickoi-oblasnoi/ | AO61: no | AQ61: no | AS61: no
A62: Q61 | B62: Did the Regional Council publish on its website the procedure for monitoring and resolving conflicts of interest? | C62: yes | D62: https://vinrada.gov.ua/osnovni-zasadi-ochischennya-vladi.htm | E62: yes | F62: http://volynrada.gov.ua/node/59181 | G62: yes | H62: https://oblrada.dp.gov.ua/%d0%ba%d0%be%d0%bd%d1%84%d0%bb%d1%96%d0%ba%d1%82-%d1%96%d0%bd%d1%82%d0%b5%d1%80%d0%b5%d1%81%d1%96%d0%b2-%d1%8f%d0%ba-%d0%bc%d0%b5%d1%85%d0%b0%d0%bd%d1%96%d0%b7%d0%bc-%d0%b7%d0%b0%d0%bf%d0%be%d0%b1/ | I62: no | K62: no | M62: yes | N62: http://zor.gov.ua/content/zakonodavstvo | O62: yes | P62: https://www.orada.if.ua//----/ | Q62: yes | R62: https://kor.gov.ua/robota_rady/pravovi_zasady_diialnosti.html | S62: no | U62: yes | V62: https://lvivoblrada.gov.ua/zapobigannya-proyavam-korupciji | W62: yes | X62: https://www.mk-oblrada.gov.ua/zapobigannya-koruptsii | Y62: no | AA62: yes | AB62: http://oblrada-pl.gov.ua/index.php?option=com_content&view=article&id=4146:konflikt-interesiv&catid=79:zapobigannja-projavam-koruptsiyi&Itemid=182 | AC62: yes | AD62: https://ror.gov.ua/zapobigannya-corypcii | AE62: yes | AF62: https://sorada.gov.ua/pro-oblasnu-radu/zapobigannja-projavam-koruptsiji.html | AG62: no | AI62: partially | AJ62: http://www.oblrada.kharkov.ua/ua/about-rada/regulations | AK62: yes | AL62: http://khor.gov.ua/povidomlennia-pro-vchynennia-koruptsijnykh-abo-pov-iazanykh-z-koruptsiieiu-pravoporushen-pratsivnykamy-vykonavchoho-aparatu-oblasnoi-rady/ | AM62: yes | AN62: http://km-oblrada.gov.ua/khmelnytsky-region/regulatory-base-activities/ | AO62: yes | AP62: http://oblradack.gov.ua/files/docs/Anticorupcija/navch2.pdf | AQ62: yes | AR62: http://oblrada.cv.ua/activity/anti_corruption/ | AS62: yes | AT62: https://chor.gov.ua/antikoruptsijna-diyalnist
A63: Q62 | B63: Does the Regional Council website contain the hotline telephone number of the relevant law enforcement bodies for the reporting about the facts of corruption committed by the Regional Council employees, Regional Council members and the head of the Regional Council? | C63: yes | D63: https://vinrada.gov.ua/antikorupcijna-liniya-pryamogo-zvyazku.htm | E63: yes | F63: http://volynrada.gov.ua/node/59183 | G63: yes | H63: https://oblrada.dp.gov.ua/povidom_pro_koruptsiiu/ | I63: no | K63: no | M63: yes | N63: http://zor.gov.ua/content/povidomlennya-pro-korupciyu | O63: yes | P63: https://www.orada.if.ua/--/ | Q63: yes | R63: https://kor.gov.ua/robota_rady/protydiia_koruptsii/povidomlennia_pro_koruptsiiu.html | S63: no | U63: yes | V63: https://lvivoblrada.gov.ua/the-public-information/zapobigannya-proyavam-korupciji | W63: yes | X63: https://www.mk-oblrada.gov.ua/zapobigannya-koruptsii | Y63: no | AA63: yes | AB63: http://oblrada-pl.gov.ua/index.php?option=com_content&view=article&id=4149:telefon-doviri&catid=79:zapobigannja-projavam-koruptsiyi&Itemid=182 | AC63: yes | AD63: https://ror.gov.ua/zapobigannya-corypcii | AE63: yes | AF63: https://sorada.gov.ua/pro-oblasnu-radu/zapobigannja-projavam-koruptsiji.html | AG63: yes | AH63: http://te-rada.org/# | AI63: no | AK63: yes | AL63: http://khor.gov.ua/zapobigannya-proyavam-koruptsiyi/ | AM63: yes | AN63: https://km-oblrada.gov.ua/zapobigannya-korupcii/ | AO63: no | AQ63: yes | AR63: http://oblrada.cv.ua/activity/anti_corruption/detail/163/ | AS63: partially | AT63: https://nazk.gov.ua/en/ https://chor.gov.ua/spivpratsya-z-pravookhoronnimi-organami/item/7822-filiia-derzhavnoi-ustanovy-tsentr-probatsii-v-chernihivskii-oblas
A64: Q63 | B64: Did the Regional Council establish a special regime of reporting on acts of misconduct (create special channels of information for the whistleblowers; introduce protection measures for the whistleblowers)? | C64: yes | D64: https://vinrada.gov.ua/poryadok-obrobki-povidomlen-pro-korupciju-scho-nadhodyat-do-oblasnoi-radi.htm | E64: no | G64: no | I64: no | K64: no | M64: no | O64: no | Q64: yes | R64: https://kor.gov.ua/robota_rady/protydiia_koruptsii/ | S64: no | U64: no | W64: partially | X64: http://www.mk-oblrada.gov.ua/UserFiles/Image/MAU%20PRAVO/zvit_NAZk.pdf | Y64: no | AA64: no | AC64: yes | AD64: https://ror.gov.ua/zapobigannya-corypcii | AE64: yes | AF64: https://sorada.gov.ua/pro-oblasnu-radu/zapobigannja-projavam-koruptsiji.html | AG64: no | AI64: no | AK64: no | AM64: no | AO64: yes | AP64: http://www.oblradack.gov.ua/telefon-dovri | AQ64: no | AS64: no
A65: Q64 | B65: Does the Regional Council website contain a separate section for the public, where one may leave messages (complaints) about violations of the code of ethics, illegal practices of the Regional Council employees, conflicts of interests? | C65: yes | D65: https://vinrada.gov.ua/povidomlennya-pro-korupcijne-pravoporushennya.htm | E65: yes | F65: http://volynrada.gov.ua/node/59183 | G65: no | I65: no | K65: no | M65: yes | N65: http://zor.gov.ua/content/povidomlennya-pro-korupciyu | O65: yes | P65: https://www.orada.if.ua/--/ | Q65: yes | R65: https://kor.gov.ua/robota_rady/protydiia_koruptsii/index.php/telefon_doviry.html | S65: no | U65: yes | V65: https://lvivoblrada.gov.ua/the-public-information/zapobigannya-proyavam-korupciji | W65: yes | X65: https://www.mk-oblrada.gov.ua/zapobigannya-koruptsii | Y65: no | Z65: http:/oblrada.odessa.gov.ua/kontakti/ | AA65: no | AC65: yes | AD65: https://ror.gov.ua/zapobigannya-corypcii | AE65: yes | AF65: https://sorada.gov.ua/pro-oblasnu-radu/zapobigannja-projavam-koruptsiji.html | AG65: yes | AH65: http://te-rada.org/# | AI65: no | AK65: no | AL65: http://khor.gov.ua/zapobigannya-proyavam-koruptsiyi/ | AM65: no | AO65: no | AQ65: yes | AR65: http://oblrada.cv.ua/online_reception/ | AS65: no
A66: Q65 | B66: Does the Regional Council publish and disseminate the newspaper with the relevant information about the activities of Regional Council and announcements of the events? | C66: no | E66: partially | F66: http://volynrada.gov.ua/rss/announcement http://volynrada.gov.ua/news | G66: partially | H66: https://oblrada.dp.gov.ua/category/news/ | I66: yes | J66: http://zhytomyrschyna.zt.ua/ | K66: partially | L66: https://zakarpat-rada.gov.ua/ | M66: yes | N66: www.zor.gov.ua (https://zp-pravda.info/) | O66: no | Q66: no | S66: no | U66: no | W66: no | Y66: yes | Z66: http:/oblrada.odessa.gov.ua/blog/category/news/ | AA66: yes | AB66: http://poltava.to/ | AC66: no | AE66: no | AG66: no | AI66: no | AJ66: http://oblrada.kharkov.ua/ua/press-center/anonsy | AK66: no | AM66: no | AO66: no | AQ66: no | AS66: no
A67: Q66 | B67: Is there a page of the Regional Council on Facebook? | C67: yes | D67: https://www.facebook.com/vinoblrada/ | E67: yes | F67: https://www.facebook.com/volynrada/ | G67: yes | H67: https://www.facebook.com/dniprorada | I67: yes | J67: https://www.facebook.com/zt.gov.ua/?fref=ts | K67: yes | L67: https://www.facebook.com/zakrada.gov.ua/?fref=ts | M67: yes | N67: https://www.facebook.com/zpoblrada/ | O67: yes | P67: https://www.facebook.com/orada.if.ua/ | Q67: yes | R67: https://www.facebook.com/kyivoblrada/ | S67: yes | T67: https://www.facebook.com/kr.oblrada/ | U67: yes | V67: https://www.facebook.com/lvoblrada/ | W67: yes | X67: https://www.facebook.com/mk.oblrada | Y67: yes | Z67: https://www.facebook.com/OblasnaRadaOdesa/ | AA67: yes | AB67: https://www.facebook.com/poltava.council | AC67: yes | AD67: https://www.facebook.com/rivneregionrada | AE67: yes | AF67: https://www.facebook.com/sorada.gov.ua | AG67: yes | AH67: https://www.facebook.com/ternopiloblrada/?fref=ts | AI67: yes | AJ67: https://www.facebook.com/KharkovRegionalCouncil | AK67: yes | AL67: https://www.facebook.com/oblradaks/ | AM67: yes | AN67: https://www.facebook.com/km.oblrada/ | AO67: yes | AP67: https://www.facebook.com/%D0%A7%D0%B5%D1%80%D0%BA%D0%B0%D1%81%D1%8C%D0%BA%D0%B0-%D0%BE%D0%B1%D0%BB%D0%B0%D1%81%D0%BD%D0%B0-%D1%80%D0%B0%D0%B4%D0%B0-102465917872814/ | AQ67: yes | AR67: https://www.facebook.com/oblrada.cv.ua/ | AS67: yes | AT67: https://www.facebook.com/chernihivska.oblasna.rada/
A68: Q67 | B68: Is the information updated operatively on the Facebook page? | C68: yes | D68: https://www.facebook.com/vinoblrada/ | E68: yes | F68: https://www.facebook.com/volynrada/ | G68: yes | H68: https://www.facebook.com/dniprorada | I68: yes | J68: https://www.facebook.com/zt.gov.ua/?fref=ts | K68: yes | L68: https://www.facebook.com/zakrada.gov.ua/?fref=ts | M68: yes | N68: https://www.facebook.com/zpoblrada/ | O68: yes | P68: https://www.facebook.com/orada.if.ua/ | Q68: yes | R68: https://www.facebook.com/kyivoblrada/ | S68: yes | T68: https://www.facebook.com/kr.oblrada/ | U68: yes | V68: https://www.facebook.com/lvoblrada/ | W68: yes | X68: https://www.facebook.com/mk.oblrada | Y68: partially | Z68: https://www.facebook.com/OblasnaRadaOdesa/ | AA68: no | AB68: https://www.facebook.com/poltava.council | AC68: yes | AD68: https://www.facebook.com/rivneregionrada | AE68: yes | AF68: https://www.facebook.com/sorada.gov.ua | AG68: yes | AH68: https://www.facebook.com/ternopiloblrada/?fref=ts | AI68: yes | AJ68: https://www.facebook.com/KharkovRegionalCouncil | AK68: yes | AL68: https://www.facebook.com/oblradaks/ | AM68: yes | AN68: https://www.facebook.com/km.oblrada/ | AO68: yes | AP68: https://www.facebook.com/%D0%A7%D0%B5%D1%80%D0%BA%D0%B0%D1%81%D1%8C%D0%BA%D0%B0-%D0%BE%D0%B1%D0%BB%D0%B0%D1%81%D0%BD%D0%B0-%D1%80%D0%B0%D0%B4%D0%B0-102465917872814/ | AQ68: yes | AR68: https://www.facebook.com/oblrada.cv.ua/ | AS68: yes | AT68: https://www.facebook.com/chernihivska.oblasna.rada/
B71: yes | C71: =COUNTIF(C$2:C$68,$B$71) -> 53 | E71: =COUNTIF(E$2:E$68,$B$71) -> 47 | G71: =COUNTIF(G$2:G$68,$B$71) -> 37 | I71: =COUNTIF(I$2:I$68,$B$71) -> 25 | K71: =COUNTIF(K$2:K$68,$B$71) -> 30 | M71: =COUNTIF(M$2:M$68,$B$71) -> 46 | O71: =COUNTIF(O$2:O$68,$B$71) -> 46 | Q71: =COUNTIF(Q$2:Q$68,$B$71) -> 43 | S71: =COUNTIF(S$2:S$68,$B$71) -> 42 | U71: =COUNTIF(U$2:U$68,$B$71) -> 42 | W71: =COUNTIF(W$2:W$68,$B$71) -> 41 | Y71: =COUNTIF(Y$2:Y$68,$B$71) -> 45 | AA71: =COUNTIF(AA$2:AA$68,$B$71) -> 41 | AC71: =COUNTIF(AC$2:AC$68,$B$71) -> 62 | AE71: =COUNTIF(AE$2:AE$68,$B$71) -> 50 | AG71: =COUNTIF(AG$2:AG$68,$B$71) -> 47 | AI71: =COUNTIF(AI$2:AI$68,$B$71) -> 42 | AK71: =COUNTIF(AK$2:AK$68,$B$71) -> 46 | AM71: =COUNTIF(AM$2:AM$68,$B$71) -> 50 | AO71: =COUNTIF(AO$2:AO$68,$B$71) -> 39 | AQ71: =COUNTIF(AQ$2:AQ$68,$B$71) -> 39 | AS71: =COUNTIF(AS$2:AS$68,$B$71) -> 48
B72: no | C72: =COUNTIF(C$2:C$68,$B$72) -> 12 | E72: =COUNTIF(E$2:E$68,$B$72) -> 17 | G72: =COUNTIF(G$2:G$68,$B$72) -> 29 | I72: =COUNTIF(I$2:I$68,$B$72) -> 42 | K72: =COUNTIF(K$2:K$68,$B$72) -> 36 | M72: =COUNTIF(M$2:M$68,$B$72) -> 19 | O72: =COUNTIF(O$2:O$68,$B$72) -> 21 | Q72: =COUNTIF(Q$2:Q$68,$B$72) -> 24 | S72: =COUNTIF(S$2:S$68,$B$72) -> 25 | U72: =COUNTIF(U$2:U$68,$B$72) -> 24 | W72: =COUNTIF(W$2:W$68,$B$72) -> 24 | Y72: =COUNTIF(Y$2:Y$68,$B$72) -> 20 | AA72: =COUNTIF(AA$2:AA$68,$B$72) -> 26 | AC72: =COUNTIF(AC$2:AC$68,$B$72) -> 5 | AE72: =COUNTIF(AE$2:AE$68,$B$72) -> 16 | AG72: =COUNTIF(AG$2:AG$68,$B$72) -> 18 | AI72: =COUNTIF(AI$2:AI$68,$B$72) -> 20 | AK72: =COUNTIF(AK$2:AK$68,$B$72) -> 21 | AM72: =COUNTIF(AM$2:AM$68,$B$72) -> 15 | AO72: =COUNTIF(AO$2:AO$68,$B$72) -> 27 | AQ72: =COUNTIF(AQ$2:AQ$68,$B$72) -> 27 | AS72: =COUNTIF(AS$2:AS$68,$B$72) -> 17
B73: partially | C73: =COUNTIF(C$2:C$68,$B$73) -> 2 | E73: =COUNTIF(E$2:E$68,$B$73) -> 3 | G73: =COUNTIF(G$2:G$68,$B$73) -> 1 | I73: =COUNTIF(I$2:I$68,$B$73) -> 0 | K73: =COUNTIF(K$2:K$68,$B$73) -> 1 | M73: =COUNTIF(M$2:M$68,$B$73) -> 2 | O73: =COUNTIF(O$2:O$68,$B$73) -> 0 | Q73: =COUNTIF(Q$2:Q$68,$B$73) -> 0 | S73: =COUNTIF(S$2:S$68,$B$73) -> 0 | U73: =COUNTIF(U$2:U$68,$B$73) -> 1 | W73: =COUNTIF(W$2:W$68,$B$73) -> 2 | Y73: =COUNTIF(Y$2:Y$68,$B$73) -> 2 | AA73: =COUNTIF(AA$2:AA$68,$B$73) -> 0 | AC73: =COUNTIF(AC$2:AC$68,$B$73) -> 0 | AE73: =COUNTIF(AE$2:AE$68,$B$73) -> 1 | AG73: =COUNTIF(AG$2:AG$68,$B$73) -> 2 | AI73: =COUNTIF(AI$2:AI$68,$B$73) -> 5 | AK73: =COUNTIF(AK$2:AK$68,$B$73) -> 0 | AM73: =COUNTIF(AM$2:AM$68,$B$73) -> 2 | AO73: =COUNTIF(AO$2:AO$68,$B$73) -> 1 | AQ73: =COUNTIF(AQ$2:AQ$68,$B$73) -> 1 | AS73: =COUNTIF(AS$2:AS$68,$B$73) -> 2
C74: =SUM(C71:C73) -> 67 | E74: =SUM(E71:E73) -> 67 | G74: =SUM(G71:G73) -> 67 | I74: =SUM(I71:I73) -> 67 | K74: =SUM(K71:K73) -> 67 | M74: =SUM(M71:M73) -> 67 | O74: =SUM(O71:O73) -> 67 | Q74: =SUM(Q71:Q73) -> 67 | S74: =SUM(S71:S73) -> 67 | U74: =SUM(U71:U73) -> 67 | W74: =SUM(W71:W73) -> 67 | Y74: =SUM(Y71:Y73) -> 67 | AA74: =SUM(AA71:AA73) -> 67 | AC74: =SUM(AC71:AC73) -> 67 | AE74: =SUM(AE71:AE73) -> 67 | AG74: =SUM(AG71:AG73) -> 67 | AI74: =SUM(AI71:AI73) -> 67 | AK74: =SUM(AK71:AK73) -> 67 | AM74: =SUM(AM71:AM73) -> 67 | AO74: =SUM(AO71:AO73) -> 67 | AQ74: =SUM(AQ71:AQ73) -> 67 | AS74: =SUM(AS71:AS73) -> 67

Sheet Monitoring_ukr
A1: questionID | B1: question | C1: Вінницька область | D1: Вінницька область_comment | E1: Волинська область | F1: Волинська область_comment | G1: Дніпропетровська область | H1: Дніпропетровська область_comment | I1: Житомирська область | J1: Житомирська область_comment | K1: Закарпатська область | L1: Закарпатська область_comment | M1: Запорізька область | N1: Запорізька область_comment | O1: Івано-Франківська область | P1: Івано-Франківська область_comment | Q1: Київська область | R1: Київська область_comment | S1: Кіровоградська область | T1: Кіровоградська область_comment | U1: Львівська область | V1: Львівська область_comment | W1: Миколаївська область | X1: Миколаївська область_comment | Y1: Одеська область | Z1: Одеська область_comment | AA1: Полтавська область | AB1: Полтавська область_comment | AC1: Рівненська область | AD1: Рівненська область_comment | AE1: Сумська область | AF1: Сумська область_comment | AG1: Тернопільська область | AH1: Тернопільська область_comment | AI1: Харківська область | AJ1: Харківська область_comment | AK1: Херсонська область | AL1: Херсонська область_comment | AM1: Хмельницька область | AN1: Хмельницька область_comment | AO1: Черкаська область | AP1: Черкаська область_comment | AQ1: Чернівецька область | AR1: Чернівецька область_comment | AS1: Чернігівська область | AT1: Чернігівська область_comment
A2: Q1 | B2: Чи створено на веб-сайті обласної ради онлайн платформу для комунікації між громадянином та обласною радою, подання скарг, пропозицій та звернень, запитів на інформацію? | C2: так | D2: https://vinrada.gov.ua/gromadska_priymalnya.htm https://vinrada.gov.ua/povidomlennya-pro-korupcijne-pravoporushennya.htm | E2: так | F2: http://volynrada.gov.ua/zapit-na-otrimannya-publichnoyi-informaciyi http://volynrada.gov.ua/node/59183 | G2: так | H2: https://oblrada.dp.gov.ua/zvernennia-hromadian/ | I2: так | J2: https://zt.gov.ua/index.php/%D0%B7%D0%B0%D0%BF%D0%B8%D1%82%D0%B0%D0%BD%D0%BD%D1%8F-%D0%B4%D0%BE-%D0%BA%D0%B5%D1%80%D1%96%D0%B2%D0%BD%D0%B8%D1%86%D1%82%D0%B2%D0%B0.html | K2: так | L2: https://zakarpat-rada.gov.ua/kontakts/ | M2: так | N2: http://zor.gov.ua/content/zvernennya-gromadyan | O2: так | P2: https://orada.if.ua/ - опція "Звернення" | Q2: так | R2: https://kor.gov.ua/robota_rady/zvernennia.html | S2: так | T2: https://oblrada.kr.ua/elektronna-prijmalnya- | U2: так | V2: https://lvivoblrada.gov.ua/contacts | W2: так | X2: https://www.mk-oblrada.gov.ua/kontakty | Y2: так | Z2: http://oblrada.odessa.gov.ua/zvernennya-do-golovy-oblrady/ | AA2: так | AB2: http://oblrada-pl.gov.ua/index.php?option=com_content&view=article&id=3613&Itemid=173 | AC2: так | AD2: https://ror.gov.ua/priiom-gromadyan https://ror.gov.ua/zapyt | AE2: так | AF2: http://online.sorada.gov.ua/Account/LogOn?returnUrl=http%3A%2F%2Fonline.sorada.gov.ua%3A9006%2FRada%2FAccountUser%2FIndex | AG2: так | AH2: http://te-rada.org/profile/?ref=appeal | AI2: ні | AK2: так | AL2: http://khor.gov.ua/zvernennya-gromadyan/ | AM2: ні | AN2: http://km-oblrada.gov.ua/contacts/ | AO2: так | AP2: https://www.oblradack.gov.ua/zapitannya-do-kerivnyctva | AQ2: так | AR2: http://oblrada.cv.ua/online_reception/ | AS2: так | AT2: Електронна приймальня на сайті облісної ради https://chor.gov.ua/zv-yazki-z-gromadskistyu/elektronna-priymalnya
A3: Q2 | B3: Чи публікується у вільному доступі відповідь на звернення громадян, пропозиції, скарги в публічному доступі на відповідній онлайн платформі? | C3: ні | E3: ні | G3: ні | I3: ні | K3: ні | M3: ні | O3: ні | Q3: ні | S3: ні | U3: ні | W3: ні | Y3: ні | AA3: ні | AC3: ні | AD3: Ні. Із врахуванням вимог ст.19 Конституції України, обласна рада діє у межах та спосіб визначений законами України. Законодавством не передбачено вимог щодо публікації на сайті облради відповідей на скарги, звернення, пропозиції громадян. Відповідно до ст.18 Закону України «Про звернення громадян», громадянин має право отримати письмову відповідь про результати розгляду заяви чи скарги. Водночас, на вебсайті опубліковані відповіді на петиції, які набрали впродовж встановленого терміну (45 днів) необхідну для їх розгляду кількість голосів (понад 1000) https://ror.gov.ua/petycia/14 https://ror.gov.ua/petycia/21 | AE3: ні | AG3: ні | AI3: ні | AK3: ні | AM3: ні | AO3: ні | AQ3: ні | AS3: ні
A4: Q3 | B4: Чи надано можливість відстежувати стан розгляду звернень, скарг, пропозицій на відповідній онлайн платформі? | C4: ні | E4: ні | G4: ні | I4: ні | K4: ні | M4: ні | O4: так | Q4: ні | S4: ні | U4: ні | W4: ні | Y4: ні | AA4: ні | AC4: ні | AD4: Ні. Обласна рада діє у межах та спосіб, визначений діючим законодавством. Законодавством не передбачено вимог щодо публікації на сайті облради стану розгляду скарг, звернень, пропозицій громадян. | AE4: ні | AG4: ні | AI4: ні | AK4: ні | AM4: ні | AO4: ні | AQ4: ні | AS4: ні
A5: Q4 | B5: Чи забезпечено надання відповіді на запити на інформацію у встановлені законом терміни (офіційний запит МЦПД)? | C5: так | D5: відповідь отримано вчасно | E5: так | F5: відповідь отримано вчасно | G5: так | H5: відповідь отримано вчасно | I5: так | J5: відповідь отримано вчасно | K5: так | L5: відповідь отримано вчасно | M5: ні | N5: відповідь не надано | O5: так | P5: відповідь отримано вчасно | Q5: так | R5: отримано повну відповідь | S5: так | T5: відповідь отримано вчасно | U5: так | V5: відповідь отримано вчасно | W5: так | X5: відповідь отримано вчасно | Y5: так | Z5: відповідь отримано вчасно | AA5: так | AB5: відповідь отримано вчасно | AC5: так | AD5: відповідь отримано вчасно | AE5: так | AF5: відповідь отримано вчасно | AG5: так | AH5: відповідь отримано вчасно | AI5: так | AJ5: відповідь отримано вчасно | AK5: так | AL5: відповідь отримано вчасно | AM5: ні | AO5: так | AP5: відповідь отримано вчасно | AQ5: так | AR5: відповідь отримано вчасно | AS5: так | AT5: відповідь отримано вчасно
A6: Q5 | B6: Чи забезпечено надання повної інформації у відповіді на запит на інформацію (офіційний запит МЦПД)? | C6: так | D6: отримано повну відповідь | E6: так | F6: отримано повну відповідь | G6: так | H6: отримано повну відповідь | I6: так | J6: отримано повну відповідь | K6: так | L6: отримано повну відповідь | M6: ні | N6: відповідь не надано | O6: так | P6: отримано повну відповідь | Q6: так | R6: отримано повну відповідь | S6: так | T6: отримано повну відповідь | U6: так | V6: отримано повну відповідь | W6: так | X6: отримано повну відповідь | Y6: так | Z6: отримано повну відповідь | AA6: ні | AB6: відмова від надання інформації відповідно до ЗУ"Про публічну інформацію" через те, що законом передбачено надання готової інформації, запит МЦПД передбачає створення інформації, що забирає багао часу | AC6: так | AD6: отримано повну відповідь | AE6: так | AF6: отримано повну відповідь | AG6: так | AH6: отримано повну відповідь | AI6: так | AJ6: отримано повну відповідь | AK6: так | AL6: отримано повну відповідь | AM6: ні | AO6: так | AP6: отримано повну відповідь | AQ6: так | AR6: отримано повну відповідь | AS6: так | AT6: отримано повну відповідь
A7: Q6 | B7: Чи забезпечено надання відповіді на запити на інформацію у встановлені законом терміни (запит таємного клієнта)? | C7: так | D7: отримано відповідь | E7: ні | F7: відповідь не надано | G7: ні | H7: відповідь не надано | I7: ні | J7: відповідь не надано | K7: так | L7: відповідь отримано вчасно | M7: ні | N7: відповідь не надано | O7: так | P7: відповідь отримано вчасно | Q7: ні | R7: При доставке сообщения получателю koblrada@ukr.ua возникла временная ошибка. Gmail будет повторять попытки в течение 47 ч. Если доставить письмо не удастся, вы получите уведомление. | S7: так | T7: відповідь отримано вчасно | U7: ні | V7: відповідь не надано | W7: так | X7: відповідь отримано вчасно | Y7: так | Z7: відповідь отримано вчасно | AA7: ні | AB7: Адрес не найден Сообщение не доставлено, так как адрес nfo@oblrada-pl.gov.ua не найден или не принимает входящие письма. | AC7: так | AD7: відповідь отримано вчасно | AE7: так | AF7: підтвердили отримання | AG7: так | AH7: відповідь отримано вчасно | AI7: так | AJ7: відповідь отримано вчасно | AK7: так | AL7: відповідь отримано вчасно | AM7: так | AN7: відповідь отримано вчасно | AO7: так | AP7: відповідь отримано вчасно | AQ7: так | AR7: відповідь отримано вчасно | AS7: так | AT7: відповідь отримано вчасно
A8: Q7 | B8: Чи забезпечено надання повної інформації у відповіді на запит на інформацію (запит таємного клієнта)? | C8: так | D8: отримано повну відповідь | E8: ні | F8: відповідь не надано | G8: ні | H8: відповідь не надано | I8: ні | J8: відповідь не надано | K8: так | L8: отримано повну відповідь | M8: ні | N8: відповідь не надано | O8: так | P8: отримано повну відповідь | Q8: ні | S8: так | T8: отримано повну відповідь | U8: ні | V8: відповідь не надано | W8: так | X8: отримано повну відповідь | Y8: так | Z8: отримано повну відповідь | AA8: ні | AC8: так | AD8: отримано повну відповідь | AE8: ні | AG8: так | AH8: отримано повну відповідь | AI8: так | AJ8: отримано повну відповідь | AK8: так | AL8: отримано повну відповідь | AM8: так | AN8: отримано повну відповідь | AO8: так | AP8: отримано повну відповідь | AQ8: так | AR8: отримано повну відповідь | AS8: так | AT8: отримано повну відповідь
A9: Q8 | B9: Чи опубліковано на веб-сайті обласної ради інформацію про голову обласної ради, депутатів обласної ради (резюме чи біографічні дані та контактні дані, час та місце проведення прийому громадян)? | C9: так | D9: https://vinrada.gov.ua/golova_ta_zastupniki_golovi_oblasnoi_radi.htm ; https://vinrada.gov.ua/rada_spisok_deputativ.htm | E9: так | F9: http://volynrada.gov.ua/leadership http://volynrada.gov.ua/deputies_council http://volynrada.gov.ua/deputy | G9: так | H9: https://oblrada.dp.gov.ua/oblasna-rada/kerivnitstvo/пригунов-гліб-олександрович/ https://oblrada.dp.gov.ua/category/oblasna-rada/deputats/ | I9: так | J9: https://zt.gov.ua/index.php/oblasna-rada/struktura-ta-personi/kerivnitstvo/133-gor.html https://zt.gov.ua/index.php/oblasna-rada/struktura-ta-personi/deputatskij-korpus.html | K9: так | L9: https://zakarpat-rada.gov.ua/oblasna-rada/kerivnytstvo-rady/holova-rady/ https://zakarpat-rada.gov.ua/oblasna-rada/deputaty/oblasna-rada-viii-sklykannia-2020-2025/ | M9: так | N9: http://zor.gov.ua/management https://zor.gov.ua/deputat/all https://zor.gov.ua/deput_frakc_ta_gruppi | O9: так | P9: http://www.orada.if.ua/deputies/сич-олександер-максимович/; http://www.orada.if.ua/обласна-рада/депутати/ | Q9: так | R9: https://kor.gov.ua/sklad_rady/kerivnytstvo.html https://kor.gov.ua/sklad_rady/fraktsii_ta_deputatskyi_korpus/deputatskyi_korpus.html | S9: так | T9: https://oblrada.kr.ua/golova-oblasnoi-radi https://oblrada.kr.ua/deputatskij-korpus | U9: так | V9: https://mail.lvivoblrada.gov.ua/the-structure/deputati https://mail.lvivoblrada.gov.ua/the-structure/kerivnictvo-lvivskoji-oblasnoji-radi | W9: так | X9: https://www.mk-oblrada.gov.ua/deputatskyy-korpus | Y9: частково | Z9: http://oblrada.odessa.gov.ua/pro-oblasnu-radu/kerivnytstvo/ http://oblrada.odessa.gov.ua/pro-oblasnu-radu/deputatskyj-korpus/zagalnyj-sklad/ відсутні біографії та контакти | AA9: так | AB9: https://oblrada-pl.gov.ua/index.php?option=com_content&view=article&id=46&Itemid=34 https://oblrada-pl.gov.ua/index.php?option=com_content&view=article&id=12533&Itemid=200 | AC9: так | AD9: https://ror.gov.ua/kerivnictvo-oblasnoyi-radi - інформація про керівництво облради; https://ror.gov.ua/deputaty; https://ror.gov.ua/frakciyi - інформація про депутатів облради | AE9: так | AF9: https://sorada.gov.ua/pro-oblasnu-radu/kerivnytstvo-oblasnoji-rady.html https://sorada.gov.ua/deputaty.html | AG9: так | AH9: http://te-rada.org/user/#&type=1 http://te-rada.org/user/#&type=3 | AI9: так | AJ9: http://www.oblrada.kharkov.ua/ua/deputies http://www.oblrada.kharkov.ua/ua/board-structure/direction/head-of-kharkiv-regional-council | AK9: так | AL9: http://khor.gov.ua/storinka-golovy-hersonskoyi-oblasnoyi-rady/ http://khor.gov.ua/deputatskyj-korpus-viii-sklykannia-2/# | AM9: так | AN9: http://km-oblrada.gov.ua/management-regional-council/ https://km-oblrada.gov.ua/deputati-vosmogo-sklikannya-2/ | AO9: так | AP9: інформація про депутатів : https://www.oblradack.gov.ua/deputati-oblasnoi-radi-vii-sklikannya https://www.oblradack.gov.ua/pidgorniy-anatoliy-viktorovich | AQ9: так | AR9: http://oblrada.cv.ua/structure/ http://oblrada.cv.ua/structure/deputies/ | AS9: так | AT9: https://chor.gov.ua/2012-07https://chor.gov.ua/oblasna-rada/golova https://chor.gov.ua/oblasna-rada/deputati/itemlist/category/373-deputatskyi-korpus-oblasnoi-rady-8-ho-sklykannia
A10: Q9 | B10: Чи опубліковано на веб-сайті обласної ради інформацію про перелік, поіменний склад та контактні дані постійних комісій ради? | C10: так | D10: https://vinrada.gov.ua/spisok_deputativ_po_komisiyah.htm | E10: так | F10: http://volynrada.gov.ua/standing_committees | G10: так | H10: https://oblrada.dp.gov.ua/%d0%ba%d0%be%d0%bc%d1%96%d1%81%d1%96%d1%97-viii-%d1%81%d0%ba%d0%bb%d0%b8%d0%ba%d0%b0%d0%bd%d0%bd%d1%8f/ | I10: так | J10: https://zt.gov.ua/index.php/oblasna-rada/struktura-ta-personi/postijni-komisiji.html | K10: так | L10: https://zakarpat-rada.gov.ua/oblasna-rada/postijni-komisiji/ | M10: так | N10: http://zor.gov.ua/postiyni_komisii | O10: так | P10: http://www.orada.if.ua/депутатський-склад-за-комісіями/ | Q10: так | R10: https://kor.gov.ua/sklad_rady/komisii.html | S10: так | T10: https://oblrada.kr.ua/postijni-komisii-kirovogradskoi-oblasnoi-radi | U10: так | V10: https://mail.lvivoblrada.gov.ua/the-structure/postiini-deputatski-komisiji-1 | W10: так | X10: https://www.mk-oblrada.gov.ua/sklad-postiynyh-komisiy | Y10: так | Z10: http://oblrada.odessa.gov.ua/pro-oblasnu-radu/deputatskyj-korpus/postijni-komisiyi/ | AA10: так | AB10: https://oblrada-pl.gov.ua/index.php?option=com_content&view=category&id=47&Itemid=100 | AC10: так | AD10: https://ror.gov.ua/postiini-komisiyi | AE10: так | AF10: https://sorada.gov.ua/pro-oblasnu-radu/deputaty-oblasnoji-rady/postijni-komisiji.html | AG10: так | AH10: http://te-rada.org/user/#&type=4 | AI10: так | AJ10: http://www.oblrada.kharkov.ua/ua/deputies/commission | AK10: так | AL10: http://khor.gov.ua/postijni-komisiyi-oblasnoyi-rady/ | AM10: так | AN10: https://km-oblrada.gov.ua/postiyni-komisii-oblasnoi-radi-vii-vosm/ | AO10: так | AP10: https://www.oblradack.gov.ua/sklad-postynyh-komisij | AQ10: так | AR10: http://oblrada.cv.ua/structure/commissions/ | AS10: так | AT10: https://chor.gov.ua/oblasna-rada/postijni-komisiji
A11: Q10 | B11: Чи опубліковано на веб-сайті обласної ради інформацію про поіменний склад та контактні дані виконавчого апарату обласної ради? | C11: ні | D11: http://www.vinrada.gov.ua/zagalniy_spisok_pracivnikiv.htm сторінка неактивна | E11: так | F11: http://volynrada.gov.ua/aparat | G11: так | H11: https://oblrada.dp.gov.ua/category/oblasna-rada/vikon-aparat/ | I11: так | J11: https://zt.gov.ua/index.php/oblasna-rada/struktura-ta-personi/vikonavchij-aparat.html | K11: так | L11: https://zakarpat-rada.gov.ua/oblasna-rada/vykonavchyj-aparat/ | M11: так | N11: http://zor.gov.ua/viddili | O11: так | P11: Пункт меню "Обласна рада - Виконавчий апарат" https://orada.if.ua/%d0%be%d0%b1%d0%bb%d0%b0%d1%81%d0%bd%d0%b0-%d1%80%d0%b0%d0%b4%d0%b0/%d0%b2%d0%b8%d0%ba%d0%be%d0%bd%d0%b0%d0%b2%d1%87%d0%b8%d0%b9-%d0%b0%d0%bf%d0%b0%d1%80%d0%b0%d1%82/%d0%ba%d0%b5%d1%80%d1%96%d0%b2%d0%bd%d0%b8%d1%86%d1%82%d0%b2%d0%be-%d0%be%d0%b1%d0%bb%d0%b0%d1%81%d0%bd%d0%be%d1%97-%d1%80%d0%b0%d0%b4%d0%b8/ | Q11: так | R11: https://kor.gov.ua/sklad_rady/vykonavchyi_aparat.html | S11: так | T11: https://oblrada.kr.ua/vikonavchij-aparat | U11: так | V11: https://mail.lvivoblrada.gov.ua/the-structure/struktura-aparatu | W11: так | X11: https://www.mk-oblrada.gov.ua/struktura-mykolaivskoi-oblasnoi-rady | Y11: ні | Z11: http://oblrada.odessa.gov.ua/pro-oblasnu-radu/aparat-oblasnoyi-rady/struktura-aparatu/ Інформація оновлюється | AA11: так | AB11: https://oblrada-pl.gov.ua/index.php?option=com_content&view=article&id=8212&Itemid=142 | AC11: так | AD11: https://ror.gov.ua/struktura | AE11: так | AF11: https://sorada.gov.ua/pro-oblasnu-radu/vykonavchyj-aparat/vykonavchyj-aparat.html | AG11: так | AH11: http://te-rada.org/?id=64 | AI11: так | AJ11: http://www.oblrada.kharkov.ua/ua/board-structure/executive-body | AK11: так | AL11: http://khor.gov.ua/radnyky-golovy-hersonskoyi-oblasnoyi-rady-na-gromadskyh-zasadah/ | AM11: так | AN11: https://km-oblrada.gov.ua/management-regional-council/administrator-of-the-office/ https://km-oblrada.gov.ua/vikonavchij-aparat-radi/ | AO11: так | AP11: https://www.oblradack.gov.ua/aparat-radi-telefonniy-dovdnik-0 | AQ11: так | AR11: http://oblrada.cv.ua/structure/machineries/ | AS11: так | AT11: https://chor.gov.ua/oblasna-rada/vikonavchiy-aparat/spisok-pratsivnikiv
A12: Q11 | B12: Чи публікується на веб-сайті обласної ради повідомлення про майбутні сесії обласної ради принаймні за 10 днів до початку сесії в зручному для користувача доступі (наприклад в окремому розділі)? | C12: так | D12: http://www.vinrada.gov.ua/grafik-provedennya-zasidan-postijnih-komisij.htm https://vinrada.gov.ua/na-chergovij-sesii-deputati-rozglyanut-37-pitan.htm | E12: так | F12: http://volynrada.gov.ua/actualna-informacia/proyekt-poryadku-dennogo-4-sesiyi, а також інформація дублюється в стрічці новин | G12: так | H12: https://oblrada.dp.gov.ua/news/xxii-%d1%81%d0%b5%d1%81%d1%96%d1%8f-%d0%be%d0%b1%d0%bb%d1%80%d0%b0%d0%b4%d0%b8-%d0%b2%d1%96%d0%b4%d0%b1%d1%83%d0%b4%d0%b5%d1%82%d1%8c%d1%81%d1%8f-%d0%be%d0%bd%d0%bb%d0%b0%d0%b9%d0%bd/ | I12: так | J12: На головній сторінці у розділі "Підготовка до чергової сесії обласної ради" https://zt.gov.ua/index.php/%D0%BF%D1%80%D0%BE%D1%94%D0%BA%D1%82%D0%B8-%D1%80%D1%96%D1%88%D0%B5%D0%BD%D1%8C.html | K12: так | L12: https://zakarpat-rada.gov.ua/category/rozporyadzhennya/ | M12: так | N12: http://zor.gov.ua Розділ на головній сторінці веб-сайту "АНОНСИ ПОДІЙ ТА ПУБЛІКАЦІЇ" | O12: так | P12: http://orada.if.ua/news/ https://orada.if.ua/%d0%bf%d1%80%d0%be-%d1%81%d0%ba%d0%bb%d0%b8%d0%ba%d0%b0%d0%bd%d0%bd%d1%8f-%d0%bf%d0%be%d0%b7%d0%b0%d1%87%d0%b5%d1%80%d0%b3%d0%be%d0%b2%d0%be%d1%97-%d1%82%d1%80%d0%b5%d1%82%d1%8c%d0%be%d1%97-%d1%81/ | Q12: так | R12: https://kor.gov.ua/pres-tsentr/podii.html | S12: так | T12: В розділі "Анонси", "Важливо" https://oblrada.kr.ua/ | U12: так | V12: https://www.lvivoblrada.gov.ua/plenary-sessions/proekti-rishen/proekti-rishen-pidgotovlenni-dlya-rozglyadu | W12: так | X12: Розпорядження голови обласної ради про скликання сесії оприлюднюється на головній сторінці офіційного веб-сайту обласної ради http://mk-oblrada.gov.ua/ | Y12: так | Z12: http://oblrada.odessa.gov.ua/dokumenty/rozporyadzhennya/ | AA12: так | AB12: http://oblrada-pl.gov.ua/index.php?option=com_content&view=article&id=10469&Itemid=37 | AC12: так | AD12: Так. Повідомлення регулярно публікуються з орієнтовним порядком денним у розділі вебсайту «Анонси подій» https://ror.gov.ua/# у терміни, визначені законодавством України | AE12: так | AF12: https://sorada.gov.ua/actual/75-do-chergovoji-sesiji.html | AG12: так | AH12: http://te-rada.org/list/?t=4&s=rada | AI12: так | AJ12: http://oblrada.kharkov.ua/ua/press-center/news/25545-plenarne-zasidannya-pozachergovoji-sesiji-kharkivskoji-oblasnoji-radi-vidbudetsya-24-grudnya | AK12: так | AL12: Календар основних заходів Херсонської обласної ради https://drive.google.com/ Публікується розпорядження та інформаційний рядок на головній сторінці http://khor.gov.ua/ | AM12: так | AN12: https://km-oblrada.gov.ua/osnovni-zaxodi/ | AO12: так | AP12: «Анонси»: https://www.oblradack.gov.ua/ https://www.oblradack.gov.ua/rozporyadzhennya-pro-sklikannya-sesy-oblasnoyi-radi «Розпорядження про скликання сесій обласної ради»: https://www.oblradack.gov.ua/rozporyadzhennya-pro-sklikannya-sesy-oblasnoyi-radi | AQ12: так | AR12: http://oblrada.cv.ua/news/70035/ | AS12: так | AT12: Повідомлення про майбутні сесії обласної ради публікується щонайменше за 10 днів до початку сесії у розділі «Анонси»: https://chor.gov.ua/nasha-diyalnist/anonsi https://chor.gov.ua/nasha-diyalnist/anonsi/item/10695-sklykaietsia-tretia-sesiia-oblasnoi-rady-vosmoho-sklykannia
A13: Q12 | B13: Чи публікуються на веб-сайті обласної ради підготовчі матеріали до всіх відкритих засідань (включаючи порядок денний, проекти документів до затвердження), принаймні за два дні до засідання? | C13: так | D13: http://www.vinrada.gov.ua/proekti_rishen.htm | E13: так | F13: http://volynrada.gov.ua/projects http://volynrada.gov.ua/actualna-informacia/proyekt-poryadku-dennogo-4-sesiyi | G13: так | H13: https://oblrada.dp.gov.ua/category/documents/%d0%bf%d1%80%d0%be%d0%b5%d0%ba%d1%82%d0%b8-%d1%80%d1%96%d1%88%d0%b5%d0%bd%d1%8c/proeki-rishen/ | I13: ні | K13: так | L13: https://zakarpat-rada.gov.ua/category/proekty-rishennya/ | M13: так | N13: http://zor.gov.ua/content/proekty-rishen-do-rozglyadu-na-sesiyi http://zor.gov.ua/content/arhiv-proektiv-rishen | O13: так | P13: http://www.orada.if.ua/проєкти-рішень/ | Q13: так | R13: https://kor.gov.ua/robota_rady/proiekty_rishen.html | S13: ні | U13: так | V13: https://www.lvivoblrada.gov.ua/plenary-sessions/poryadok-dennii-1 https://www.lvivoblrada.gov.ua/plenary-sessions/proekti-rishen/proekti-rishen-pidgotovlenni-dlya-rozglyadu https://www.lvivoblrada.gov.ua/plenary-sessions/proekti-rishen-iniciativa/iniciativa-deputata-grupi-deputativ https://www.lvivoblrada.gov.ua/plenary-sessions/proekti-rishen-iniciativa/iniciativa-vikonavchih-organiv-vladi https://www.lvivoblrada.gov.ua/plenary-sessions/proekti-rishen-iniciativa/iniciativa-pidrozdiliv-oblasnoji-radi | W13: ні | Y13: так | Z13: http://oblrada.odessa.gov.ua/dokumenty/proekty-rishen-2/ | AA13: так | AB13: http://oblrada-pl.gov.ua/index.php?option=com_content&view=article&id=10469&Itemid=37 https://oblrada-pl.gov.ua/index.php?option=com_content&view=category&id=102&Itemid=229 | AC13: так | AD13: Так. Відповідно до вимог Регламенту Рівненської обласної ради за 3 дні до засідання регулярно публікуються з орієнтовним порядком денним у розділі вебсайту «Анонси подій» https://ror.gov.ua/# та подані на розгляд обласної ради проєкти рішень з відповідними матеріалами у розділі вебсайту «Офіційні документи» - «Проєкти рішень обласної ради» https://ror.gov.ua/proyekti-rishen-oblasnoyi-radi | AE13: так | AF13: https://sorada.gov.ua/dokumenty-oblrady/proekty-rishen/category/68-proekty-rishen.html | AG13: так | AH13: http://te-rada.org/document/ | AI13: так | AJ13: https://www.ts.lica.com.ua/?type=0&base=77&menu=368065&id=317 http://oblrada.kharkov.ua/ua/public-information/protocols-of-standing-committees | AK13: так | AL13: http://khor.gov.ua/proekty-rishen/ | AM13: так | AN13: http://km-oblrada.gov.ua/proekti-rishen/ https://km-oblrada.gov.ua/proekti-rishen/proekti-rishen-chergovoi-pozachergovoi-sesij/ https://km-oblrada.gov.ua/proekti-rishen/proekti-rishen-radi-yaki-proponuyutsya-dlya-rozglyadu/ | AO13: так | AP13: Порядки денні засідань постійних комісій обласної ради (проекти): https://www.oblradack.gov.ua/poryadki-denn-protokol-zasdan-postynih-komsy-deputatv-viii-sklikannya https://www.oblradack.gov.ua/plenarn-zasdannya https://www.oblradack.gov.ua/materiali-chergovoyi-sesyi-oblasnoyi-radi | AQ13: так | AR13: http://oblrada.cv.ua/document/list/section/46/ | AS13: так | AT13: Проєкти документів та регуляторних актів до засідань ради розміщені на сайті обласної ради у розділі «Проекти регуляторних актів та рішень» за посиланням: https://chor.gov.ua/normativni-dokumenti/proekti-regulyatornih-aktiv-ta-rishen
A14: Q13 | B14: Чи публікує обласна рада на своєму сайті матеріали засідань обласної ради: протоколи засідань, результати поіменного голосування? | C14: так | D14: http://www.vinrada.gov.ua/protokoli-ta-visnovki-21.htm | E14: так | F14: http://volynrada.gov.ua/session http://volynrada.gov.ua/protocoltext http://volynrada.gov.ua/golos http://volynrada.gov.ua/all-solutions?calling=6&committees=All Крім цього, результати голосування розміщуються під кожним рішенням обласної ради. | G14: так | H14: https://oblrada.dp.gov.ua/plenarn%d1%96-zas%d1%96dannja/protokoli-ses%d1%96j/ | I14: так | J14: https://zt.gov.ua/index.php/2015-12-25-09-37-43/%D0%BF%D1%80%D0%BE%D1%82%D0%BE%D0%BA%D0%BE%D0%BB-%D1%81%D0%B5%D1%81%D1%96%D1%97.html https://zt.gov.ua/index.php/2015-12-25-09-37-43/%D0%B5%D0%BB%D0%B5%D0%BA%D1%82%D1%80%D0%BE%D0%BD%D0%BD%D0%B8%D0%B9-%D0%BF%D1%80%D0%BE%D1%82%D0%BE%D0%BA%D0%BE%D0%BB-%D0%BF%D0%BE%D1%96%D0%BC%D0%B5%D0%BD%D0%BD%D0%BE%D0%B3%D0%BE-%D0%B3%D0%BE%D0%BB%D0%BE%D1%81%D1%83%D0%B2%D0%B0%D0%BD%D0%BD%D1%8F.html | K14: так | L14: https://zakarpat-rada.gov.ua/normatyvni-dokumenty/rishennya-rady/ | M14: так | N14: https://zor.gov.ua/content/persha-sesiya-vosmogo-sklykannya-plenarne-zasidannya-23122020 | O14: так | P14: http://www.orada.if.ua/протоколи-сесій/, http://www.orada.if.ua/результати-поіменних голосувань/ | Q14: так | R14: https://kor.gov.ua/robota_rady/rezultaty_holosuvannia.html | S14: так | T14: https://oblrada.kr.ua/protokoli-plenarnih-zasidan | U14: так | V14: https://mail.lvivoblrada.gov.ua/plenary-sessions/rezultati-golosuvannya https://81.171.25.48/plenary-sessions/protokoli-sesii | W14: так | X14: https://www.mk-oblrada.gov.ua/pishennya-oblasnoi-rady?group_id=194 | Y14: так | Z14: http://oblrada.odessa.gov.ua/dokumenty/protokoly/ http://oblrada.odessa.gov.ua/dokumenty/rezultaty-golosuvannya/ | AA14: так | AB14: http://oblrada-pl.gov.ua/index.php?option=com_content&view=category&id=86&Itemid=201 | AC14: так | AD14: Так. У розділах: -«Офіційні документи» - «Результати поіменного голосування» https://ror.gov.ua/rezultati-poimennogo-golosuvannya/rezultati-poimennogo-golosuvannya-8-sklykanna інформація публікується у день голосування. На сайті наявна інформація з січня 2016 року (7 та 8 скликання Рівненської обласної ради). - «Офіційні документи» - «Протоколи сесій» https://ror.gov.ua/protokoli-sesii-vosmogo-sklikannya-32 на сайті оприлюднені протоколи сесій 6, 7 та 8 скликань, починаючи з травня 2016 року. | AE14: так | AF14: https://sorada.gov.ua/dokumenty-oblrady/vote-results.html https://sorada.gov.ua/dokumenty-oblrady/protokoly/protocols-commissions.html https://sorada.gov.ua/dokumenty-oblrady/section/10-protocols-presidium-sessions.html | AG14: так | AH14: http://te-rada.org/document/ | AI14: так | AJ14: https://www.ts.lica.com.ua/?type=0&base=77&menu=7&id=3 | AK14: так | AL14: http://khor.gov.ua/rezultaty-rozglyadu-pytan-poryadku-dennogo-hersonskoyi-oblasnoyi-rady-vii-sklykannya/ | AM14: так | AN14: http://km-oblrada.gov.ua/vii-sklikannya/ | AO14: так | AP14: Протоколи засідань постійних комісій обласної ради: https://www.oblradack.gov.ua/protokoli-zasdan-postynih-komsy https://www.oblradack.gov.ua/plenarn-zasdannya | AQ14: так | AR14: http://oblrada.cv.ua/document/list/section/99/ | AS14: так | AT14: На сайті обласної ради розміщуються протоколи пленарних засідань сесій (за посиланням: https://chor.gov.ua/normativni-dokumenti/protokoli-sesij), протоколи та рекомендації засідань постійних комісій (за посиланням: https://chor.gov.ua/normativni-dokumenti/protokoli-ta-rekomendatsiji-postijnikh-komisij) та результати поіменного голосування у розділі «Нормативні документи» категорії «Рішення» (посилання на розміщення результатів голосування: https://chor.gov.ua/normativni-dokumenti/rishennya/item/10668-rezultaty-poimennoho-holosuvannia )
A15: Q14 | B15: Чи публікує обласна рада на своєму сайті аудіо/відеозапис засідань обласної ради? | C15: так | D15: http://www.vinrada.gov.ua/audio-ta-videozapis-10.htm | E15: так | F15: Аудіо: http://volynrada.gov.ua/protocol Відео: http://volynrada.gov.ua/all_video https://www.youtube.com/channel/UCzXdX9qa3ZqSSILGMlwezQA | G15: так | H15: https://oblrada.dp.gov.ua/plenarn%d1%96-zas%d1%96dannja/%d0%be%d0%bd%d0%bb%d0%b0%d0%b9%d0%bd-%d1%82%d1%80%d0%b0%d0%bd%d1%81%d0%bb%d1%8f%d1%86%d1%96%d1%8f-%d1%81%d0%b5%d1%81%d1%96%d0%b9/ https://oblrada.dp.gov.ua/plenarn%d1%96-zas%d1%96dannja/protokoli-ses%d1%96j/ https://oblrada.dp.gov.ua/plenarnі-zasіdannja/rezultati-poіmennogo-golosuvannja/ | I15: так | J15: https://zt.gov.ua/index.php/translyatsiya.html https://zt.gov.ua/index.php/27-%D1%81%D0%B5%D1%81%D1%96%D1%8F-08-10-2019/%D0%BF%D1%80%D0%BE%D1%82%D0%BE%D0%BA%D0%BE%D0%BB-%D1%81%D0%B5%D1%81%D1%96%D1%97.html | K15: так | L15: https://zakarpat-rada.gov.ua/category/video/ | M15: так | N15: https://zor.gov.ua/content/video-translyaciya-pershoyi-sesiyi-zaporizkoyi-oblasnoyi-rady-vosmogo-sklykannya-chastyna | O15: так | P15: https://galtv.if.ua/online | Q15: ні | R15: Через технічні характеристики сайту опублікування аудіо/відео запису є неможливим. Прямі трансляції засідань ведуться в групі Facebook | S15: так | T15: https://oblrada.kr.ua/videozapisi-zasidan | U15: так | V15: https://lvivoblrada.gov.ua/news/oleksandr-ganushchin-vzyav-uchast-u-zasidanni-konsultativnoji-radi-z-pitan-miscevogo-samovryaduvannya | W15: ні | X15: https://www.mk-oblrada.gov.ua/pishennya-oblasnoi-rady?group_id=187 | Y15: так | Z15: http://oblrada.odessa.gov.ua/dokumenty/stenogramy/ | AA15: ні | AC15: так | AD15: Так. В обласній раді з 2019 року запроваджена система відеотрансляцій пленарних засідань сесій. Засідання в онлайн режимі транслюються на головній сторінці сайту https://ror.gov.ua/# та на YouTube-каналі Рівненської обласної ради https://www.youtube.com/channel/UC_V-FpPFmIpqRUMFvAALFhw/featured. Відеозаписи всіх засідань зберігаються на YouTube-каналі Рівненської обласної ради. Також на сайті опубліковані посилання на відеозаписи відповідних засідань https://ror.gov.ua/protokoli-sesii-vosmogo-sklikannya-32 | AE15: так | AF15: Прямі трансляції та відеозаписи оприлюднюються на сайті обласної ради шляхом їх вбудування з youtube. https://www.youtube.com/user/oblradasumy/playlists | AG15: так | AH15: http://te-rada.org/meeting/ | AI15: так | AJ15: http://oblrada.kharkov.ua/ua/press-center/video/332-plenarni-zasidannia-kharkivskoi-oblasnoi-rady | AK15: так | AL15: http://khor.gov.ua/rezultaty-rozglyadu-pytan-poryadku-dennogo-hersonskoyi-oblasnoyi-rady-vii-sklykannya/ | AM15: так | AN15: http://km-oblrada.gov.ua/videotranslyaciya-zasidan-sesij-oblasnoi-radi/ | AO15: так | AP15: https://www.oblradack.gov.ua/vdeotranslyacya-0 | AQ15: так | AR15: http://oblrada.cv.ua/video/ http://oblrada.cv.ua/photoreports/ | AS15: так | AT15: Відеозапис засідань сесії, президії обласної ради публікується на сайті обласної ради у розділі «Відеогалерея» за посиланням: https://chor.gov.ua/mediateka/videogalereya
A16: Q15 | B16: Чи публікує обласна рада на своєму сайті матеріали засідань постійних комісій обласної ради (в тому числі аудіо/відеозапис засідання, протоколи засідань, результати поіменного голосування)? | C16: частково | D16: аудіо/відеозапис засідання не опубліковується http://www.vinrada.gov.ua/protokoli-ta-visnovki-21.htm | E16: так | F16: Відео: http://volynrada.gov.ua/all_video https://www.youtube.com/channel/UCzXdX9qa3ZqSSILGMlwezQA На сторінці кожної постійної комісії розміщені рішення та протоколи. Приклад: http://volynrada.gov.ua/standing_committees/postiina-komisiya-z-pitan-osviti-nauki-informatsiinogo-prostoru-kulturi-ta-movi-0 | G16: так | H16: https://oblrada.dp.gov.ua/category/komissions/komis-soc-econom/ | I16: так | J16: https://zt.gov.ua/index.php/oblasna-rada/struktura-ta-personi/postijni-komisiji/185-postijna-komisiya-z-pitan-byudzhetu-i-komunalnoji-vlasnosti.html https://zt.gov.ua/index.php/oblasna-rada/struktura-ta-personi/postijni-komisiji.html https://zt.gov.ua/index.php/translyatsiya.html | K16: так | L16: https://zakarpat-rada.gov.ua/oblasna-rada/postijni-komisiji/ | M16: так | N16: https://zor.gov.ua/content/protokoly-postiynyh-komisiy-8-sklykannya https://zor.gov.ua/content/vysnovky-postiynyh-komisiy-8-sklykannya | O16: так | P16: http://www.orada.if.ua/протоколи-засідань-постійних-комісі/ | Q16: так | R16: https://kor.gov.ua/robota_rady/zasidannia_komisii.html | S16: так | T16: https://oblrada.kr.ua/protokoli-zasidan-pk | U16: так | V16: https://lvivoblrada.gov.ua/news/konkursna-komisiya-obrala-kandidativ-na-posadi-direktoriv-troh-zakladiv-osviti https://lvivoblrada.gov.ua/public/activity/postiini-komisiji-oblasnoji-radi/protokoli-postiinih-komisii | W16: так | X16: https://www.mk-oblrada.gov.ua/dokumenty-postiynyh-komisiy | Y16: так | Z16: http://oblrada.odessa.gov.ua/pro-oblasnu-radu/deputatskyj-korpus/postijni-komisiyi/ | AA16: так | AB16: https://oblrada-pl.gov.ua/index.php?option=com_content&view=category&id=104:viii-sklikannja&Itemid=130&layout=default/index.php?option=com_content&view=category&id=88:vii-sklikannja&Itemid=130&layout=default | AC16: так | AD16: Так. В обласній раді з 2018 року запроваджена система відеотрансляції засідань постійних комісій. Засідання в онлайн режимі транслюються на головній сторінці сайту https://ror.gov.ua/# та на YouTube-каналі Рівненської обласної ради https://www.youtube.com/channel/UC_V-FpPFmIpqRUMFvAALFhw/featured . Відеозаписи всіх засідань зберігаються на YouTube-каналі Рівненської обласної ради. Також на сайті опубліковані посилання на відеозаписи відповідних засідань https://ror.gov.ua/dokumenti-postijnih-komisij-8-sklikannya/postiina-komisiya-z-pitan-byudzhetu-finansiv-ta-podatkiv-1 Відповідно до вимог Регламенту Рівненської обласної ради на сайті у п’ятиденний термін після засідання публікуються протоколи та рекомендації постійних комісій https://ror.gov.ua/dokumenti-postijnih-komisij-8-sklikannya https://ror.gov.ua/dokumenti-postijnih-komisij-8-sklikannya/postiina-komisiya-z-pitan-byudzhetu-finansiv-ta-podatkiv-1. Результати голосування по кожному питанню наведені у протоколах засідань постійних комісій. | AE16: так | AF16: https://sorada.gov.ua/dokumenty-oblrady/protokoly/protocols-commissions.html | AG16: так | AH16: http://te-rada.org/document/ | AI16: так | AJ16: http://oblrada.kharkov.ua/ua/public-information/protocols-of-standing-committees | AK16: так | AL16: http://khor.gov.ua/protokoly-zasidan-postijnyh-komisij-hersonskoyi-oblasnoyi-rady-vii-sklykannya-ta-vysnovky-i-rekomendatsiyi/ | AM16: так | AN16: https://km-oblrada.gov.ua/protokoli-postiynikh-komisiy-khmelni/ | AO16: так | AP16: Протоколи засідань постійних комісій обласної ради: https://www.oblradack.gov.ua/poryadki-denn-protokol-zasdan-postynih-komsy-deputatv-viii-sklikannya | AQ16: так | AR16: http://oblrada.cv.ua/activity/permanent_committee/ | AS16: так | AT16: https://chor.gov.ua/protokoli-ta-rekomendatsiji-postijnikh-komisij
A17: Q16 | B17: Чи публікується на веб-сайті обласної ради рішення ради? | C17: так | D17: http://www.vinrada.gov.ua/rishennya-5.htm | E17: так | F17: http://volynrada.gov.ua/session | G17: так | H17: https://oblrada.dp.gov.ua/category/news/ https://oblrada.dp.gov.ua/category/documents/проекти-рішень/proeki-rishen/ | I17: ні | K17: так | L17: https://zakarpat-rada.gov.ua/normatyvni-dokumenty/rishennya-rady/ | M17: так | N17: https://zor.gov.ua/sessii_ta_rishenya_radi | O17: так | P17: http://www.orada.if.ua/рішення-обласної-ради/ | Q17: так | R17: https://kor.gov.ua/robota_rady/rishennia.html | S17: так | T17: https://oblrada.kr.ua/rishennya-oblasnoi-radi- | U17: так | V17: https://lvivoblrada.gov.ua/plenary-sessions/rishennya-viii-sklikannya | W17: так | X17: https://www.mk-oblrada.gov.ua/pishennya-oblasnoi-rady?group_id=194 | Y17: так | Z17: http://oblrada.odessa.gov.ua/dokumenty/rishennya/ | AA17: так | AB17: https://oblrada-pl.gov.ua/index.php?option=com_content&view=category&id=103&Itemid=233 | AC17: так | AD17: https://ror.gov.ua/rishennya-oblasnoyi-radi-8-sklikannya | AE17: так | AF17: https://sorada.gov.ua/dokumenty-oblrady/rishennja-oblasnoji-rady/8-sklykannja.html | AG17: так | AH17: http://te-rada.org/document/ | AI17: ні | AK17: так | AL17: http://khor.gov.ua/rishennia-sesij-khersonskoi-oblasnoi-rady/ | AM17: так | AN17: http://km-oblrada.gov.ua/rishennya-sesiy/ | AO17: так | AP17: Розділ «Документи», рубрика «Рішення сесій обласної ради» https://www.oblradack.gov.ua/ostanni-rishennya-sesyi | AQ17: так | AR17: http://oblrada.cv.ua/document/list/section/84/ | AS17: так | AT17: https://chor.gov.ua/normativni-dokumenti/rishennya/itemlist/category/231-7-sklikannya
A18: Q17 | B18: Чи публікується на веб-сайті звіти голови обласної ради про його роботу (не рідше 1 разу на рік)? | C18: так | D18: http://www.vinrada.gov.ua/dodatok-do-proektu-rishennya-pro-zvit-golovi-oblasnoi-radi-olijnika-ad-video.htm | E18: так | F18: http://volynrada.gov.ua/session/31/2-1 http://volynrada.gov.ua/session/19/2-0 http://volynrada.gov.ua/session/10/3-0 | G18: ні | H18: Останній звіт 2017го року - https://oblrada.dp.gov.ua/oblasna-rada/kerivnitstvo/пригунов-гліб-олександрович/ | I18: ні | J18: https://zt.gov.ua/index.php/news/13553-%D0%B2%D0%BE%D0%BB%D0%BE%D0%B4%D0%B8%D0%BC%D0%B8%D1%80-%D1%88%D0%B8%D1%80%D0%BC%D0%B0-%D0%B2%D1%96%D0%B4%D0%B7%D0%B2%D1%96%D1%82%D1%83%D0%B2%D0%B0%D0%B2-%D0%B7%D0%B0-%D0%B2%D0%B8%D0%BA%D0%BE%D0%BD%D0%B0%D0%BD%D1%83-%D1%80%D0%BE%D0%B1%D0%BE%D1%82%D1%83-%D1%83-2018-%D1%80%D0%BE%D1%86%D1%96.html інформація закрита | K18: так | L18: https://zakarpat-rada.gov.ua/normatyvni-dokumenty/rishennya-rady/vii-sklykannya/xvii-sesiya-20-12-2019/ | M18: частково | N18: http://zor.gov.ua/sites/default/files/rishennya/07_22_28.zip Звіт голови за 2018-2020 рр. не відображено на сайті | O18: так | P18: http://www.orada.if.ua/обласна-рада/звіти-голови/ https://orada.if.ua/%d0%b7%d0%b2%d1%96%d1%82-%d0%b3%d0%be%d0%bb%d0%be%d0%b2%d0%b8-%d0%be%d0%b1%d0%bb%d0%b0%d1%81%d0%bd%d0%be%d1%97-%d1%80%d0%b0%d0%b4%d0%b8-%d1%81%d1%8c%d0%be%d0%bc%d0%be%d0%b3%d0%be-%d0%b4/ | Q18: ні | S18: так | T18: https://oblrada.kr.ua/rishennya-oblasnoi-radi- | U18: так | V18: https://lvivoblrada.gov.ua/news/oleksandr-ganushchin-prozvituvav-pered-zhurnalistami-pro-chetvertii-rik-roboti-na-posadi-golovi-oblasnoji-radi | W18: так | X18: https://www.mk-oblrada.gov.ua/news.php?news=2559&group=20 | Y18: так | Z18: http://oblrada.odessa.gov.ua/pro-oblasnu-radu/deputatskyj-korpus/zvity/ | AA18: так | AB18: https://oblrada-pl.gov.ua/index.php?option=com_content&view=article&id=12659&Itemid=234 | AC18: так | AD18: https://ror.gov.ua/?s=%D0%B7%D0%B2%D1%96%D1%82+%D0%B3%D0%BE%D0%BB%D0%BE%D0%B2%D0%B8 | AE18: ні | AG18: так | AH18: http://te-rada.org/list/?type=view&id=12508 | AI18: частково | AJ18: http://www.oblrada.kharkov.ua/ua/component/content/article/199-press-center/speech-all/18999-kharkivska-oblasna-rada-na-plenarnomu-zasidanni-skhvalila-zvit-golovi-oblasnoji-radi-sergiya-chernova-pro-svoyu-diyalnist?Itemid=1319 Звіт опублікований за 2018 рік | AK18: ні | AM18: так | AN18: https://km-oblrada.gov.ua/golova-oblderzhadministracii-vadim-l/ | AO18: так | AP18: Розділ «Документи», рубрика «Рішення сесій обласної ради» https://www.oblradack.gov.ua/ostanni-rishennya-sesyi | AQ18: так | AR18: http://oblrada.cv.ua/document/list/section/29/ | AS18: так | AT18: https://chor.gov.ua/nasha-diyalnist/publikatsiji/item/7940-cherez-strukturne-reformuvannia-ta-detsentralizatsiiu-vlady-do-ek
A19: Q18 | B19: Чи опубліковуються періодично (не рідше 1 разу на рік) на веб-сайті обласної ради звіти про виконання запитів на публічну інформацію? | C19: так | D19: https://vinrada.gov.ua/2020-rik-9486.htm | E19: так | F19: http://volynrada.gov.ua/node/26153 | G19: так | H19: https://oblrada.dp.gov.ua/publichna-informatsia/ | I19: так | J19: https://zt.gov.ua/index.php/ofitsijni-dokumenti/dostup-do-publichnoji-informatsiji/2012-09-24-21-09-36.html | K19: так | L19: https://zakarpat-rada.gov.ua/normatyvni-dokumenty/publichna-informatsija/ | M19: так | N19: http://zor.gov.ua/content/dostup-do-publichnoyi-informaciyi | O19: так | P19: https://orada.if.ua/%d0%bf%d1%83%d0%b1%d0%bb%d1%96%d1%87%d0%bd%d0%b0-%d1%96%d0%bd%d1%84%d0%be%d1%80%d0%bc%d0%b0%d1%86%d1%96%d1%8f/%d0%b7%d0%b2%d1%96%d1%82%d0%b8-%d0%bf%d1%80%d0%be-%d0%b2%d0%b8%d0%ba%d0%be%d0%bd%d0%b0%d0%bd%d0%bd%d1%8f-%d0%b7%d0%b0%d0%bf%d0%b8%d1%82%d1%96%d0%b2-%d0%bd%d0%b0-%d0%bf%d1%83%d0%b1%d0%bb%d1%96%d1%87/ | Q19: так | R19: https://kor.gov.ua/robota_rady/publichna_informatsiia.html | S19: так | T19: https://oblrada.kr.ua/zvit-pro-rozglyad-zapitiv-pro-dostup-do-publichnoi-informatsii | U19: так | V19: https://mail.lvivoblrada.gov.ua/the-public-information/zviti-1 | W19: частково | X19: https://www.mk-oblrada.gov.ua/zvity-pro-robotu-iz-zapytamy-na-informatsiyu | Y19: так | Z19: http://oblrada.odessa.gov.ua/zvernennya-gromadyan/statyctychni-dani/ | AA19: так | AB19: http://oblrada-pl.gov.ua/index.php?option=com_content&view=category&layout=blog&id=96&Itemid=217 | AC19: так | AD19: Так. Звіти про виконання запитів на публічну інформацію регулярно публікуються у розділі сайту «Офіційні документи» - «Доступ до публічної інформації» - «Звіт про роботу із запитами на публічну інформацію» https://ror.gov.ua/zvit-pro-robotu-iz-zapitami-na-publichnu-informaciyu | AE19: так | AF19: https://sorada.gov.ua/pub-info-dostup/4005-pub-info-zvit.html | AG19: так | AH19: http://te-rada.org/list/?t=25&s=rada | AI19: так | AJ19: http://oblrada.kharkov.ua/ua/public-information/vidkryti-dani/zvity-u-tomu-chysli-shchodo-zadovolennia-zapytiv-na-informatsiiu | AK19: так | AL19: http://khor.gov.ua/dostup-do-publichnoyi-informatsiyi/ | AM19: так | AN19: http://km-oblrada.gov.ua/zviti-shhodo-zadovolennya-zapitiv-na-inf/ | AO19: так | AP19: https://www.oblradack.gov.ua/rozdl-zvti | AQ19: так | AR19: http://oblrada.cv.ua/document/pub_info/ | AS19: так | AT19: https://chor.gov.ua/zv-yazki-z-gromadskistyu/item/113-zviti
A20: Q19 | B20: Чи опубліковано на веб-сайті обласної ради інформацію про затвердженні програми соціально-економічного та культурного розвитку, цільові програми, включаючи звіти про їх виконання? | C20: так | D20: http://www.vinrada.gov.ua/perelik_dovgostrokovih_program.htm http://www.vinrada.gov.ua/zvit_pro_vikonannya_zahodiv_oblasnih_program.htm | E20: так | F20: http://volynrada.gov.ua/node/29409 http://volynrada.gov.ua/programs | G20: так | H20: https://oblrada.dp.gov.ua/category/region/sots-ekonom/ | I20: так | J20: https://zt.gov.ua/index.php/ofitsijni-dokumenti/%D0%BE%D0%B1%D0%BB%D0%B0%D1%81%D0%BD%D1%96-%D0%BF%D1%80%D0%BE%D0%B3%D1%80%D0%B0%D0%BC%D0%B8/%D0%BF%D0%B5%D1%80%D0%B5%D0%BB%D1%96%D0%BA-%D0%BE%D0%B1%D0%BB%D0%B0%D1%81%D0%BD%D0%B8%D1%85-%D0%BF%D1%80%D0%BE%D0%B3%D1%80%D0%B0%D0%BC.html https://zt.gov.ua/index.php/ofitsijni-dokumenti/normativni-dokumenti/rishennya-oblasnoji-radi/16482-%E2%84%96-15-%D0%BF%D1%80%D0%BE-%D0%BF%D1%80%D0%BE%D0%B3%D1%80%D0%B0%D0%BC%D1%83-%D0%B5%D0%BA%D0%BE%D0%BD%D0%BE%D0%BC%D1%96%D1%87%D0%BD%D0%BE%D0%B3%D0%BE-%D1%96-%D1%81%D0%BE%D1%86%D1%96%D0%B0%D0%BB%D1%8C%D0%BD%D0%BE%D0%B3%D0%BE-%D1%80%D0%BE%D0%B7%D0%B2%D0%B8%D1%82%D0%BA%D1%83-%D0%B6%D0%B8%D1%82%D0%BE%D0%BC%D0%B8%D1%80%D1%81%D1%8C%D0%BA%D0%BE%D1%97-%D0%BE%D0%B1%D0%BB%D0%B0%D1%81%D1%82%D1%96-%D0%BD%D0%B0-2021-%D1%80%D1%96%D0%BA.html https://zt.gov.ua/index.php/ofitsijni-dokumenti/%D0%BE%D0%B1%D0%BB%D0%B0%D1%81%D0%BD%D1%96-%D0%BF%D1%80%D0%BE%D0%B3%D1%80%D0%B0%D0%BC%D0%B8/%D1%85%D1%96%D0%B4-%D0%B2%D0%B8%D0%BA%D0%BE%D0%BD%D0%B0%D0%BD%D0%BD%D1%8F-%D0%BE%D0%B1%D0%BB%D0%B0%D1%81%D0%BD%D0%B8%D1%85-%D0%BF%D1%80%D0%BE%D0%B3%D1%80%D0%B0%D0%BC.html | K20: так | L20: https://zakarpat-rada.gov.ua/normatyvni-dokumenty/rishennya-rady/ | M20: так | N20: http://zor.gov.ua/content/perelik-naboriv-danyh-shcho-pidlyagayut-oprylyudnennyu-u-formi-vidkrytyh-danyh | O20: так | P20: https://orada.if.ua/question/%d0%bf%d1%80%d0%be-%d0%b2%d0%b8%d0%ba%d0%be%d0%bd%d0%b0%d0%bd%d0%bd%d1%8f-%d0%bf%d1%80%d0%be%d0%b3%d1%80%d0%b0%d0%bc%d0%b8-%d1%81%d0%be%d1%86%d1%96%d0%b0%d0%bb%d1%8c%d0%bd%d0%be-%d0%b5%d0%ba%d0%be-4/ | Q20: так | R20: https://kor.gov.ua/robota_rady/rishennia/pro_zatverdzhennia_prohramy_sotsialno-ekonomichnoho_ta_kulturnoho_rozvytku_kyivskoi_oblasti_na_2020_rik.html | S20: так | T20: https://oblrada.kr.ua/diyuchi-oblasni-programi | U20: так | V20: https://mail.lvivoblrada.gov.ua/pidsumkovi-zviti-2016-2020-rokiv | W20: так | X20: https://www.mk-oblrada.gov.ua/oblasni-programy | Y20: так | Z20: http://oblrada.odessa.gov.ua/odeska-oblast/strategichni-ta-programni-dokumenty-oblasti/perelik-diyuchyh-regionalnyh-tsilovyh-ta-kompleksnyh-program-odeskoyi-oblasti/ | AA20: ні | AC20: так | AD20: https://ror.gov.ua/priiom-gromadyan | AE20: так | AF20: https://sorada.gov.ua/dokumenty-oblrady/rishennja-oblasnoji-rady/7-sklykannja/category/194-rishennja-26-sesiji-22022019.html | AG20: так | AH20: http://te-rada.org/?id=300 | AI20: ні | AK20: так | AL20: http://khor.gov.ua/regionalni-tsilovi-programy/ | AM20: так | AN20: https://km-oblrada.gov.ua/program-of-socio-economic/ | AO20: так | AP20: У розділі «Обласні програми» https://www.oblradack.gov.ua/oblasn-programi публікуються програми соціально-економічного та культурного розвитку регіону, затверджені обласною радою. Стан виконання обласних програм розглядається на пленарних засіданнях відповідно до плану роботи обласної ради. Інформації публікуються на веб-сайті у розділах: «Матеріали до сесії обласної ради» (https://www.oblradack.gov.ua/materiali-chergovoyi-sesyi-oblasnoyi-radi); «Документи», рубрика «Рішення сесій обласної ради» https://www.oblradack.gov.ua/ostanni-rishennya-sesyi | AQ20: так | AR20: http://oblrada.cv.ua/ Програма економічного і соціального розвитку Чернівецької області на 2020 рік http://oblrada.cv.ua/document/list/section/51/ | AS20: так | AT20: https://chor.gov.ua/oblasni-programi/item/6525-chynni-oblasni-prohramy-zizminamy https://chor.gov.ua/component/k2/item/10711-pro-zatverdzhennia-tsilovoi-sotsialnoi-prohramy-rozvytku-tsyvilno
A21: Q20 | B21: Чи опубліковано на сайті обласної ради основну інформацію про область (адміністративно-територіальний устрій, культуру, природу і т.д.)? | C21: так | D21: https://vinrada.gov.ua/pasport_oblasti.htm https://vinrada.gov.ua/%D0%86storiya_vinnichinni.htm | E21: так | F21: http://volynrada.gov.ua/general-information | G21: так | H21: https://oblrada.dp.gov.ua/region/passport-oblasti/ | I21: так | J21: https://zt.gov.ua/index.php/oblasna-rada/istoriya-diyalnosti/z-istoriji-oblasnoji-radi.html | K21: так | L21: https://zakarpat-rada.gov.ua/zakarpattya/ | M21: так | N21: http://zor.gov.ua/zap-krai | O21: так | P21: https://orada.if.ua/%d0%bf%d1%80%d0%b8%d0%ba%d0%b0%d1%80%d0%bf%d0%b0%d1%82%d1%82%d1%8f/%d1%96%d1%81%d1%82%d0%be%d1%80%d0%b8%d1%87%d0%bd%d0%b0-%d0%b4%d0%be%d0%b2%d1%96%d0%b4%d0%ba%d0%b0/ https://orada.if.ua/%d0%bf%d1%80%d0%b8%d0%ba%d0%b0%d1%80%d0%bf%d0%b0%d1%82%d1%82%d1%8f/%d0%ba%d0%b0%d1%80%d1%82%d0%b0-%d0%be%d0%b1%d0%bb%d0%b0%d1%81%d1%82%d1%96/ | Q21: так | R21: https://kor.gov.ua/kyivska_oblast/pro_oblast.html | S21: так | T21: https://oblrada.kr.ua/administrativno-teritorialnij-ustrij | U21: так | V21: https://lvivoblrada.gov.ua/about-the-council/asociaciya-radi-lvivshchini/%D0%BF%D0%B0%D1%81%D0%BF%D0%BE%D1%80%D1%82_%D0%BB%D1%8C%D0%B2%D1%96%D0%B2%D1%81%D1%8C%D0%BA%D0%BE%D1%97_%D0%BE%D0%B1%D0%BB%D0%B0%D1%81%D1%82%D1%96_394cms.htm | W21: так | X21: https://www.mk-oblrada.gov.ua/pro-oblast | Y21: так | Z21: http://oblrada.odessa.gov.ua/odeska-oblast/pasport-oblasti/ http://oblrada.odessa.gov.ua/odeska-oblast/administratyvno-terytorialnij-ustrij/ | AA21: так | AB21: http://oblrada-pl.gov.ua/index.php?option=com_content&view=category&id=43&Itemid=79 | AC21: так | AD21: https://ror.gov.ua/rivnemap https://ror.gov.ua/istoriya-miscevogo-samovryaduvannya-rivnenshini | AE21: так | AF21: https://sorada.gov.ua/pro-sumsku-oblast.html | AG21: так | AH21: http://te-rada.org/?id=45 | AI21: так | AJ21: http://www.oblrada.kharkov.ua/ua/kharkiv-region | AK21: ні | AL21: Розділ "Херсонщина" uk.wikipedia.org/wiki/Херсонська_область | AM21: так | AN21: http://km-oblrada.gov.ua/xmelnicka-oblast/ https://km-oblrada.gov.ua/istorichna-dovidka-pro-diyalnist-obl/ | AO21: так | AP21: Географічне положення: https://www.oblradack.gov.ua/geografichne-pologennja Історія: https://www.oblradack.gov.ua/istoria Символіка: https://www.oblradack.gov.ua/symvolika Населення: https://www.oblradack.gov.ua/naselennja Адміністративно-територіальний устрій : https://www.oblradack.gov.ua/administratyvno-teretorialnij-ustrij Історичні та культурні об’єкти: https://www.oblradack.gov.ua/istorychni-ta-kulturni-obekty | AQ21: так | AR21: http://oblrada.cv.ua/passport/ | AS21: так | AT21: https://chor.gov.ua/nash-kray/administrativno-teritorialniy-ustriy ; https://chor.gov.ua/nash-kray/istoriya ; https://chor.gov.ua/nash-kray/vidatni-osobistosti
A22: Q21 | B22: Чи опубліковано на веб-сайті обласної ради в зручному для користувача вигляді порядок доступу громадян до засідань обласної ради (наприклад в окремому розділі)? | C22: так | D22: https://vinrada.gov.ua/poryadok-dostupu-do-sesijnoi-zali.htm | E22: так | F22: http://volynrada.gov.ua/node/44694 | G22: так | H22: https://oblrada.dp.gov.ua/plenarn%d1%96-zas%d1%96dannja/ | I22: ні | K22: так | L22: https://zakarpat-rada.gov.ua/category/rozporyadzhennya/page/3/ | M22: ні | O22: так | P22: https://orada.if.ua/%d0%bf%d1%80%d0%be-%d1%81%d0%ba%d0%bb%d0%b8%d0%ba%d0%b0%d0%bd%d0%bd%d1%8f-%d0%b4%d1%80%d1%83%d0%b3%d0%be%d1%97-%d1%81%d0%b5%d1%81%d1%96%d1%97-%d0%be%d0%b1%d0%bb%d0%b0%d1%81%d0%bd%d0%be%d1%97-%d1%80/ | Q22: так | R22: https://kor.gov.ua/pres-tsentr/akredytatsiia%20_predstavnykiv_zmi.html https://kor.gov.ua/pres-tsentr/akredytatsiia_predstavnykiv_zmi.html | S22: ні | U22: ні | W22: ні | Y22: так | Z22: http://oblrada.odessa.gov.ua/wp-content/uploads/Pravyla-propusknogo-rezhymu-2017-.pdf | AA22: ні | AC22: так | AD22: https://ror.gov.ua/plan-kalendar | AE22: так | AF22: https://sorada.gov.ua/pro-oblasnu-radu/reglament-roboty-oblasnoji-rady.html | AG22: так | AH22: http://te-rada.org/list/?t=4&s=rada | AI22: так | AJ22: (Ст. 4) http://www.oblrada.kharkov.ua/ua/about-rada/regulations http://www.oblrada.kharkov.ua/ua/press-center/anonsy/anonsy-all/25806-plan-osnovnikh-zakhodiv-kharkivskoji-oblasnoji-radi-ta-jiji-vikonavchogo-aparatu-z-08-po-14-lyutogo-2021-roku | AK22: так | AL22: https://drive.google.com/file/d/1keBkE66EwpiW7cSHfJSU67xTKRPF6ckn/view | AM22: так | AN22: http://km-oblrada.gov.ua/dostup-do-publichnoi-informacii/ | AO22: так | AP22: Стаття 10 регламенту Черкаської обласної ради VII скликання: https://www.oblradack.gov.ua/reglament-oblasnoyi-radi | AQ22: так | AR22: http://oblrada.cv.ua/document/list/section/46/ | AS22: так | AT22: https://chor.gov.ua/normativni-dokumenti/reglament; https://chor.gov.ua/nasha-diyalnist/anonsi/item/7582-nahaduiemo-pro-poriadok-dostupu-osib-do-plenarnykh-zasidan-cherni
A23: Q22 | B23: Чи створено на веб-сайті обласної ради інструмент, який дозволяє громадськості подавати, підписувати і відстежувати електронні петиції до обласної ради? | C23: так | D23: https://vinrada.gov.ua/elektronni-peticii.htm | E23: так | F23: https://petition.e-dem.ua/volyn-or/petition/All | G23: так | H23: https://oblrada.dp.gov.ua/electronni-petisii/ | I23: так | J23: https://petition.e-dem.ua/zhytomyr | K23: ні | M23: так | N23: http://petition.zor.gov.ua | O23: ні | P23: https://e-dem.in.ua/ivano-frankivsk-or посилання неактивне | Q23: так | R23: https://petition.kor.gov.ua/ | S23: так | T23: https://oblrada.kr.ua/elektronna-petitsiya | U23: так | V23: https://petition.e-dem.ua/lviv-or | W23: так | X23: https://petition.e-dem.ua/mykolayiv-or | Y23: ні | AA23: так | AB23: https://petition.e-dem.ua/poltava-or | AC23: так | AD23: https://ror.gov.ua/petycia | AE23: так | AF23: https://sorada.gov.ua/pro-oblasnu-radu/34-about-sumy-oblast-council/17392-petitions.html | AG23: так | AH23: http://petition.te-rada.org/petition | AI23: так | AJ23: http://www.oblrada.kharkov.ua/petitions/ | AK23: так | AL23: http://petition.khor.gov.ua/ | AM23: так | AN23: https://km-oblrada.gov.ua/peticii/ | AO23: так | AP23: https://pt.oblradack.gov.ua/ | AQ23: так | AR23: http://oblrada.cv.ua/petitions/ | AS23: ні | AT23: https://e-dem.in.ua/chernihiv-or/ посилання неактивне
A24: Q23 | B24: Чи опубліковано на веб-сайті умови отримання грантів та фінансування соціальних проектів/конкурсів з обласного бюджету жителями області? | C24: так | D24: https://vinrada.gov.ua/ogoloshennya-86.htm | E24: так | F24: http://volynrada.gov.ua/actualna-informacia/konkurs-mistsevikh-initsiativ | G24: так | H24: https://oblrada.dp.gov.ua/category/diyalnist/konkursy/ | I24: ні | K24: ні | M24: ні | O24: так | P24: http://www.orada.if.ua/конкурс-проектів-та-програм-місцевог/ | Q24: так | R24: https://kor.gov.ua/pres-tsentr/novyny.html | S24: ні | U24: ні | W24: ні | Y24: так | Z24: http://oblrada.odessa.gov.ua/pro-oblasnu-radu/do-vidoma-gromady/ | AA24: так | AB24: https://oblrada-pl.gov.ua/index.php?option=com_content&view=article&id=9759&Itemid=213 https://oblrada-pl.gov.ua/index.php?option=com_content&view=article&id=9758&Itemid=212 | AC24: так | AD24: https://ror.gov.ua/konkursi-i-proekti | AE24: так | AF24: https://sorada.gov.ua/grants.html | AG24: ні | AI24: так | AJ24: http://oblrada.kharkov.ua/ua/contests-grants | AK24: так | AL24: http://khor.gov.ua/oblasnyj-konkurs-proektiv-rozvytku/ | AM24: так | AN24: https://km-oblrada.gov.ua/premii-oblasnoi-radi/ | AO24: частково | AP24: https://www.oblradack.gov.ua/konkursi-ta-zmagannya | AQ24: так | AR24: В розділі "Новини" http://oblrada.cv.ua/news/69208/ | AS24: так | AT24: В розділі "Анонси" https://chor.gov.ua/oblasnij-konkurs-zhurnalistskikh-robit
A25: Q24 | B25: Чи опубліковано на веб-сайті інформацію про надані гранти та профінансовані соціальні проекти/конкурси з обласного бюджету? | C25: так | D25: https://vinrada.gov.ua/peremozhci-6.htm https://vinrada.gov.ua/konkurs-vinnickoi-oblasnoi-radi-komfortni-gromadi.htm | E25: так | F25: http://www.volynrada.gov.ua/news/reiting-proektiv-mistsevikh-initsiativ-konkursu-volinskoyi-oblasnoyi-radi | G25: ні | H25: https://oblrada.dp.gov.ua/news/%d0%be%d0%b1%d0%bb%d0%b0%d1%81%d0%bd%d0%b0-%d1%80%d0%b0%d0%b4%d0%b0-%d0%be%d0%b3%d0%be%d0%bb%d0%be%d1%88%d1%83%d1%94-%d0%ba%d0%be%d0%bd%d0%ba%d1%83%d1%80%d1%81-%d0%b4%d0%bb%d1%8f-%d0%b3%d1%80%d0%be/ | I25: ні | K25: ні | M25: ні | O25: ні | Q25: так | R25: https://kor.gov.ua/pres-tsentr/novyny.html | S25: ні | U25: ні | W25: ні | Y25: ні | AA25: так | AB25: http://oblrada-pl.gov.ua/grant/grant010618.pdf | AC25: так | AD25: https://ror.gov.ua/konkursi-i-proekti | AE25: так | AF25: https://sorada.gov.ua/grants.html | AG25: ні | AI25: так | AJ25: http://www.oblrada.kharkov.ua/ua/contests-grants | AK25: ні | AL25: http://khor.gov.ua/oblasnyj-konkurs-proektiv-gromadskyh-organizatsij/ | AM25: так | AN25: https://km-oblrada.gov.ua/v-agencziyi-regionalnogo-rozvytku-hmelnyczkoyi-oblasti-obraly-peremozhcziv-konkursu-idej/ | AO25: ні | AQ25: ні | AS25: так | AT25: В розділі "Анонси" https://chor.gov.ua/oblasnij-konkurs-zhurnalistskikh-robit https://chor.gov.ua/nasha-diyalnist/anonsi/item/10158-v-oblasnii-radi-vidbudetsia-vruchennia-premii-imeni-sofii-rusovoi
A26: Q25 | B26: Чи опубліковано на веб-сайті обласної ради інформацію про завершені та триваючі проекти з іноземним фінансуванням, що реалізуються в області (грантових проектів, проектів міжнародної технічної допомоги), включаючи звіти про їх реалізацію? | C26: ні | E26: так | F26: http://volynrada.gov.ua/design | G26: ні | I26: ні | K26: ні | M26: ні | O26: ні | Q26: так | R26: https://kor.gov.ua/pres-tsentr/novyny.html | S26: ні | U26: так | V26: https://lvivoblrada.gov.ua/news | W26: ні | Y26: так | Z26: http://oblrada.odessa.gov.ua/pro-oblasnu-radu/napryamky-diyalnosti/mizhnarodna-diyalnist-ta-prykordonne-spivrobitnytstvo/ | AA26: ні | AC26: так | AD26: Так. Проєкти з іноземним фінансуванням затверджені відповідними рішеннями обласної ради. На сайті в розділі «Офіційні документи» - «Обласні програми» - «Звіти про виконання обласних програм» подані звіти про реалізацію в тому числі проєктів з грантовим фінансуванням. Зокрема, обласною радою прийнято рішення від 18/12/2014 №1373 «Про підтримку Проекту Світового банку “Підвищення ефективності лікування та профілактики хвороб системи кровообігу в Рівненській області на період з 2015 по 2019 роки” та його співфінансування». Звіт про реалізацію https://ror.gov.ua/upload/content/2020/September/ykR2Ythl.pdf Також передбачає грантове фінансування рішення обласної ради від 06/03/2015 №1436 «Про Програму реалізації проекту «Покращення системи підготовки кадрів для потреб економіки Волинського субрегіону» в рамках Програми Європейського Союзу «Підтримка політики регіонального розвитку в Україні». Проміжні та остаточний звіти опубліковані на сайті https://ror.gov.ua/zviti-pro-vikonannya-oblasnih-program | AE26: так | AF26: https://sorada.gov.ua/grants.html | AG26: ні | AI26: так | AJ26: https://hromadahealthcare.org/pro-proekt-efektivna-pervinna-medecina-v-gromady/ http://oblrada.kharkov.ua/ua/contests-grants/konkurs-efektyvna-pervynna-medytsyna-v-hromadi | AK26: ні | AM26: так | AO26: ні | AQ26: так | AR26: В розділі "Новини" або "Міжнародне співробітництво" | AS26: ні
A27: Q26 | B27: Чи опубліковано на веб-сайті обласної ради інформацію про відкриті освітні та культурні конкурси для участі молоді та громадян? | C27: так | D27: https://vinrada.gov.ua/konkurs-vinnickoi-oblasnoi-radi-komfortni-gromadi.htm | E27: так | F27: http://volynrada.gov.ua/awards/polozhennya-pro-oblasni-premiyi-za-zaslugi-u-sferi-nauki-i-osviti http://volynrada.gov.ua/awards/polozhennya-pro-poryadok-provedennya-konkursu-oblasnoyi-radi-sered-oblasnikh-raionnikh-miskik | G27: ні | I27: так | J27: https://zt.gov.ua/index.php/news.html | K27: так | L27: https://zakarpat-rada.gov.ua/category/news/ | M27: так | N27: http://www.zor.gov.ua/content/zaporizka-oblasna-rada-dlya-studentiv https://www.zor.gov.ua/content/spravzhnih-kozakiv-ne-spynyty-zaporizhci-provely-dystanciynyy-festyval-konkurs-vertepiv | O27: так | P27: https://orada.if.ua/%d0%ba%d0%be%d0%bd%d0%ba%d1%83%d1%80%d1%81-%d1%96%d0%bd%d1%81%d1%82%d0%b8%d1%82%d1%83%d1%82%d1%96%d0%b2-%d0%b3%d1%80%d0%be%d0%bc%d0%b0%d0%b4%d1%8f%d0%bd%d1%81%d1%8c%d0%ba%d0%be%d0%b3%d0%be-%d1%81/ | Q27: так | R27: https://kor.gov.ua/pres-tsentr/novyny.html | S27: так | T27: https://www.oblrada.kr.ua/importance/ogoloshuetsya-konkurs-na-zdobuttya-oblasnoi-literaturnoi-premii-imeni-evgena-malanyuka | U27: ні | W27: так | X27: https://www.mk-oblrada.gov.ua/konkursy-ta-proekty | Y27: так | Z27: http://oblrada.odessa.gov.ua/pro-oblasnu-radu/konkursy-ta-nagorody/ | AA27: так | AB27: http://oblrada-pl.gov.ua/index.php?option=com_content&view=article&id=10234&Itemid=218 | AC27: так | AD27: https://rivnerayrada.rv.ua/samovryaduvannya/konkursu-proektu | AE27: так | AF27: https://sorada.gov.ua/grants.html | AG27: ні | AI27: так | AJ27: http://www.oblrada.kharkov.ua/ua/contests-grants | AK27: так | AL27: http://khor.gov.ua/oblasnyj-konkurs-proektiv-gromadskyh-organizatsij/ | AM27: так | AN27: http://km-oblrada.gov.ua/premii-oblasnoi-radi/ | AO27: ні | AQ27: ні | AS27: так | AT27: В розділі "Анонси" - https://chor.gov.ua/nasha-diyalnist/anonsi https://chor.gov.ua/nasha-diyalnist/anonsi/item/8707-uvaha-rozpochalasia-robota-po-pidhotovtsi-konkursu-festyvaliu-dyt ; https://chor.gov.ua/nasha-diyalnist/anonsi/item/8439-studentiv-vyshiv-chernihivshchyny-zaproshuiut-vsiaty-uchast-u-vse
A28: Q27 | B28: Чи створено на веб-сайті окремий розділ англійською мовою для отримання іноземцями поштових контактних даних (електронної пошти), телефонів керівників підрозділів та голови? | C28: так | E28: ні | G28: так | H28: https://oblrada.dp.gov.ua/en/ | I28: ні | K28: ні | M28: так | N28: через Google translator | O28: так | P28: http://www.orada.if.ua/en/regional-council/contacts/ | Q28: ні | S28: ні | U28: ні | W28: ні | Y28: ні | AA28: ні | AC28: так | AD28: Так. У розділі «Склад і структура обласної ради» - «Виконавчий апарат» - «Структура» https://ror.gov.ua/struktura оприлюднено контактні дані керівників структурних підрозділів виконавчого апарату та керівництва обласної радиhttp://www.oblrada.rv.ua/sklad_struktura/vikonavchiy_aparat/ Також коротка довідка пор інвестиційний потенціал на англ. мові http://www.oblrada.rv.ua/mistseve_samovryaduvannya/pasport_oblasti/index.php?SECTION_ID=92&ELEMENT_ID=10016 | AE28: так | AF28: Сайт Сумської обласної ради має англійську версію, яка створюється «на льоту» за технологіями Google translate шляхом обирання мови у випадаючому списку у заголовку сайту. | AG28: так | AI28: так | AJ28: http://www.oblrada.kharkov.ua/en/ | AK28: ні | AM28: ні | AO28: ні | AQ28: ні | AS28: частково | AT28: Контактні дані обласної ради англійською мовою розміщені на сайті за посиланням: https://chor.gov.ua/oblasna-rada/kontakti
A29: Q28 | B29: Чи опубліковано на веб-сайті обласної ради плани державних закупівель на поточний період? | C29: так | D29: https://vinrada.gov.ua/richnij-plan-zakupivel-na-2020-rik.htm | E29: ні | F29: http://volynrada.gov.ua/procurement інформація є тільки за 2016 рік | G29: так | H29: https://oblrada.dp.gov.ua/category/diyalnist/richni-plani-zakupivel/ | I29: ні | K29: ні | M29: так | N29: http://zor.gov.ua/content/derzhavni-zakupivli | O29: ні | Q29: ні | S29: так | T29: https://www.oblrada.kr.ua/konkursni-torgi | U29: ні | W29: ні | Y29: так | Z29: http://oblrada.odessa.gov.ua/pro-oblasnu-radu/derzhavni-zakupivli/odeska-oblasna-rada/ | AA29: так | AB29: https://oblrada-pl.gov.ua/index.php?option=com_content&view=category&layout=blog&id=37&Itemid=65 | AC29: так | AD29: план закупівель https://ror.gov.ua/zakupivli-ta-vikoristannya-byudzhetnih-koshtiv | AE29: так | AF29: https://sorada.gov.ua/derzhavni-zakupivli.html | AG29: частково | AH29: http://te-rada.org/list/?t=35&s=rada відсутній план на 2020 рік | AI29: так | AJ29: http://www.oblrada.kharkov.ua/ua/component/content/article/316-richnyi-plan-zakupivel/23472-richnij-plan-zakupivel-na-2020-rik?Itemid=1319 | AK29: ні | AM29: ні | AO29: ні | AQ29: ні | AS29: ні | AT29: Відповідно до статті 4 Закону України «Про публічні закупівлі», річний план, додаток до річного плану та зміни до них оприлюднюються на веб-порталі Уповноваженого органу з питань закупівель. Закон був введений в дію для всіх замовників з 1 серпня 2016 року.
A30: Q29 | B30: Чи опубліковано на веб-сайті обласної ради плани державних закупівель за 2014,2015,2016 рік? | C30: частково | D30: https://vinrada.gov.ua/richnij-plan-zakupivel-na-2019-rik.htm план наявний тільки за 2019 рік | E30: так | F30: http://volynrada.gov.ua/procurement | G30: так | H30: https://oblrada.dp.gov.ua/category/diyalnist/richni-plani-zakupivel/ | I30: ні | K30: ні | M30: так | N30: https://www.dzo.com.ua/companies/18061 (Архів) | O30: ні | Q30: ні | S30: так | T30: https://www.oblrada.kr.ua/konkursni-torgi | U30: ні | W30: так | X30: https://prozorro.gov.ua/tender/search?query=25696652 | Y30: так | Z30: http://oblrada.odessa.gov.ua/pro-oblasnu-radu/derzhavni-zakupivli/odeska-oblasna-rada/ | AA30: так | AB30: https://oblrada-pl.gov.ua/index.php?option=com_content&view=category&layout=blog&id=37&Itemid=65 | AC30: так | AD30: https://ror.gov.ua/zakupivli-ta-vikoristannya-byudzhetnih-koshtiv | AE30: так | AF30: https://sorada.gov.ua/derzhavni-zakupivli.html | AG30: так | AH30: так - після 2016, ні - 2014-2015 | AI30: так | AJ30: http://www.oblrada.kharkov.ua/ua/component/content/article/166-ukraine/documents/derzhavni-zakupivli/14990-richnij-plan-zakupivel-na-2016-rik-iz-zminami?Itemid=1319 | AK30: ні | AM30: ні | AN30: Офіційний сайт державних закупівель ProZorro | AO30: ні | AQ30: так | AR30: http://oblrada.cv.ua/activity/purchases/ | AS30: так | AT30: https://chor.gov.ua/oblasna-rada/derzhavni-zakupivli
A31: Q30 | B31: Чи створено розділ на веб-сайті обласної ради для розміщення інформації про закупівлі обласної ради, в тому числі повідомлень про заплановані закупівлі обласної ради? | C31: так | D31: https://vinrada.gov.ua/richnij-plan-zakupivel-na-2020-rik.htm | E31: так | F31: http://volynrada.gov.ua/procurement | G31: так | H31: https://oblrada.dp.gov.ua/category/diyalnist/richni-plani-zakupivel/ | I31: ні | K31: ні | M31: так | N31: https://www.dzo.com.ua/companies/18061 | O31: ні | Q31: ні | S31: так | T31: https://www.oblrada.kr.ua/konkursni-torgi | U31: так | V31: https://prozorro.gov.ua/tender/search?edrpou=25255072&edrpou=22340506 | W31: так | X31: https://www.mk-oblrada.gov.ua/publichni-zakupivli-475cms.htm https://prozorro.gov.ua/tender/search?query=25696652 | Y31: так | Z31: http://oblrada.odessa.gov.ua/pro-oblasnu-radu/derzhavni-zakupivli/odeska-oblasna-rada/ | AA31: так | AB31: http://oblrada-pl.gov.ua/index.php?option=com_content&view=category&layout=blog&id=37&Itemid=65 | AC31: так | AD31: https://ror.gov.ua/zakupivli-ta-vikoristannya-byudzhetnih-koshtiv | AE31: так | AF31: https://sorada.gov.ua/derzhavni-zakupivli.html | AG31: так | AH31: http://te-rada.org/list/?t=35&s=rada відсутній план на 2020 рік | AI31: так | AJ31: http://www.oblrada.kharkov.ua/ua/public-information/vidkryti-dani/richnyi-plan-zakupivel | AK31: так | AL31: http://khor.gov.ua/zakupivli-tovariv-robit-ta-poslug-za-derzhavni-koshty/ -розділ створено, проте в ньому відсутня інформація | AM31: так | AN31: http://km-oblrada.gov.ua/derzhavni-zakupivli-orenda/plan-provedennya-zakupivel-tovariv-robit-poslug-za-byudzhetni-koshti/ план закупівель за 2017-2020 роки відсутній | AO31: ні | AQ31: ні | AS31: ні
A32: Q31 | B32: Чи опубліковано у відповідному розділі інформацію про завершені закупівлі обласної ради (із зазначенням типу закупівлі, дати, ціни, кандидатів, їх пропозиції, протоколів засідань Комісії)? | C32: так | D32: https://vinrada.gov.ua/2020-rik-2.htm | E32: частково | F32: https://data.gov.ua/dataset/5b6e5877-fc2d-4644-9da8-f880b80e009f/resource/fc209f82-819e-4f72-b940-76e1890b7488 | G32: так | H32: https://oblrada.dp.gov.ua/category/diyalnist/richni-plani-zakupivel/ | I32: ні | K32: ні | M32: так | N32: http://zor.gov.ua На веб-сайті Запорізької обласної ради є посилання на сторінку Запорізької обласної ради; https://www.dzo.com.ua/companies/18061 | O32: ні | Q32: ні | S32: так | T32: https://www.oblrada.kr.ua/konkursni-torgi | U32: так | V32: https://prozorro.gov.ua/tender/search?edrpou=25255072&edrpou=22340506 | W32: так | X32: https://prozorro.gov.ua/tender/search?query=25696652 | Y32: так | Z32: http://oblrada.odessa.gov.ua/pro-oblasnu-radu/derzhavni-zakupivli/odeska-oblasna-rada/ | AA32: так | AB32: http://oblrada-pl.gov.ua/index.php?option=com_content&view=category&layout=blog&id=37&Itemid=66 | AC32: так | AD32: https://ror.gov.ua/zakupivli-ta-vikoristannya-byudzhetnih-koshtiv | AE32: так | AF32: https://sorada.gov.ua/derzhavni-zakupivli.html Зміни та додатки до договорів закупівель публікуються кожний документ окремо https://sorada.gov.ua/opendata.html | AG32: так | AH32: http://te-rada.org/?id=70 http://te-rada.org/list/?type=view&id=13293 | AI32: частково | AJ32: Частково (кандидати, їх пропозиції, протоколи засідань Комісії не зазначені). http://www.oblrada.kharkov.ua/ua/public-information/vidkryti-dani/richnyi-plan-zakupivel | AK32: ні | AM32: так | AN32: https://km-oblrada.gov.ua/nashi-zakupivli/ | AO32: ні | AQ32: ні | AS32: ні
A33: Q32 | B33: Чи опубліковуються на веб-сайті обласної ради на постійній основі всі договори закупівель, в тому числі всі зміни до них (із зазначенням гіперпосилань між договорами, рахунками і змінами до договорів для легкого доступу до всіх документів, що відносяться до відповідного договору)? | C33: так | D33: https://vinrada.gov.ua/zakupivli-na-prozorro.htm | E33: ні | F33: договори закупівель публікуються: 1) на порталі з питань публічних закупівель https://zakupki.prom.ua/ 2) https://data.gov.ua/dataset/5b6e5877-fc2d-4644-9da8-f880b80e009f | G33: так | H33: Вказані щорічні документи зі змінами https://oblrada.dp.gov.ua/category/diyalnist/richni-plani-zakupivel/ | I33: ні | K33: ні | M33: так | N33: http://zor.gov.ua/content/perelik-naboriv-danyh-shcho-pidlyagayut-oprylyudnennyu-u-formi-vidkrytyh-danyh | O33: ні | Q33: ні | S33: так | T33: https://www.oblrada.kr.ua/konkursni-torgi | U33: так | V33: https://prozorro.gov.ua/tender/search?edrpou=25255072&edrpou=22340506 | W33: так | X33: https://prozorro.gov.ua/tender/search?query=25696652 | Y33: так | Z33: http://oblrada.odessa.gov.ua/pro-oblasnu-radu/derzhavni-zakupivli/odeska-oblasna-rada/ | AA33: так | AB33: http://oblrada-pl.gov.ua/index.php?option=com_content&view=category&layout=blog&id=37&Itemid=65 | AC33: так | AD33: Так. Відповідно до Закону України «Про публічні закупівлі» всі договори закупівель обласної ради оприлюднюються на загальнодержавному вебпорталі https://prozorro.gov.ua через електронний майданчик https://zakupki.prom.ua/ Відповідно до Закону України «Про відкритість використання публічних коштів», на державному інформаційному порталі Є-data оприлюднюється інформація про використання публічних коштів. На вебсайті обласної ради у розділі «Офіційні документи» - «Закупівлі та використання бюджетних коштів» опубліковано посилання на відповідні сторінки Рівненської обласної ради на загальнодержавних порталах https://ror.gov.ua/zakupivli-ta-vikoristannya-byudzhetnih-koshtiv | AE33: ні | AF33: Зміни та додатки до договорів закупівель публікуються кожний документ окремо https://sorada.gov.ua/opendata.html Також: https://data.gov.ua/dataset/fb35f971-c914-45bd-8ffa-5bae876dfaa9 | AG33: ні | AI33: ні | AJ33: Не передбачено вимогами Постанови КМУ № 835 від 21.10.2015 «Про затвердження Положення про набори даних, які підлягають оприлюдненню у формі відкритих даних», та Розпорядження голови ХОР № 158 від 20.10.2020 «Про внесення змін до Переліку наборів даних, затвердженого розпорядженням голови обласної ради від 03 жовтня 2016 року № 217 (зі змінами)» | AK33: ні | AM33: так | AN33: https://km-oblrada.gov.ua/nashi-zakupivli/ | AO33: ні | AQ33: ні | AS33: ні
A34: Q33 | B34: Чи відображено в режимі реального часу на веб-сайті обласної ради інформацію про закупівлі, які здійснюються через електронну систему закупівель з наданням відповідних гіперпосилань на актуальні пропозиції? | C34: так | D34: https://vinrada.gov.ua/zakupivli-na-prozorro.htm | E34: ні | G34: ні | I34: ні | K34: ні | M34: так | N34: http://zor.gov.ua На веб-сайті Запорізької обласної ради є посилання на сторінку Запорізької обласної ради; https://www.dzo.com.ua/companies/18061 | O34: ні | Q34: ні | S34: так | T34: https://www.oblrada.kr.ua/konkursni-torgi | U34: так | V34: https://prozorro.gov.ua/tender/search?edrpou=25255072&edrpou=22340506 | W34: так | X34: https://prozorro.gov.ua/tender/search?query=25696652 | Y34: так | Z34: http://oblrada.odessa.gov.ua/pro-oblasnu-radu/derzhavni-zakupivli/odeska-oblasna-rada/ | AA34: так | AB34: http://oblrada-pl.gov.ua/index.php?option=com_content&view=category&layout=blog&id=37&Itemid=65 | AC34: так | AD34: https://ror.gov.ua/zakupivli-ta-vikoristannya-byudzhetnih-koshtiv | AE34: ні | AG34: ні | AI34: ні | AK34: ні | AM34: так | AN34: http://km-oblrada.gov.ua/vidkriti-dani/ | AO34: ні | AQ34: ні | AS34: ні
A35: Q34 | B35: Чи публікується на веб-сайті обласної ради перелік установ, закладів, підприємств спільної власності територіальних громад сіл, селищ, міст області? | C35: так | D35: https://vinrada.gov.ua/reestr-dovidnik-pidpriemstv-ustanov-%C2%A0organizacij-obektiv-spilnoi-vlasnosti-teritorialnih-gromad-sil-selisch-mist-oblasti.htm | E35: так | F35: http://volynrada.gov.ua/communal/list | G35: так | H35: https://oblrada.dp.gov.ua/diyalnist/zakladi-utanovi/perelik-okp/%d0%be%d0%b1%d0%bb%d0%b0%d1%81%d0%bd%d1%96-%d0%ba%d0%be%d0%bc%d0%bc%d1%83%d0%bd%d0%b0%d0%bb%d1%8c%d0%bd%d1%96-%d0%bf%d1%96%d0%b4%d0%bf%d1%80%d0%b8%d1%94%d0%bc%d1%81%d1%82%d0%b2%d0%b0-%d0%b7/ | I35: ні | K35: ні | L35: http://usvth.uz.ua/ (на сайті уповноваженого органу з управління майном) | M35: так | N35: http://zor.gov.ua/komunalna-vlasnist https://zor.gov.ua/content/perelik-naboriv-danyh-shcho-pidlyagayut-oprylyudnennyu-u-formi-vidkrytyh-danyh (п.1,п.2) | O35: так | P35: http://www.orada.if.ua/документи/документи-управління-обєктами/переліки-майна/ | Q35: так | R35: https://kor.gov.ua/kyivska_oblast/pidporiadkovani_pidpryiemstva/komunalni_pidpryiemstva.html | S35: так | T35: https://oblrada.kr.ua/informatsijna-baza | U35: так | V35: https://lvivoblrada.gov.ua/activity/maino-spilnoji-vlasnosti/maino-spilnoji-vlasnosti-1 | W35: так | X35: https://www.mk-oblrada.gov.ua/zaklady-ustanovy-ta-organizatsii | Y35: так | Z35: http://property.odessa.gov.ua/perelik-obyektiv/ | AA35: так | AB35: http://oblrada-pl.gov.ua/index.php?option=com_content&view=article&id=875&Itemid=139 https://data.gov.ua/organization/upravlinnia-mainom-poltavskoyi-oblasnoyi-rady | AC35: так | AD35: https://ror.gov.ua/perelik-oblasnih-komunalnih-zakladiv-pidpriyemstv-ustanov | AE35: так | AF35: http://mayno.sm.gov.ua/node/13 | AG35: так | AH35: http://te-rada.org/?id=86 | AI35: так | AJ35: http://www.oblrada.kharkov.ua/ua/public-information/zaklady-osvity-shcho-perebuvaiut-u-spilnii-vlasnosti-hromad-oblasti | AK35: так | AL35: http://khor.gov.ua/komunalni-ustanovy-ta-pidpryyemstva/ | AM35: так | AN35: (перелік укладених договорів) | AO35: так | AP35: «Обласна комунальна власність», Рішення обласної ради від 20.04.2018 № 22-14/VІІ . https://www.oblradack.gov.ua/upravlnnya-maynom-oblasnoyi-komunalnoyi-vlasnost-vikonavchogo-aparatu-oblasnoyi-radi. https://www.oblradack.gov.ua/5374-xh-sesia-oblasnoii-radi-vi-sklikannia | AQ35: так | AR35: http://oblrada.cv.ua/activity/communal/ | AS35: так | AT35: https://chor.gov.ua/normativni-dokumenti/rishennya/item/6297-pro-zatverdzhennia-perelikiv-ob-iektiv-spilnoi-vlasnosti-terytori
A36: Q35 | B36: Чи публікується на веб-сайті обласної ради перелік об’єктів нерухомого майна спільної власності територіальних громад сіл, селищ, міст області? | C36: ні | E36: так | F36: http://volynrada.gov.ua/communal/perelik-maina-spilnoyi-vlasnosti-teritorialnikh-gromad-sil-selishch-mist-oblasti-shcho-pere http://volynrada.gov.ua/communal/perelik-gosprozrakhunkovikh-pidpriyemstv-pidporyadkovanikh-vikonavchomu-aparatu-oblasnoyi-r; http://volynrada.gov.ua/communal/perelik-byudzhetnikh-ustanov-yaki-pidporyadkovani-vikonavchomu-aparatu-oblasnoyi-radi-ta-na; http://volynrada.gov.ua/communal/perelik-aktsii-payiv-chastok-shcho-ye-spilnoyu-vlasnistyu-teritorialnikh-gromad-sil-selishc; http://volynrada.gov.ua/communal/perelik-maina-spilnoyi-vlasnosti-teritorialnikh-gromad-sil-selishch-mist-oblasti-shcho-pere; http://volynrada.gov.ua/communal/list | G36: ні | I36: так | J36: https://zt.gov.ua/index.php/upravlinnya-majnom/robocha-grupa-z-pitan-vikoristannya-majna/%D0%BD%D0%B5%D1%80%D1%83%D1%85%D0%BE%D0%BC%D0%B5-%D0%BC%D0%B0%D0%B9%D0%BD%D0%BE,-%D0%B2%D0%BA%D0%BB%D1%8E%D1%87%D0%B5%D0%BD%D0%B5-%D0%B4%D0%BE-%D0%BF%D0%B5%D1%80%D0%B5%D0%BB%D1%96%D0%BA%D1%83-%D0%BF%D0%B5%D1%80%D1%88%D0%BE%D0%B3%D0%BE-%D1%82%D0%B8%D0%BF%D1%83.html | K36: ні | L36: http://usvth.uz.ua/obiekty-svth/obiekty-nerukhomoho-maina.html | M36: так | N36: Перелік вільного майна http://zor.gov.ua/node/19 https://zor.gov.ua/content/perelik-naboriv-danyh-shcho-pidlyagayut-oprylyudnennyu-u-formi-vidkrytyh-danyh (п.3) | O36: так | P36: http://www.orada.if.ua/документи/документи-управління-обєктами/переліки-майна/ | Q36: так | R36: https://kor.gov.ua/kyivska_oblast/pidporiadkovani_pidpryiemstva/komunalni_pidpryiemstva.html | S36: так | T36: https://oblrada.kr.ua/informatsijna-baza | U36: так | V36: https://lvivoblrada.gov.ua/activity/maino-spilnoji-vlasnosti/maino-spilnoji-vlasnosti-1 | W36: так | X36: http://mayno.mk.gov.ua/uk | Y36: так | Z36: http://property.odessa.gov.ua/perelik-obyektiv/ | AA36: так | AB36: http://oblrada-pl.gov.ua/index.php?option=com_content&view=article&id=875&Itemid=139 https://data.gov.ua/organization/upravlinnia-mainom-poltavskoyi-oblasnoyi-rady | AC36: так | AD36: Так. У розділі «Комунальна власність» - «Перелік об’єктів спільної власності територіальних громад області» https://ror.gov.ua/perelik-obyektiv-spilnoyi-vlasnosti-teritorialnih-gromad-obl | AE36: так | AF36: https://sorada.gov.ua/upr-mayno/3681-perelik-objektiv-neruhomosti-spilnoji-vlasnosti-terytorialnyh-gromad-sil-selyshch-mist-sumskoji-oblasti.html | AG36: так | AH36: https://drive.google.com/drive/folders/1vjBO9n-Fa9w_XQ3rezoJ0sN-aUttzDPr | AI36: так | AJ36: Не передбачено вимогами Розпорядження голови ХОР № 158 від 20.10.2020 «Про внесення змін до Переліку наборів даних, затвердженого розпорядженням голови обласної ради від 03 жовтня 2016 року № 217 (зі змінами)» | AK36: так | AL36: http://khor.gov.ua/orenda-auktsion/ | AM36: так | AN36: http://km-oblrada.gov.ua/vidkriti-dani/ | AO36: так | AP36: Додаток 2 до рішення обласної ради від 20.04.2018 № 22-14/VІІ https://www.oblradack.gov.ua/5374-xh-sesia-oblasnoii-radi-vi-sklikannia | AQ36: так | AR36: http://oblrada.cv.ua/activity/communal/ | AS36: так | AT36: Перелік об’єктів нерухомого майна спільної власності територіальних громад сіл, селищ, міст області розміщений за посиланням: https://ukm.chor.gov.ua/pro-upravlinnya-komunalnogo-majna/ob-ekti-komunalnoji-vlasnosti/item/71-perelik-ob-iektiv-nerukhomoho-maina-spilnoi-vlasnosti-terytorialn
